Workbook
Name _Toc476813132: Questionnaire!$FM$1
Name dd: [1]Scoring!$D$75:$D$84
Name Q2.1: Scoring!$D$5:$D$6
Name Q2.10: Scoring!$D$57:$D$58
Name Q2.11: Scoring!#REF!
Name Q2.12: Scoring!$D$63:$D$64
Name Q2.13: Scoring!$D$65:$D$66
Name Q2.14: Scoring!$D$68:$D$71
Name Q2.15.1: Scoring!$D$72:$D$74
Name Q2.15.2: Scoring!$D$75:$D$78
Name Q2.17: Scoring!$D$85:$D$87
Name Q2.18: Scoring!#REF!
Name Q2.19: Scoring!$D$100:$D$102
Name Q2.2.1: Scoring!$D$7:$D$8
Name Q2.2.2: Scoring!$D$9:$D$10
Name Q2.2.3: Scoring!$D$12:$D$13
Name Q2.3.1: Scoring!$D$14:$D$15
Name Q2.3.2: Scoring!$D$16:$D$17
Name Q2.4: Scoring!$D$19:$D$21
Name Q2.5: Scoring!$D$28:$D$33
Name Q2.6.1: Scoring!$D$35:$D$37
Name Q2.6.2: Scoring!$D$38:$D$39
Name Q2.7: Scoring!$D$40:$D$42
Name Q2.8: Scoring!$D$46:$D$47
Name Q3.1: Scoring!$D$108:$D$117
Name Q3.12: Scoring!$D$151:$D$152
Name Q3.13: Scoring!$D$153:$D$154
Name Q3.14: Scoring!$D$157:$D$158
Name Q3.15: Scoring!$D$166:$D$167
Name Q3.2: Scoring!$D$118:$D$119
Name Q3.3.1: Scoring!$D$120:$D$124
Name Q4.1: Scoring!$D$171:$D$172
Name Q4.2: Scoring!$D$173:$D$176
Name Q4.3: Scoring!$D$177:$D$180
Name Q4.4: Scoring!$D$183:$D$186
Name Q4.5: Scoring!$D$187:$D$190
Name Q4.6: Scoring!$D$193:$D$195
Name Q4.7: Scoring!$D$196:$D$198
Name Q4.8: Scoring!$D$199:$D$201
Name Q4.9: Scoring!$D$202:$D$205
Name Q7.1: Scoring!$D$219:$D$220
Name Q7.10: Scoring!$D$253:$D$254
Name Q7.11: Scoring!$D$257:$D$258
Name Q7.12: Scoring!$D$259:$D$260
Name Q7.13: Scoring!$D$261:$D$262
Name Q7.2: Scoring!$D$221:$D$222
Name Q7.3: Scoring!$D$223:$D$224
Name Q7.4: Scoring!$D$225:$D$226
Name Q7.5: Scoring!$D$237:$D$238
Name Q7.6: Scoring!$D$240:$D$246
Name Q7.7: Scoring!$D$247:$D$248
Name Q7.8: Scoring!$D$249:$D$250
Name Q7.9: Scoring!$D$251:$D$252

Sheet Scoring
C1: # indicators | D1: Answer | E1: Scoring | G1: Additional scoring 2016 | J1: Additional scoring 2017
B2: Overall scoring | C2: =SUM(C3,C107,C169,C207,C211,C217,C264,C280) -> 89 | E2: =SUM(E3,E107,E169,E207,E211,E217,E264,E280) -> 1250 | G2: =SUM(G3,G107,G169,G207,G211,G217,G264,G280) -> 90 | K2: =SUM(K3,K107,K169,K207,K211,K217,K264,K280) -> 160
B3: 2.2 Presence of (Open) Data policy | C3: =SUM(C4,C62,C84) -> 28 | E3: =E4+E62+E84 -> 500 | G3: =SUM(G4,G62,G84) -> 30 | K3: =SUM(K4,K62,K84) -> 90
B4: 2.2.1 (Open) Data Policy | C4: 17 | E4: =SUM(E5,E7,E9,E12,E14,E16,E19,E22,E28,E35,E38,E40,E43,E46,E50,E52,E57) -> 300 | G4: =SUM(G5,G7,G9,G12,G14,G16,G19,G22,G28,G35,G38,G40,G43,G46,G50,G52,G57-E50,G59) -> 30 | K4: =SUM(K5,K7,K9,K12,K14,K16,K19,K23,K28-E28,K35,K38,K40,K43,K46,K50,K52,K57-G59-E19-E9) -> 70
A5: 1 | B5: Q2.1 Is there an (Open) Data policy in your country? | D5: Yes | E5: 20
D6: No | E6: 0
A7: 2 | B7: Q2.2.1 Are there policies supporting the re-use of Public Sector Information (within public administration, by the private sector)? | D7: Yes | E7: 20
D8: No | E8: 0
A9: 3 | B9: Q2.2.2 Is your Open Data Policy the same as your Public Sector Information Policy? | D9: Yes | E9: 10 | J9: More ambitious | K9: 10
D10: No | E10: 0 | J10: Same | K10: 5
J11: No policy | K11: 0
A12: 4 | B12: Q2.2.3 Was the (Open) Data policy in your country updated since April 2016? | D12: Yes | G12: 10
D13: No | G13: 0
A14: 5 | B14: Q2.3.1 Is there a national (Open) Data portal in your country? | D14: Yes | E14: 30
D15: No | E15: 0
A16: 6 | B16: Q2.3.2 Are there also regional, local portals? | D16: Yes | E16: 20
D17: No | E17: 0
D18: N/A | E18: 20
A19: 7 | B19: Q2.4 Can all the different Public Sector Data Holders (ministries, departments, etc) upload data themselves to the portal? | D19: Yes | E19: 20 | J19: Yes | K19: 20
D20: No | E20: 0 | J20: In between | K20: 10
D21: Not applicable | E21: 0 | J21: No | K21: 0
A22: 8 | B22: Q2.5 To what extent is the data uploaded automatically? | D22: 1 | K22: 40
D23: 90-99% | K23: 50
D24: 75-89% | K24: 30
D25: 50-74% | K25: 20
D26: 25-49% | K26: 10
D27: <25% | K27: 0
A28: 9 | B28: Q2.6 What is the frequency in collecting the data from the relevant public sector data holders? | D28: Daily | E28: 50 | J28: Daily | K28: 50
D29: Weekly | E29: 30 | J29: Weekly | K29: 30
D30: Monthly | E30: 15 | J30: Monthly | K30: 15
D31: Less frequently | E31: 0 | J31: Less frequently | K31: 0
D32: Not standardized | E32: 0 | J32: Not standardized | K32: 0
D33: Not applicable | E33: 0 | J33: Not applicable | K33: 0
J34: All of the above | K34: 50
A35: 10 | B35: Q2.7.1 Is there a pre-defined approach to ensure the datasets are up-to-date? | D35: Yes | E35: 20
D36: No | E36: 0
D37: Not applicable | E37: 0
A38: 11 | B38: Q2.7.2 Has your approach on how to open data changed since mid 2016? | D38: Yes | G38: 10
D39: No | G39: 0
A40: 12 | B40: Q2.8 Are there priority domains for the release of data? | D40: Yes | E40: 10
D41: No | E41: 0
D42: Not applicable | E42: 0
A43: 13 | B43: Q2.9 Are these priority domains the same as the ones identified previously? | D43: Yes | K43: 10
D44: No | K44: 0
D45: Not applicable | K45: 0
A46: 14 | B46: Q2.10 Is Open Data used in decision making (i.e. are public administrations making use of the data as evidence to be included in evidence based policy making)? | D46: Yes | E46: 20
D47: No | E47: 0
A48: 15 | B48: Q2.11 Have there been national or regional events (e.g. hackathon, events) held annually to promote Open Data and PSI re-use (organized by whichever organization or group)? | D48: Yes, less than 4 | E48: 20 | F48: Yes, less than 3 | G48: 20 | H48: Yes, less than 2 | I48: 20
D49: Yes, between 4 - 8 | E49: 30 | F49: Yes, between 3 - 5 | G49: 30 | H49: Yes, between 2 - 3 | I49: 30
D50: Yes, more than 8 | E50: 50 | F50: Yes, more than 5 | G50: 50 | H50: Yes, more than 3 | I50: 50
D51: No | E51: 0 | F51: No | G51: 0 | H51: No | I51: 0
A52: 16 | B52: Q2.12 Who organises most events? (rank the 4 options with 1 being the most, 4 being the least) | D52: National public administrations | K52: 20
D53: Local administrations | K53: 15
D54: Civil society/not for profit/universities | K54: 10
D55: Private sector | K55: 5
D56: I don't know/No | K56: 0
A57: 17 | B57: Q2.13 Is there a national strategy in terms of Open Data for the next five years? | D57: Yes | E57: 30
D58: No | E58: 0
B59: Q2 Is the revised PSI Directive transposed? | D59: Yes | G59: 10 | K59: n/a
D60: No | G60: 0 | K60: n/a
B62: 2.2.2 Extent of Coordination at National Level | C62: 7 | E62: =SUM(E80,E63,E65,E70,E72,E78,E82) -> 130 | G62: =SUM(G80,G63,G65,G70,G72,G78,G82) -> 0 | K62: =SUM(K80,K63,K65,K70,K72,K78,K82) -> 10
A63: 18 | B63: Q2.14 Do you have national guidelines on the publication of Public Sector Information? | D63: Yes | E63: 20
D64: No | E64: 0
A65: 19 | B65: Q2.15 Do cities or regional governments run their own Open Data initiatives (e.g. dedicated data policies, portals, etc.)? | D65: Yes | E65: 10
D66: No | E66: 0
D67: Not applicable | E67: 10
A68: 20 | B68: Q2.16 Would you describe the number of city/regional Open Data initiatives in your country as very few / some / many initiatives? | D68: Very few | E68: 0
D69: Some | E69: 10
D70: Many | E70: 40
D71: Not applicable | E71: 40
A72: 21 | B72: Q2.17.1 Are city/regional portals and datasets integrated into the national Open Data portal? | D72: Yes | E72: 30
D73: No | E73: 0
D74: Not applicable | E74: 30
A75: 22 | B75: Q2.17.2 If yes, how many portals are integrated? | D75: Few | E75: 0
D76: Some | E76: 10
D77: Many | E77: 20
D78: All | E78: 30
D79: Not applicable | E79: 30
A80: 23 | B80: Q2.18 Are all your data initiatives coordinated at the national level? | D80: Yes | K80: 10
D81: No | K81: 0
A82: 24 | B82: Q2.19. Is there a possibility for private companies and NGOs to share their datasets on the national portal? | D82: n/a | K82: n/a
B84: 2.2.3 Licensing Norms | C84: 4 | E84: =SUM(E85,E92,E100,E103) -> 70 | K84: =SUM(K85,K92,K100,K103-E92-E85) -> 10
A85: 25 | B85: Q2.20 Is all data available on the portal free of charge? | D85: Yes | E85: 30 | J85: 1 | K85: 30
D86: No | E86: 0 | J86: 90-99% | K86: 25
D87: Not applicable | E87: 0 | J87: 75-89% | K87: 20
J88: 50-74% | K88: 15
J89: 25-49% | K89: 10
J90: <25% | K90: 5
J91: N/a | K91: 0
A92: 26 | B92: Q2.21 What proportion of the data available on the portal is open licensed (i.e. open licence included in the metadata?) | D92: Yes | E92: 25 | J92: 1 | K92: 25
D93: No | E93: 0 | J93: 90-99% | K93: 20
D94: N/a | E94: 0 | J94: 75-89% | K94: 15
J95: 50-74% | K95: 10
J96: 25-49% | K96: 5
J97: <25% | K97: 0
J98: No response | K98: 0
J99: N/a | K99: 0
A100: 27 | B100: Q2.22 Is there a national data policy that provides or stimulates the use of a standard licence (or suite of licences, for example Creative Commons licences)? | D100: Yes | E100: 15
D101: No | E101: 0
D102: Not applicable | E102: 0
...

Sheet Questionnaire
A1: 2.1 Background information | F1: Open Data Policy | AL1: Extent of Coordination at National Level | AZ1: Licensing Norms | BG1: 2.2 | BH1: 2.3 Use of Open Data | CK1: 2.3 | CL1: Political Impact | CS1: Social Impact | CX1: Economic Impact | DG1: 2.4 | DH1: Readiness | DI1: Portal features | EL1: Portal Maturity | EM1: Overall score | EN1: Extra | FL1: Extra 2017 | FM1: Extra - voluntary
F2: 2.1 | H2: 2.2 | O2: 2.3 | T2: 2.4 | V2: 2.6 | X2: 2.7 | AC2: 2.8 | AE2: 2.10 | AG2: 2.11 | AI2: 2.13 | AL2: 2.14 | AN2: 2.15 | AP2: 2.16 | AR2: 2.17 | AW2: 2.19 | AZ2: 2.20 | BB2: 2.21 | BD2: 2.22 | BH2: 3.1 | BJ2: 3.2 | BL2: 3.3 | BS2: 3.5 | BX2: 3.7 | CL2: 4.1 | CN2: 4.2 | CP2: 4.3 | CS2: 4.4 | CU2: 4.5 | CX2: 4.6 | CZ2: 4.7 | DB2: 4.8 | DD2: 4.9 | DI2: Usability of the portal | DR2: Re-usability of the data | EE2: Spread of data across domains | EN2: Additional questions 2017 | FM2: Pilot indicators - the DCAT-AP
A3: Country | B3: Organisation | C3: Name | D3: Position | E3: E-mail | F3: Open Data Policy | G3: Score 2.1 | H3: Policies support re-use | I3: Score 2.2a | J3: Open Data policy same as PSI | K3: Score 2.2b | L3: Update policy | M3: Score Q2.2c | N3: Score 2.2 | O3: National Open Data Portal | P3: Score 2.3a | Q3: Regional Portals | R3: Score 2.3b | S3: Score 2.3 | T3: Data Holders Upload themselves | U3: Score 2.4 | V3: Frequency data collection | W3: Score 2.6 | X3: Approach ensure up-to-date | Y3: Score 2.7a | Z3: Change approach | AA3: Score 2.7b | AB3: Score 2.7 | AC3: Priority domains | AD3: Score 2.8 | AE3: Open Data used in decision making | AF3: Score 2.10 | AG3: Event held annually | AH3: Score 2.11 | AI3: National 5 year strategy | AJ3: Score 2.13 | AK3: Overall score Policy | AL3: National publication guidelines | AM3: Score 2.14 | AN3: Regional gov have own initiatives | AO3: Score 2.15 | AP3: Number of initiatives | AQ3: Score 2.16 | AR3: Regional integrated in national portal | AS3: Score 2.17a | AT3: Number integrated | AU3: Score 2.17b | AV3: Score 2.17 | AW3: Private and NGOs | AX3: Score 2.19 | AY3: Overall score Extent | AZ3: Free of charge | BA3: Score 2.20 | BB3: Open licensed | BC3: Score 2.21 | BD3: National provided licence | BE3: Score 2.22 | BF3: Overall score Norms | BG3: Overall score presence | BH3: Visitors | BI3: Score 3.1 | BJ3: Specific API | BK3: Score 3.2 | BL3: Typical profile | BM3: Score 3.3a | BN3: Percentage foreign | BO3: Score 3.3b | BP3: Percentage API | BQ3: Score 3.3c | BR3: Score 3.3 | BS3: Top five domains 1 | BT3: Top five domains 2 | BU3: Top five domains 3 | BV3: Top five domains 4 | BW3: Top five domains 5 | BX3: Least consulted 1 | BY3: Least consulted 2 | BZ3: Least consulted 3 | CA3: Least consulted 4 | CB3: Least consulted 5 | CC3: change re-use | CD3: Score Q3.12 | CE3: Support re-use | CF3: Score Q3.13 | CG3: Communication | CH3: Score Q3.14 | CI3: Start measure | CJ3: Score Q3.17 | CK3: Overall score Use | CL3: Monitor since 2015 | CM3: Score 4.1 | CN3: Impact efficiency | CO3: Score 4.2 | CP3: Impact transparency | CQ3: Score 4.3 | CR3: Overall score political | CS3: Impact sustainability | CT3: Score 4.4 | CU3: Impact inclusion groups | CV3: Score 4.5 | CW3: Overall score social | CX3: Market value assessed | CY3: Score 4.6 | CZ3: Better service assessed | DA3: Score 4.7 | DB3: Additional studies | DC3: Score 4.8 | DD3: Funding model | DE3: Score 4.9 | DF3: Overall score economic | DG3: Overall score impact | DH3: Overall score Readiness | DI3: Feedback mechanism | DJ3: Score 7.1 | DK3: Contribute | DL3: Score 7.2 | DM3: Download | DN3: Score 7.3 | DO3: Access | DP3: Score 7.4 | DQ3: Overall score usability | DR3: Bulk download | DS3: Score 7.7 | DT3: Machine readable | DU3: Score 7.8 | DV3: Search file format | DW3: Score 7.9 | DX3: Request datasets | DY3: Score 7.10 | DZ3: News section | EA3: Score 7.11 | EB3: Examples re-use | EC3: Score 7.12 | ED3: Overall score re-usability | EE3: Search domain | EF3: Score Q7.13 | EG3: Distinguish | EH3: Score Q7.14 | EI3: >5 data publishers | EJ3: Score Q7.15 | EK3: Overall score spread | EL3: Overall score Portal | EN3: Automatic upload | EO3: Score Q2.5 | EP3: Domains same as 2016 | EQ3: Score 2.9 | ER3: Who organises | ES3: Score Q2.12 | ET3: All initatives national | EU3: Score Q2.18 | EV3: CC recommended | EW3: Score Q2.23 | EX3: Re-use own gov't data | EY3: Score Q3.15 | EZ3: Re-use important | FA3: Score Q3.16 | FB3: Future re-use | FC3: Score Q3.18 | FD3: Newsletter | FE3: Score Q7.5 | FF3: Automated messages | FG3: Score Q7.6 | FH3: Updated national portal | FI3: Score Q7.16 | FJ3: Plan update national portal | FK3: Score Q7.17 | FL3: Overall score extra | FM3: Aware of it | FN3: Score Q8.1 | FO3: Plan using it | FP3: Score Q8.2 | FQ3: Already using it | FR3: Score Q8.3 | FS3: Benefits | FT3: Score Q8.4 | FU3: Barriers | FV3: Score Q8.5
G4: 20 | I4: 20 | K4: 10 | M4: 10 | N4: =SUM(M4,K4,I4) -> 40 | P4: 30 | R4: 20 | S4: =SUM(R4,P4) -> 50 | U4: 20 | W4: 50 | Y4: 20 | AA4: 10 | AB4: =SUM(AA4,Y4) -> 30 | AD4: 10 | AF4: 20 | AH4: 50 | AJ4: 30 | AK4: =SUM(AJ4,AH4,AF4,AD4,AB4,W4,U4,S4,N4,G4,EO4,EQ4,ES4) -> 400 | AM4: 20 | AO4: 10 | AQ4: 40 | AS4: 30 | AU4: 30 | AV4: 60 | AX4: 0 | AY4: =SUM(AX4,AV4,AQ4,AO4,AM4,EU4) -> 140 | BA4: 30 | BC4: 25 | BE4: 15 | BF4: =SUM(BE4,BC4,BA4,EW4) -> 80 | BG4: =AK4+AY4+BF4 -> 620 | BI4: 80 | BK4: 40 | BM4: 25 | BO4: 30 | BQ4: 20 | BR4: =SUM(BQ4,BO4,BM4) -> 75 | CD4: 20 | CF4: 20 | CH4: 10 | CJ4: 20 | CK4: =SUM(CJ4,CH4,CF4,CD4,BR4,BK4,BI4,EY4,FA4,FC4) -> 300 | CM4: 30 | CO4: 40 | CQ4: 50 | CR4: =SUM(CM4,CO4,CQ4) -> 120 | CT4: 30 | CV4: 30 | CW4: =SUM(CT4,CV4) -> 60 | CY4: 40 | DA4: 30 | DC4: 20 | DE4: 30 | DF4: =SUM(CY4,DA4,DC4,DE4) -> 120 | DG4: =CR4+CW4+DF4 -> 300 | DH4: =DG4+CK4+BG4 -> 1220 | DJ4: 20 | DL4: 20 | DN4: 10 | DP4: 10 | DQ4: =SUM($DP4,$DN4,$DL4,$DJ4,$FE4,$FG4,$FI4,$FK4) -> 90 | DS4: 20 | DU4: 60 | DW4: 20 | DY4: 20 | EA4: 10 | EC4: 10 | ED4: =SUM(EC4,EA4,DY4,DW4,DU4,DS4) -> 140 | EF4: 20 | EH4: 15 | EJ4: 15 | EK4: =SUM(EJ4,EH4,EF4) -> 50 | EL4: =EK4+ED4+DQ4 -> 280 | EM4: =SUM(EL4,DH4) -> 1500 | EO4: 50 | EQ4: 10 | ES4: 20 | EU4: 10 | EW4: 10 | EY4: 15 | FA4: 10 | FC4: 10 | FE4: 10 | FG4: 10 | FI4: 5 | FK4: 5 | FL4: =SUM(EO4,EQ4,ES4,EU4,EW4,EY4,FA4,FC4,FE4,FI4,FK4,FG4) -> 165 | FN4: 0 | FP4: 0 | FR4: 10 | FT4: 0 | FV4: 0
A5: Austria | B5: Federal Chancellery of Austria | C5: Gregor Eibl/Daniel Medimorec | D5: Open Government Data Expert | E5: gregor.eibl@bka.gv.at/ daniel.medimorec@bka.gv.at | F5: Yes | G5: =IF($F5=Scoring!$D$5,Scoring!$E$5,IF($F5=Scoring!$D$6,Scoring!$E$6,"")) -> 20 | H5: Yes | I5: =IF($H5=Scoring!$D$7,Scoring!$E$7,IF($H5=Scoring!$D$8,Scoring!$E$8,"")) -> 20 | J5: More ambitious | K5: =IF($J5=Scoring!$J$9,Scoring!$K$9,IF($J5=Scoring!$J$10,Scoring!$K$10,IF($J5=Scoring!$J$11,Scoring!$K$11,""))) -> 10 | L5: Yes | M5: =IF($L5=Scoring!$D$12,Scoring!$G$12,IF($L5=Scoring!$D$13,Scoring!$G$13,"")) -> 10 | N5: =SUM(M5,K5,I5) -> 40 | O5: Yes | P5: =IF($O5=Scoring!$D$14,Scoring!$E$14,IF($O5=Scoring!$D$15,Scoring!$E$15,"")) -> 30 | Q5: Yes | R5: =IF($Q5=Scoring!$D$16,Scoring!$E$16,IF($Q5=Scoring!$D$17,Scoring!$E$17,IF($Q5=Scoring!$D$18,Scoring!$E$18,""))) -> 20 | S5: =SUM(R5,P5) -> 50 | T5: Yes | U5: =IF($T5=Scoring!$J$19,Scoring!$K$19,IF($T5=Scoring!$J$20,Scoring!$K$20,IF($T5=Scoring!$J$21,Scoring!$K$21,""))) -> 20 | V5: Daily | W5: =IF($V5=Scoring!$J$28,Scoring!$K$28,IF($V5=Scoring!$J$29,Scoring!$K$29,IF($V5=Scoring!$J$30,Scoring!$K$30,IF($V5=Scoring!$J$31,Scoring!$K$31,IF($V5=Scoring!$J$32,Scoring!$K$32,IF($V5=Scoring!$J$33,Scoring!$K$33,IF($V5=Scoring!$J$34,Scoring!$K$34,""))))))) -> 50 | X5: No | Y5: =IF($X5=Scoring!$D$35,Scoring!$E$35,IF($X5=Scoring!$D$36,Scoring!$E$36,IF($X5=Scoring!$D$37,Scoring!$E$37,""))) -> 0 | Z5: Yes | AA5: =IF($Z5=Scoring!$D$38,Scoring!$G$38,IF($Z5=Scoring!$D$39,Scoring!$G$39,"")) -> 10 | AB5: =SUM(AA5,Y5) -> 10 | AC5: No | AD5: =IF($AC5=Scoring!$D$40,Scoring!$E$40,IF($AC5=Scoring!$D$41,Scoring!$E$41,IF($AC5=Scoring!$D$42,Scoring!$E$42,""))) -> 0 | AE5: Yes | AF5: =IF($AE5=Scoring!$D$46,Scoring!$E$46,IF($AE5=Scoring!$D$47,Scoring!$E$47,"")) -> 20 | AG5: Yes, more than 3 | AH5: =IF($AG5=Scoring!$H$48,Scoring!$I$48,IF($AG5=Scoring!$H$49,Scoring!$I$49,IF($AG5=Scoring!$H$50,Scoring!$I$50,IF($AG5=Scoring!$H$51,Scoring!$I$51,"")))) -> 50 | AI5: Yes | AJ5: =IF($AI5=Scoring!$D$57,Scoring!$E$57,IF($AI5=Scoring!$D$58,Scoring!$E$58,"")) -> 30 | AK5: =SUM(AJ5,AH5,AF5,AD5,AB5,W5,U5,S5,N5,G5,EO5,EQ5,ES5) -> 315 | AL5: Yes | AM5: =IF($AL5=Scoring!$D$63,Scoring!$E$63,IF($AL5=Scoring!$D$64,Scoring!$E$64,"")) -> 20 | AN5: Yes | AO5: =IF($AN5=Scoring!$D$65,Scoring!$E$65,IF($AN5=Scoring!$D$66,Scoring!$E$66,IF($AN5=Scoring!$D$67,Scoring!$E$67,""))) -> 10 | AP5: Many | AQ5: =IF($AP5=Scoring!$D$68,Scoring!$E$68,IF($AP5=Scoring!$D$69,Scoring!$E$69,IF($AP5=Scoring!$D$70,Scoring!$E$70,IF($AP5=Scoring!$D$71,Scoring!$E$71,"")))) -> 40 | AR5: Yes | AS5: =IF($AR5=Scoring!$D$72,Scoring!$E$72,IF($AR5=Scoring!$D$73,Scoring!$E$73,IF($AR5=Scoring!$D$74,Scoring!$E$74,""))) -> 30 | AT5: All | AU5: =IF($AT5=Scoring!$D$75,Scoring!$E$75,IF($AT5=Scoring!$D$76,Scoring!$E$76,IF($AT5=Scoring!$D$77,Scoring!$E$77,IF($AT5=Scoring!$D$78,Scoring!$E$78,"")))) -> 30 | AV5: =SUM(AS5,AU5) -> 60 | AW5: n/a | AX5: =IF($AW5=Scoring!$D$82,Scoring!$K$82,"") -> n/a | AY5: =SUM(AX5,AV5,AQ5,AO5,AM5,EU5) -> 140 | AZ5: 1 | BA5: =IF($AZ5=Scoring!$J$85,Scoring!$K$85,IF($AZ5=Scoring!$J$86,Scoring!$K$86,IF($AZ5=Scoring!$J$87,Scoring!$K$87,IF($AZ5=Scoring!$J$88,Scoring!$K$88,IF($AZ5=Scoring!$J$89,Scoring!$K$89,IF($AZ5=Scoring!$J$89,Scoring!$K$89,IF($AZ5=Scoring!$J$89,Scoring!$K$89,""))))))) -> 30 | BB5: 1 | BC5: =IF($BB5=Scoring!$J$92,Scoring!$K$92,IF($BB5=Scoring!$J$93,Scoring!$K$93,IF($BB5=Scoring!$J$94,Scoring!$K$94,IF($BB5=Scoring!$J$95,Scoring!$K$95,IF($BB5=Scoring!$J$96,Scoring!$K$96,IF($BB5=Scoring!$J$97,Scoring!$K$97,IF($BB5=Scoring!$J$99,Scoring!$K$99,""))))))) -> 25 | BD5: Yes | BE5: =IF($BD5=Scoring!$D$100,Scoring!$E$100,IF($BD5=Scoring!$D$101,Scoring!$E$101,IF($BD5=Scoring!$D$102,Scoring!$E$102,""))) -> 15 | BF5: =SUM(BE5,BC5,BA5,EW5) -> 80 | BG5: =AK5+AY5+BF5 -> 535 | BH5: >0.05% of inhabitants | BI5: =IF($BH5=Scoring!$D$108,Scoring!$E$108,IF($BH5=Scoring!$D$109,Scoring!$E$109,IF($BH5=Scoring!$D$110,Scoring!$E$110,IF($BH5=Scoring!$D$111,Scoring!$E$111,IF($BH5=Scoring!$D$112,Scoring!$E$112,IF($BH5=Scoring!$D$113,Scoring!$E$113,IF($BH5=Scoring!$D$114,Scoring!$E$114,IF($BH5=Scoring!$D$115,Scoring!$E$115,IF($BH5=Scoring!$D$116,Scoring!$E$116,IF($BH5=Scoring!$D$117,Scoring!$E$117,"")))))))))) -> 80 | BJ5: Yes | BK5: =IF($BJ5=Scoring!$D$118,Scoring!$E$118,IF($BJ5=Scoring!$D$119,Scoring!$E$119,"")) -> 40 | BL5: I don't know | BM5: =IF($BL5=Scoring!$D$120,Scoring!$E$120,IF($BL5=Scoring!$D$121,Scoring!$E$121,IF($BL5=Scoring!$D$122,Scoring!$E$122,IF($BL5=Scoring!$D$123,Scoring!$E$123,IF($BL5=Scoring!$D$124,Scoring!$E$124,""))))) -> 0 | BN5: Foreign 30 - 44% | BO5: =IF($BN5=Scoring!$D$125,Scoring!$E$125,IF($BN5=Scoring!$D$126,Scoring!$E$126,IF($BN5=Scoring!$D$127,Scoring!$E$127,IF($BN5=Scoring!$D$128,Scoring!$E$128,IF($BN5=Scoring!$D$129,Scoring!$E$129,IF($BN5=Scoring!$D$130,Scoring!$E$130,IF($BN5=Scoring!$D$131,Scoring!$E$131,""))))))) -> 30 | BP5: API 71 - 85% | BQ5: =IF($BP5=Scoring!$J$133,Scoring!$K$133,IF($BP5=Scoring!$J$134,Scoring!$K$134,IF($BP5=Scoring!$J$135,Scoring!$K$135,IF($BP5=Scoring!$J$136,Scoring!$K$136,IF($BP5=Scoring!$J$137,Scoring!$K$137,IF($BP5=Scoring!$J$138,Scoring!$K$138,IF($BP5=Scoring!$J$139,Scoring!$K$139,IF($BP5=Scoring!$J$140,Scoring!$K$140,"")))))))) -> 5 | BR5: =SUM(BQ5,BO5,BM5) -> 35 | BS5: ? | CC5: No | CD5: =IF($CC5=Scoring!$D$151,Scoring!$G$151,IF($CC5=Scoring!$D$152,Scoring!$G$152,"")) -> 0 | CE5: Yes | CF5: =IF($CE5=Scoring!$D$153,Scoring!$K$153,IF($CE5=Scoring!$D$154,Scoring!$K$154,"")) -> 20 | CG5: Yes | CH5: =IF($CG5=Scoring!$D$155,Scoring!$G$155,IF($CG5=Scoring!$D$156,Scoring!$G$156,"")) -> 10 | CI5: Yes | CJ5: =IF($CI5=Scoring!$D$164,Scoring!$G$164,IF($CI5=Scoring!$D$165,Scoring!$G$165,"")) -> 20 | CK5: =SUM(CJ5,CH5,CF5,CD5,BR5,BK5,BI5,EY5,FA5,FC5) -> 240 | CL5: Yes | CM5: =IF($CL5=Scoring!$D$171,Scoring!$E$171,IF($CL5=Scoring!$D$172,Scoring!$E$172,"")) -> 30 | CN5: Medium | CO5: =IF($CN5=Scoring!$D$173,Scoring!$E$173,IF($CN5=Scoring!$D$174,Scoring!$E$174,IF($CN5=Scoring!$D$175,Scoring!$E$175,IF($CN5=Scoring!$D$176,Scoring!$E$176,"")))) -> 20 | CP5: Medium | CQ5: =IF($CP5=Scoring!$D$177,Scoring!$E$177,IF($CP5=Scoring!$D$178,Scoring!$E$178,IF($CP5=Scoring!$D$179,Scoring!$E$179,IF($CP5=Scoring!$D$180,Scoring!$E$180,"")))) -> 20 | CR5: =SUM(CM5,CO5,CQ5) -> 70 | CS5: Medium | CT5: =IF($CS5=Scoring!$D$183,Scoring!$E$183,IF($CS5=Scoring!$D$184,Scoring!$E$184,IF($CS5=Scoring!$D$185,Scoring!$E$185,IF($CS5=Scoring!$D$186,Scoring!$E$186,"")))) -> 15 | CU5: I don't know | CV5: =IF($CU5=Scoring!$D$183,Scoring!$E$183,IF($CU5=Scoring!$D$184,Scoring!$E$184,IF($CU5=Scoring!$D$185,Scoring!$E$185,IF($CU5=Scoring!$D$186,Scoring!$E$186,"")))) -> 0 | CW5: =SUM(CT5,CV5) -> 15 | CX5: No | CY5: =IF($CX5=Scoring!$D$193,Scoring!$E$193,IF($CX5=Scoring!$D$194,Scoring!$E$194,IF($CX5=Scoring!$D$195,Scoring!$E$195,""))) -> 0 | CZ5: I don't know | DA5: =IF($CZ5=Scoring!$D$196,Scoring!$E$196,IF($CZ5=Scoring!$D$197,Scoring!$E$197,IF($CZ5=Scoring!$D$198,Scoring!$E$198,""))) -> 0 | DB5: Yes | DC5: =IF($DB5=Scoring!$D$199,Scoring!$E$199,IF($DB5=Scoring!$D$200,Scoring!$E$200,IF($DB5=Scoring!$D$201,Scoring!$E$201,""))) -> 20 | DD5: Marginal (Zero) Cost Model | DE5: =IF($DD5=Scoring!$D$202,Scoring!$E$202,IF($DD5=Scoring!$D$203,Scoring!$E$203,IF($DD5=Scoring!$D$204,Scoring!$E$204,IF($DD5=Scoring!$D$205,Scoring!$E$205,"")))) -> 30 | DF5: =SUM(CY5,DA5,DC5,DE5) -> 50 | DG5: =CR5+CW5+DF5 -> 135 | DH5: =DG5+CK5+BG5 -> 910 | DI5: Yes | DJ5: =IF($DI5=Scoring!$D$219,Scoring!$E$219,IF($DI5=Scoring!$D$220,Scoring!$E$220,"")) -> 20 | DK5: No | DL5: =IF($DK5=Scoring!$D$221,Scoring!$E$221,IF($DK5=Scoring!$D$222,Scoring!$E$222,"")) -> 0 | DM5: Yes | DN5: =IF($DM5=Scoring!$D$223,Scoring!$E$223,IF($DM5=Scoring!$D$224,Scoring!$E$224,"")) -> 10 | DO5: Yes | DP5: =IF($DO5=Scoring!$D$225,Scoring!$E$225,IF($DO5=Scoring!$D$226,Scoring!$E$226,"")) -> 10 | DQ5: =SUM($DP5,$DN5,$DL5,$DJ5,$FE5,$FG5,$FI5,$FK5) -> 70 | DR5: Yes | DS5: =IF($DR5=Scoring!$D$237,Scoring!$E$237,IF($DR5=Scoring!$D$238,Scoring!$E$238,"")) -> 20 | DT5: ≥ 90% | DU5: =IF($DT5=Scoring!$D$240,Scoring!$E$240,IF($DT5=Scoring!$D$241,Scoring!$E$241,IF($DT5=Scoring!$D$242,Scoring!$E$242,IF($DT5=Scoring!$D$243,Scoring!$E$243,IF($DT5=Scoring!$D$244,Scoring!$E$244,IF($DT5=Scoring!$D$245,Scoring!$E$245,IF($DT5=Scoring!$D$246,Scoring!$E$246,""))))))) -> 60 | DV5: Yes | DW5: =IF($DV5=Scoring!$D$247,Scoring!$E$247,IF($DV5=Scoring!$D$248,Scoring!$E$248,"")) -> 20 | DX5: No | DY5: =IF($DX5=Scoring!$D$249,Scoring!$E$249,IF($DX5=Scoring!$D$250,Scoring!$E$250,"")) -> 0 | DZ5: Yes | EA5: =IF($DZ5=Scoring!$D$251,Scoring!$E$251,IF($DZ5=Scoring!$D$252,Scoring!$E$252,"")) -> 10 | EB5: Yes | EC5: =IF($EB5=Scoring!$D$253,Scoring!$E$253,IF($EB5=Scoring!$D$254,Scoring!$E$254,"")) -> 10 | ED5: =SUM(EC5,EA5,DY5,DW5,DU5,DS5) -> 120 | EE5: Yes | EF5: =IF($EE5=Scoring!$D$257,Scoring!$E$257,IF($EE5=Scoring!$D$258,Scoring!$E$258,"")) -> 20 | EG5: Yes | EH5: =IF($EG5=Scoring!$D$259,Scoring!$E$259,IF($EG5=Scoring!$D$260,Scoring!$E$260,"")) -> 15 | EI5: Yes | EJ5: =IF($EI5=Scoring!$D$261,Scoring!$E$261,IF($EI5=Scoring!$D$262,Scoring!$E$262,"")) -> 15 | EK5: =SUM(EJ5,EH5,EF5) -> 50 | EL5: =EK5+ED5+DQ5 -> 240 | EM5: =SUM(EL5,DH5) -> 1150 | EN5: 25-49% | EO5: =IF($EN5=Scoring!$D$22,Scoring!$K$22,IF($EN5=Scoring!$D$23,Scoring!$K$23,IF($EN5=Scoring!$D$24,Scoring!$K$24,IF($EN5=Scoring!$D$25,Scoring!$K$25,IF($EN5=Scoring!$D$26,Scoring!$K$26,IF($EN5=Scoring!$D$27,Scoring!$K$27,"")))))) -> 10 | EP5: Not applicable | EQ5: =IF($EP5=Scoring!$D$43,Scoring!$K$43,IF($EP5=Scoring!$D$44,Scoring!$K$44,IF($EP5=Scoring!$D$45,Scoring!$K$45,""))) -> 0 | ER5: Local administrations | ES5: =IF($ER5=Scoring!$D$52,Scoring!$K$52,IF($ER5=Scoring!$D$53,Scoring!$K$53,IF($ER5=Scoring!$D$54,Scoring!$K$54,IF($ER5=Scoring!$D$55,Scoring!$K$55,IF($ER5=Scoring!$D$56,Scoring!$K$56,""))))) -> 15 | ET5: Yes | EU5: =IF($ET5=Scoring!$D$80,Scoring!$K$80,IF($ET5=Scoring!$D$81,Scoring!$K$81,"")) -> 10 | EV5: Yes | EW5: =IF($EV5=Scoring!$D$103,Scoring!$K$103,IF($EV5=Scoring!$D$104,Scoring!$K$104,IF($EV5=Scoring!$D$105,Scoring!$K$105,""))) -> 10 | EX5: Yes | EY5: =IF($EX5=Scoring!$D$157,Scoring!$K$157,IF($EX5=Scoring!$D$158,Scoring!$K$158,"")) -> 15 | EZ5: Yes, very much | FA5: =IF($EZ5=Scoring!$J$160,Scoring!$K$160,IF($EZ5=Scoring!$J$161,Scoring!$K$161,IF($EZ5=Scoring!$J$162,Scoring!$K$162,IF($EZ5=Scoring!$J$163,Scoring!$K$163,"")))) -> 10 | FB5: Yes | FC5: =IF($FB5=Scoring!$D$166,Scoring!$K$166,IF($FB5=Scoring!$D$167,Scoring!$K$167,"")) -> 10 | FD5: Yes | FE5: =IF($FD5=Scoring!$D$227,Scoring!$K$227,IF($FD5=Scoring!$D$228,Scoring!$K$228,"")) -> 10 | FF5: Yes | FG5: =IF($FF5=Scoring!$D$229,Scoring!$K$229,IF($FF5=Scoring!$D$230,Scoring!$K$230,"")) -> 10 | FH5: Yes | FI5: =IF($FH5=Scoring!$D$231,Scoring!$K$231,IF($FH5=Scoring!$D$232,Scoring!$K$232,"")) -> 5 | FJ5: Yes | FK5: =IF($FJ5=Scoring!$D$233,Scoring!$K$233,IF($FJ5=Scoring!$D$234,Scoring!$K$234,"")) -> 5 | FL5: =SUM(EO5,EQ5,ES5,EU5,EW5,EY5,FA5,FC5,FE5,FI5,FK5) -> 100 | FM5: Yes, very well | FO5: Yes, as it is | FQ5: Yes, as it is | FR5: 10 | FS5: Answer | FU5: Answer
A6: Belgium | B6: Open data taskforce (FOD BOSA DG DT and DAV) | C6: Bart Hanssens | D6: Interoperability Expert | E6: opendata@belgium.be | F6: Yes | G6: =IF($F6=Scoring!$D$5,Scoring!$E$5,IF($F6=Scoring!$D$6,Scoring!$E$6,"")) -> 20 | H6: Yes | I6: =IF($H6=Scoring!$D$7,Scoring!$E$7,IF($H6=Scoring!$D$8,Scoring!$E$8,"")) -> 20 | J6: More ambitious | K6: =IF($J6=Scoring!$J$9,Scoring!$K$9,IF($J6=Scoring!$J$10,Scoring!$K$10,IF($J6=Scoring!$J$11,Scoring!$K$11,""))) -> 10 | L6: No | M6: =IF($L6=Scoring!$D$12,Scoring!$G$12,IF($L6=Scoring!$D$13,Scoring!$G$13,"")) -> 0 | N6: =SUM(M6,K6,I6) -> 30 | O6: Yes | P6: =IF($O6=Scoring!$D$14,Scoring!$E$14,IF($O6=Scoring!$D$15,Scoring!$E$15,"")) -> 30 | Q6: Yes | R6: =IF($Q6=Scoring!$D$16,Scoring!$E$16,IF($Q6=Scoring!$D$17,Scoring!$E$17,IF($Q6=Scoring!$D$18,Scoring!$E$18,""))) -> 20 | S6: =SUM(R6,P6) -> 50 | T6: In between | U6: =IF($T6=Scoring!$J$19,Scoring!$K$19,IF($T6=Scoring!$J$20,Scoring!$K$20,IF($T6=Scoring!$J$21,Scoring!$K$21,""))) -> 10 | V6: Weekly | W6: =IF($V6=Scoring!$J$28,Scoring!$K$28,IF($V6=Scoring!$J$29,Scoring!$K$29,IF($V6=Scoring!$J$30,Scoring!$K$30,IF($V6=Scoring!$J$31,Scoring!$K$31,IF($V6=Scoring!$J$32,Scoring!$K$32,IF($V6=Scoring!$J$33,Scoring!$K$33,IF($V6=Scoring!$J$34,Scoring!$K$34,""))))))) -> 30 | X6: Yes | Y6: =IF($X6=Scoring!$D$35,Scoring!$E$35,IF($X6=Scoring!$D$36,Scoring!$E$36,IF($X6=Scoring!$D$37,Scoring!$E$37,""))) -> 20 | Z6: No | AA6: =IF($Z6=Scoring!$D$38,Scoring!$G$38,IF($Z6=Scoring!$D$39,Scoring!$G$39,"")) -> 0 | AB6: =SUM(AA6,Y6) -> 20 | AC6: Yes | AD6: =IF($AC6=Scoring!$D$40,Scoring!$E$40,IF($AC6=Scoring!$D$41,Scoring!$E$41,IF($AC6=Scoring!$D$42,Scoring!$E$42,""))) -> 10 | AE6: No | AF6: =IF($AE6=Scoring!$D$46,Scoring!$E$46,IF($AE6=Scoring!$D$47,Scoring!$E$47,"")) -> 0 | AG6: Yes, between 3 - 5 | AH6: =IF($AG6=Scoring!$F$48,Scoring!$G$48,IF($AG6=Scoring!$F$49,Scoring!$G$49,IF($AG6=Scoring!$F$50,Scoring!$G$50,IF($AG6=Scoring!$F$51,Scoring!$G$51,"")))) -> 30 | AI6: Yes | AJ6: =IF($AI6=Scoring!$D$57,Scoring!$E$57,IF($AI6=Scoring!$D$58,Scoring!$E$58,"")) -> 30 | AK6: =SUM(AJ6,AH6,AF6,AD6,AB6,W6,U6,S6,N6,G6,EO6,EQ6,ES6) -> 295 | AL6: No | AM6: =IF($AL6=Scoring!$D$63,Scoring!$E$63,IF($AL6=Scoring!$D$64,Scoring!$E$64,"")) -> 0 | AN6: Yes | AO6: =IF($AN6=Scoring!$D$65,Scoring!$E$65,IF($AN6=Scoring!$D$66,Scoring!$E$66,IF($AN6=Scoring!$D$67,Scoring!$E$67,""))) -> 10 | AP6: Many | AQ6: =IF($AP6=Scoring!$D$68,Scoring!$E$68,IF($AP6=Scoring!$D$69,Scoring!$E$69,IF($AP6=Scoring!$D$70,Scoring!$E$70,IF($AP6=Scoring!$D$71,Scoring!$E$71,"")))) -> 40 | AR6: Yes | AS6: =IF($AR6=Scoring!$D$72,Scoring!$E$72,IF($AR6=Scoring!$D$73,Scoring!$E$73,IF($AR6=Scoring!$D$74,Scoring!$E$74,""))) -> 30 | AT6: All | AU6: =IF($AT6=Scoring!$D$75,Scoring!$E$75,IF($AT6=Scoring!$D$76,Scoring!$E$76,IF($AT6=Scoring!$D$77,Scoring!$E$77,IF($AT6=Scoring!$D$78,Scoring!$E$78,"")))) -> 30 | AV6: =SUM(AS6,AU6) -> 60 | AW6: n/a | AX6: =IF($AW6=Scoring!$D$82,Scoring!$K$82,"") -> n/a | AY6: =SUM(AX6,AV6,AQ6,AO6,AM6,EU6) -> 120 | AZ6: 90-99% | BA6: =IF($AZ6=Scoring!$J$85,Scoring!$K$85,IF($AZ6=Scoring!$J$86,Scoring!$K$86,IF($AZ6=Scoring!$J$87,Scoring!$K$87,IF($AZ6=Scoring!$J$88,Scoring!$K$88,IF($AZ6=Scoring!$J$89,Scoring!$K$89,IF($AZ6=Scoring!$J$89,Scoring!$K$89,IF($AZ6=Scoring!$J$89,Scoring!$K$89,""))))))) -> 25 | BB6: 75-89% | BC6: =IF($BB6=Scoring!$J$92,Scoring!$K$92,IF($BB6=Scoring!$J$93,Scoring!$K$93,IF($BB6=Scoring!$J$94,Scoring!$K$94,IF($BB6=Scoring!$J$95,Scoring!$K$95,IF($BB6=Scoring!$J$96,Scoring!$K$96,IF($BB6=Scoring!$J$97,Scoring!$K$97,IF($BB6=Scoring!$J$99,Scoring!$K$99,""))))))) -> 15 | BD6: Yes | BE6: =IF($BD6=Scoring!$D$100,Scoring!$E$100,IF($BD6=Scoring!$D$101,Scoring!$E$101,IF($BD6=Scoring!$D$102,Scoring!$E$102,""))) -> 15 | BF6: =SUM(BE6,BC6,BA6,EW6) -> 65 | BG6: =AK6+AY6+BF6 -> 480 | BH6: >0.02% of inhabitants | BI6: =IF($BH6=Scoring!$D$108,Scoring!$E$108,IF($BH6=Scoring!$D$109,Scoring!$E$109,IF($BH6=Scoring!$D$110,Scoring!$E$110,IF($BH6=Scoring!$D$111,Scoring!$E$111,IF($BH6=Scoring!$D$112,Scoring!$E$112,IF($BH6=Scoring!$D$113,Scoring!$E$113,IF($BH6=Scoring!$D$114,Scoring!$E$114,IF($BH6=Scoring!$D$115,Scoring!$E$115,IF($BH6=Scoring!$D$116,Scoring!$E$116,IF($BH6=Scoring!$D$117,Scoring!$E$117,"")))))))))) -> 20 | BJ6: Yes | BK6: =IF($BJ6=Scoring!$D$118,Scoring!$E$118,IF($BJ6=Scoring!$D$119,Scoring!$E$119,"")) -> 40 | BL6: A bit of everything | BM6: =IF($BL6=Scoring!$D$120,Scoring!$E$120,IF($BL6=Scoring!$D$121,Scoring!$E$121,IF($BL6=Scoring!$D$122,Scoring!$E$122,IF($BL6=Scoring!$D$123,Scoring!$E$123,IF($BL6=Scoring!$D$124,Scoring!$E$124,""))))) -> 25 | BN6: Foreign 30 - 44% | BO6: =IF($BN6=Scoring!$D$125,Scoring!$E$125,IF($BN6=Scoring!$D$126,Scoring!$E$126,IF($BN6=Scoring!$D$127,Scoring!$E$127,IF($BN6=Scoring!$D$128,Scoring!$E$128,IF($BN6=Scoring!$D$129,Scoring!$E$129,IF($BN6=Scoring!$D$130,Scoring!$E$130,IF($BN6=Scoring!$D$131,Scoring!$E$131,""))))))) -> 30 | BP6: API 0 - 10% | BQ6: =IF($BP6=Scoring!$J$133,Scoring!$K$133,IF($BP6=Scoring!$J$134,Scoring!$K$134,IF($BP6=Scoring!$J$135,Scoring!$K$135,IF($BP6=Scoring!$J$136,Scoring!$K$136,IF($BP6=Scoring!$J$137,Scoring!$K$137,IF($BP6=Scoring!$J$138,Scoring!$K$138,IF($BP6=Scoring!$J$139,Scoring!$K$139,IF($BP6=Scoring!$J$140,Scoring!$K$140,"")))))))) -> 10 | BR6: =SUM(BQ6,BO6,BM6) -> 65 | CC6: Yes | CD6: =IF($CC6=Scoring!$D$151,Scoring!$G$151,IF($CC6=Scoring!$D$152,Scoring!$G$152,"")) -> 20 | CE6: Yes | CF6: =IF($CE6=Scoring!$D$153,Scoring!$K$153,IF($CE6=Scoring!$D$154,Scoring!$K$154,"")) -> 20 | CG6: Yes | CH6: =IF($CG6=Scoring!$D$155,Scoring!$G$155,IF($CG6=Scoring!$D$156,Scoring!$G$156,"")) -> 10 | CI6: No | CJ6: =IF($CI6=Scoring!$D$164,Scoring!$G$164,IF($CI6=Scoring!$D$165,Scoring!$G$165,"")) -> 0 | CK6: =SUM(CJ6,CH6,CF6,CD6,BR6,BK6,BI6,EY6,FA6,FC6) -> 205 | CL6: No | CM6: =IF($CL6=Scoring!$D$171,Scoring!$E$171,IF($CL6=Scoring!$D$172,Scoring!$E$172,"")) -> 0 | CN6: Medium | CO6: =IF($CN6=Scoring!$D$173,Scoring!$E$173,IF($CN6=Scoring!$D$174,Scoring!$E$174,IF($CN6=Scoring!$D$175,Scoring!$E$175,IF($CN6=Scoring!$D$176,Scoring!$E$176,"")))) -> 20 | CP6: Medium | CQ6: =IF($CP6=Scoring!$D$177,Scoring!$E$177,IF($CP6=Scoring!$D$178,Scoring!$E$178,IF($CP6=Scoring!$D$179,Scoring!$E$179,IF($CP6=Scoring!$D$180,Scoring!$E$180,"")))) -> 20 | CR6: =SUM(CM6,CO6,CQ6) -> 40 | CS6: Medium | CT6: =IF($CS6=Scoring!$D$183,Scoring!$E$183,IF($CS6=Scoring!$D$184,Scoring!$E$184,IF($CS6=Scoring!$D$185,Scoring!$E$185,IF($CS6=Scoring!$D$186,Scoring!$E$186,"")))) -> 15 | CU6: I don't know | CV6: =IF($CU6=Scoring!$D$183,Scoring!$E$183,IF($CU6=Scoring!$D$184,Scoring!$E$184,IF($CU6=Scoring!$D$185,Scoring!$E$185,IF($CU6=Scoring!$D$186,Scoring!$E$186,"")))) -> 0 | CW6: =SUM(CT6,CV6) -> 15 | CX6: No | CY6: =IF($CX6=Scoring!$D$193,Scoring!$E$193,IF($CX6=Scoring!$D$194,Scoring!$E$194,IF($CX6=Scoring!$D$195,Scoring!$E$195,""))) -> 0 | CZ6: I don't know | DA6: =IF($CZ6=Scoring!$D$196,Scoring!$E$196,IF($CZ6=Scoring!$D$197,Scoring!$E$197,IF($CZ6=Scoring!$D$198,Scoring!$E$198,""))) -> 0 | DB6: Yes | DC6: =IF($DB6=Scoring!$D$199,Scoring!$E$199,IF($DB6=Scoring!$D$200,Scoring!$E$200,IF($DB6=Scoring!$D$201,Scoring!$E$201,""))) -> 20 | DD6: Marginal (Zero) Cost Model | DE6: =IF($DD6=Scoring!$D$202,Scoring!$E$202,IF($DD6=Scoring!$D$203,Scoring!$E$203,IF($DD6=Scoring!$D$204,Scoring!$E$204,IF($DD6=Scoring!$D$205,Scoring!$E$205,"")))) -> 30 | DF6: =SUM(CY6,DA6,DC6,DE6) -> 50 | DG6: =CR6+CW6+DF6 -> 105 | DH6: =DG6+CK6+BG6 -> 790 | DI6: Yes | DJ6: =IF($DI6=Scoring!$D$219,Scoring!$E$219,IF($DI6=Scoring!$D$220,Scoring!$E$220,"")) -> 20 | DK6: No | DL6: =IF($DK6=Scoring!$D$221,Scoring!$E$221,IF($DK6=Scoring!$D$222,Scoring!$E$222,"")) -> 0 | DM6: Yes | DN6: =IF($DM6=Scoring!$D$223,Scoring!$E$223,IF($DM6=Scoring!$D$224,Scoring!$E$224,"")) -> 10 | DO6: Yes | DP6: =IF($DO6=Scoring!$D$225,Scoring!$E$225,IF($DO6=Scoring!$D$226,Scoring!$E$226,"")) -> 10 | DQ6: =SUM($DP6,$DN6,$DL6,$DJ6,$FE6,$FG6,$FI6,$FK6) -> 50 | DR6: Yes | DS6: =IF($DR6=Scoring!$D$237,Scoring!$E$237,IF($DR6=Scoring!$D$238,Scoring!$E$238,"")) -> 20 | DT6: 70 - 89% | DU6: =IF($DT6=Scoring!$D$240,Scoring!$E$240,IF($DT6=Scoring!$D$241,Scoring!$E$241,IF($DT6=Scoring!$D$242,Scoring!$E$242,IF($DT6=Scoring!$D$243,Scoring!$E$243,IF($DT6=Scoring!$D$244,Scoring!$E$244,IF($DT6=Scoring!$D$245,Scoring!$E$245,IF($DT6=Scoring!$D$246,Scoring!$E$246,""))))))) -> 50 | DV6: Yes | DW6: =IF($DV6=Scoring!$D$247,Scoring!$E$247,IF($DV6=Scoring!$D$248,Scoring!$E$248,"")) -> 20 | DX6: Yes | DY6: =IF($DX6=Scoring!$D$249,Scoring!$E$249,IF($DX6=Scoring!$D$250,Scoring!$E$250,"")) -> 20 | DZ6: Yes | EA6: =IF($DZ6=Scoring!$D$251,Scoring!$E$251,IF($DZ6=Scoring!$D$252,Scoring!$E$252,"")) -> 10 | EB6: Yes | EC6: =IF($EB6=Scoring!$D$253,Scoring!$E$253,IF($EB6=Scoring!$D$254,Scoring!$E$254,"")) -> 10 | ED6: =SUM(EC6,EA6,DY6,DW6,DU6,DS6) -> 130 | EE6: Yes | EF6: =IF($EE6=Scoring!$D$257,Scoring!$E$257,IF($EE6=Scoring!$D$258,Scoring!$E$258,"")) -> 20 | EG6: Yes | EH6: =IF($EG6=Scoring!$D$259,Scoring!$E$259,IF($EG6=Scoring!$D$260,Scoring!$E$260,"")) -> 15 | EI6: Yes | EJ6: =IF($EI6=Scoring!$D$261,Scoring!$E$261,IF($EI6=Scoring!$D$262,Scoring!$E$262,"")) -> 15 | EK6: =SUM(EJ6,EH6,EF6) -> 50 | EL6: =EK6+ED6+DQ6 -> 230 | EM6: =SUM(EL6,DH6) -> 1020 | EN6: 1 | EO6: =IF($EN6=Scoring!$D$22,Scoring!$K$22,IF($EN6=Scoring!$D$23,Scoring!$K$23,IF($EN6=Scoring!$D$24,Scoring!$K$24,IF($EN6=Scoring!$D$25,Scoring!$K$25,IF($EN6=Scoring!$D$26,Scoring!$K$26,IF($EN6=Scoring!$D$27,Scoring!$K$27,"")))))) -> 40 | EP6: Yes | EQ6: =IF($EP6=Scoring!$D$43,Scoring!$K$43,IF($EP6=Scoring!$D$44,Scoring!$K$44,IF($EP6=Scoring!$D$45,Scoring!$K$45,""))) -> 10 | ER6: Local administrations | ES6: =IF($ER6=Scoring!$D$52,Scoring!$K$52,IF($ER6=Scoring!$D$53,Scoring!$K$53,IF($ER6=Scoring!$D$54,Scoring!$K$54,IF($ER6=Scoring!$D$55,Scoring!$K$55,IF($ER6=Scoring!$D$56,Scoring!$K$56,""))))) -> 15 | ET6: Yes | EU6: =IF($ET6=Scoring!$D$80,Scoring!$K$80,IF($ET6=Scoring!$D$81,Scoring!$K$81,"")) -> 10 | EV6: Yes | EW6: =IF($EV6=Scoring!$D$103,Scoring!$K$103,IF($EV6=Scoring!$D$104,Scoring!$K$104,IF($EV6=Scoring!$D$105,Scoring!$K$105,""))) -> 10 | EX6: Yes | EY6: =IF($EX6=Scoring!$D$157,Scoring!$K$157,IF($EX6=Scoring!$D$158,Scoring!$K$158,"")) -> 15 | EZ6: Yes, somewhat | FA6: =IF($EZ6=Scoring!$J$160,Scoring!$K$160,IF($EZ6=Scoring!$J$161,Scoring!$K$161,IF($EZ6=Scoring!$J$162,Scoring!$K$162,IF($EZ6=Scoring!$J$163,Scoring!$K$163,"")))) -> 5 | FB6: Yes | FC6: =IF($FB6=Scoring!$D$166,Scoring!$K$166,IF($FB6=Scoring!$D$167,Scoring!$K$167,"")) -> 10 | FD6: No | FE6: =IF($FD6=Scoring!$D$227,Scoring!$K$227,IF($FD6=Scoring!$D$228,Scoring!$K$228,"")) -> 0 | FF6: No | FG6: =IF($FF6=Scoring!$D$229,Scoring!$K$229,IF($FF6=Scoring!$D$230,Scoring!$K$230,"")) -> 0 | FH6: Yes | FI6: =IF($FH6=Scoring!$D$231,Scoring!$K$231,IF($FH6=Scoring!$D$232,Scoring!$K$232,"")) -> 5 | FJ6: Yes | FK6: =IF($FJ6=Scoring!$D$233,Scoring!$K$233,IF($FJ6=Scoring!$D$234,Scoring!$K$234,"")) -> 5 | FL6: =SUM(EO6,EQ6,ES6,EU6,EW6,EY6,FA6,FC6,FE6,FI6,FK6) -> 125 | FM6: Yes, very well | FO6: Yes, as it is | FQ6: Yes, as it is | FR6: 10 | FS6: Answer | FU6: Answer
A7: Bulgaria | B7: State e-Government Agency (SEGA) | C7: Alexander Yolovski | D7: Deputy Chairperson of SEGA | E7: ayolovski@e-gov.bg | F7: Yes | G7: =IF($F7=Scoring!$D$5,Scoring!$E$5,IF($F7=Scoring!$D$6,Scoring!$E$6,"")) -> 20 | H7: Yes | I7: =IF($H7=Scoring!$D$7,Scoring!$E$7,IF($H7=Scoring!$D$8,Scoring!$E$8,"")) -> 20 | J7: More ambitious | K7: =IF($J7=Scoring!$J$9,Scoring!$K$9,IF($J7=Scoring!$J$10,Scoring!$K$10,IF($J7=Scoring!$J$11,Scoring!$K$11,""))) -> 10 | L7: Yes | M7: =IF($L7=Scoring!$D$12,Scoring!$G$12,IF($L7=Scoring!$D$13,Scoring!$G$13,"")) -> 10 | N7: =SUM(M7,K7,I7) -> 40 | O7: Yes | P7: =IF($O7=Scoring!$D$14,Scoring!$E$14,IF($O7=Scoring!$D$15,Scoring!$E$15,"")) -> 30 | Q7: Yes | R7: =IF($Q7=Scoring!$D$16,Scoring!$E$16,IF($Q7=Scoring!$D$17,Scoring!$E$17,IF($Q7=Scoring!$D$18,Scoring!$E$18,""))) -> 20 | S7: =SUM(R7,P7) -> 50 | T7: Yes | U7: =IF($T7=Scoring!$J$19,Scoring!$K$19,IF($T7=Scoring!$J$20,Scoring!$K$20,IF($T7=Scoring!$J$21,Scoring!$K$21,""))) -> 20 | V7: All of the above | W7: =IF($V7=Scoring!$J$28,Scoring!$K$28,IF($V7=Scoring!$J$29,Scoring!$K$29,IF($V7=Scoring!$J$30,Scoring!$K$30,IF($V7=Scoring!$J$31,Scoring!$K$31,IF($V7=Scoring!$J$32,Scoring!$K$32,IF($V7=Scoring!$J$33,Scoring!$K$33,IF($V7=Scoring!$J$34,Scoring!$K$34,""))))))) -> 50 | X7: Yes | Y7: =IF($X7=Scoring!$D$35,Scoring!$E$35,IF($X7=Scoring!$D$36,Scoring!$E$36,IF($X7=Scoring!$D$37,Scoring!$E$37,""))) -> 20 | Z7: Yes | AA7: =IF($Z7=Scoring!$D$38,Scoring!$G$38,IF($Z7=Scoring!$D$39,Scoring!$G$39,"")) -> 10 | AB7: =SUM(AA7,Y7) -> 30 | AC7: Yes | AD7: =IF($AC7=Scoring!$D$40,Scoring!$E$40,IF($AC7=Scoring!$D$41,Scoring!$E$41,IF($AC7=Scoring!$D$42,Scoring!$E$42,""))) -> 10 | AE7: Yes | AF7: =IF($AE7=Scoring!$D$46,Scoring!$E$46,IF($AE7=Scoring!$D$47,Scoring!$E$47,"")) -> 20 | AG7: Yes, more than 3 | AH7: =IF($AG7=Scoring!$H$48,Scoring!$I$48,IF($AG7=Scoring!$H$49,Scoring!$I$49,IF($AG7=Scoring!$H$50,Scoring!$I$50,IF($AG7=Scoring!$H$51,Scoring!$I$51,"")))) -> 50 | AI7: Yes | AJ7: =IF($AI7=Scoring!$D$57,Scoring!$E$57,IF($AI7=Scoring!$D$58,Scoring!$E$58,"")) -> 30 | AK7: =SUM(AJ7,AH7,AF7,AD7,AB7,W7,U7,S7,N7,G7,EO7,EQ7,ES7) -> 360 | AL7: Yes | AM7: =IF($AL7=Scoring!$D$63,Scoring!$E$63,IF($AL7=Scoring!$D$64,Scoring!$E$64,"")) -> 20 | AN7: Yes | AO7: 10 | AP7: Many | AQ7: =IF($AP7=Scoring!$D$68,Scoring!$E$68,IF($AP7=Scoring!$D$69,Scoring!$E$69,IF($AP7=Scoring!$D$70,Scoring!$E$70,IF($AP7=Scoring!$D$71,Scoring!$E$71,"")))) -> 40 | AR7: Not applicable | AS7: =IF($AR7=Scoring!$D$72,Scoring!$E$72,IF($AR7=Scoring!$D$73,Scoring!$E$73,IF($AR7=Scoring!$D$74,Scoring!$E$74,""))) -> 30 | AT7: Not applicable | AU7: =IF($AT7=Scoring!$D$75,Scoring!$E$75,IF($AT7=Scoring!$D$76,Scoring!$E$76,IF($AT7=Scoring!$D$77,Scoring!$E$77,IF($AT7=Scoring!$D$78,Scoring!$E$78,IF($AT7=Scoring!$D$79,Scoring!$E$79,""))))) -> 30 | AV7: =SUM(AS7,AU7) -> 60 | AW7: n/a | AX7: =IF($AW7=Scoring!$D$82,Scoring!$K$82,"") -> n/a | AY7: =SUM(AX7,AV7,AQ7,AO7,AM7,EU7) -> 140 | AZ7: 1 | BA7: =IF($AZ7=Scoring!$J$85,Scoring!$K$85,IF($AZ7=Scoring!$J$86,Scoring!$K$86,IF($AZ7=Scoring!$J$87,Scoring!$K$87,IF($AZ7=Scoring!$J$88,Scoring!$K$88,IF($AZ7=Scoring!$J$89,Scoring!$K$89,IF($AZ7=Scoring!$J$89,Scoring!$K$89,IF($AZ7=Scoring!$J$89,Scoring!$K$89,""))))))) -> 30 | BB7: 75-89% | BC7: =IF($BB7=Scoring!$J$92,Scoring!$K$92,IF($BB7=Scoring!$J$93,Scoring!$K$93,IF($BB7=Scoring!$J$94,Scoring!$K$94,IF($BB7=Scoring!$J$95,Scoring!$K$95,IF($BB7=Scoring!$J$96,Scoring!$K$96,IF($BB7=Scoring!$J$97,Scoring!$K$97,IF($BB7=Scoring!$J$99,Scoring!$K$99,""))))))) -> 15 | BD7: Yes | BE7: =IF($BD7=Scoring!$D$100,Scoring!$E$100,IF($BD7=Scoring!$D$101,Scoring!$E$101,IF($BD7=Scoring!$D$102,Scoring!$E$102,""))) -> 15 | BF7: =SUM(BE7,BC7,BA7,EW7) -> 70 | BG7: =AK7+AY7+BF7 -> 570 | BH7: >0.04% of inhabitants | BI7: =IF($BH7=Scoring!$D$108,Scoring!$E$108,IF($BH7=Scoring!$D$109,Scoring!$E$109,IF($BH7=Scoring!$D$110,Scoring!$E$110,IF($BH7=Scoring!$D$111,Scoring!$E$111,IF($BH7=Scoring!$D$112,Scoring!$E$112,IF($BH7=Scoring!$D$113,Scoring!$E$113,IF($BH7=Scoring!$D$114,Scoring!$E$114,IF($BH7=Scoring!$D$115,Scoring!$E$115,IF($BH7=Scoring!$D$116,Scoring!$E$116,IF($BH7=Scoring!$D$117,Scoring!$E$117,"")))))))))) -> 40 | BJ7: Yes | BK7: =IF($BJ7=Scoring!$D$118,Scoring!$E$118,IF($BJ7=Scoring!$D$119,Scoring!$E$119,"")) -> 40 | BL7: Mostly public sector | BM7: =IF($BL7=Scoring!$D$120,Scoring!$E$120,IF($BL7=Scoring!$D$121,Scoring!$E$121,IF($BL7=Scoring!$D$122,Scoring!$E$122,IF($BL7=Scoring!$D$123,Scoring!$E$123,IF($BL7=Scoring!$D$124,Scoring!$E$124,""))))) -> 10 | BN7: Foreign 5 - 14% | BO7: =IF($BN7=Scoring!$D$125,Scoring!$E$125,IF($BN7=Scoring!$D$126,Scoring!$E$126,IF($BN7=Scoring!$D$127,Scoring!$E$127,IF($BN7=Scoring!$D$128,Scoring!$E$128,IF($BN7=Scoring!$D$129,Scoring!$E$129,IF($BN7=Scoring!$D$130,Scoring!$E$130,IF($BN7=Scoring!$D$131,Scoring!$E$131,""))))))) -> 10 | BP7: API 11 - 25% | BQ7: =IF($BP7=Scoring!$J$133,Scoring!$K$133,IF($BP7=Scoring!$J$134,Scoring!$K$134,IF($BP7=Scoring!$J$135,Scoring!$K$135,IF($BP7=Scoring!$J$136,Scoring!$K$136,IF($BP7=Scoring!$J$137,Scoring!$K$137,IF($BP7=Scoring!$J$138,Scoring!$K$138,IF($BP7=Scoring!$J$139,Scoring!$K$139,IF($BP7=Scoring!$J$140,Scoring!$K$140,"")))))))) -> 15 | BR7: =SUM(BQ7,BO7,BM7) -> 35 | BS7: Finance and contracts | BT7: Government accountability and democracy | BU7: Social mobility and welfare | BV7: Crime and Justice | BW7: Education | BX7: Science and research | BY7: Global development | BZ7: Earth observation | CA7: Health | CB7: Transport and infrastructure | CC7: Yes | CD7: =IF($CC7=Scoring!$D$151,Scoring!$G$151,IF($CC7=Scoring!$D$152,Scoring!$G$152,"")) -> 20 | CE7: Yes | CF7: =IF($CE7=Scoring!$D$153,Scoring!$K$153,IF($CE7=Scoring!$D$154,Scoring!$K$154,"")) -> 20 | CG7: Yes | CH7: =IF($CG7=Scoring!$D$155,Scoring!$G$155,IF($CG7=Scoring!$D$156,Scoring!$G$156,"")) -> 10 | CI7: Yes | CJ7: =IF($CI7=Scoring!$D$164,Scoring!$G$164,IF($CI7=Scoring!$D$165,Scoring!$G$165,"")) -> 20 | CK7: =SUM(CJ7,CH7,CF7,CD7,BR7,BK7,BI7,EY7,FA7,FC7) -> 220 | CL7: No | CM7: =IF($CL7=Scoring!$D$171,Scoring!$E$171,IF($CL7=Scoring!$D$172,Scoring!$E$172,"")) -> 0 | CN7: Medium | CO7: =IF($CN7=Scoring!$D$173,Scoring!$E$173,IF($CN7=Scoring!$D$174,Scoring!$E$174,IF($CN7=Scoring!$D$175,Scoring!$E$175,IF($CN7=Scoring!$D$176,Scoring!$E$176,"")))) -> 20 | CP7: Medium | CQ7: =IF($CP7=Scoring!$D$177,Scoring!$E$177,IF($CP7=Scoring!$D$178,Scoring!$E$178,IF($CP7=Scoring!$D$179,Scoring!$E$179,IF($CP7=Scoring!$D$180,Scoring!$E$180,"")))) -> 20 | CR7: =SUM(CM7,CO7,CQ7) -> 40 | CS7: Medium | CT7: =IF($CS7=Scoring!$D$183,Scoring!$E$183,IF($CS7=Scoring!$D$184,Scoring!$E$184,IF($CS7=Scoring!$D$185,Scoring!$E$185,IF($CS7=Scoring!$D$186,Scoring!$E$186,"")))) -> 15 | CU7: Medium | CV7: =IF($CU7=Scoring!$D$183,Scoring!$E$183,IF($CU7=Scoring!$D$184,Scoring!$E$184,IF($CU7=Scoring!$D$185,Scoring!$E$185,IF($CU7=Scoring!$D$186,Scoring!$E$186,"")))) -> 15 | CW7: =SUM(CT7,CV7) -> 30 | CX7: No | CY7: =IF($CX7=Scoring!$D$193,Scoring!$E$193,IF($CX7=Scoring!$D$194,Scoring!$E$194,IF($CX7=Scoring!$D$195,Scoring!$E$195,""))) -> 0 | CZ7: Yes | DA7: =IF($CZ7=Scoring!$D$196,Scoring!$E$196,IF($CZ7=Scoring!$D$197,Scoring!$E$197,IF($CZ7=Scoring!$D$198,Scoring!$E$198,""))) -> 30 | DB7: No | DC7: =IF($DB7=Scoring!$D$199,Scoring!$E$199,IF($DB7=Scoring!$D$200,Scoring!$E$200,IF($DB7=Scoring!$D$201,Scoring!$E$201,""))) -> 0 | DD7: Marginal (Zero) Cost Model | DE7: =IF($DD7=Scoring!$D$202,Scoring!$E$202,IF($DD7=Scoring!$D$203,Scoring!$E$203,IF($DD7=Scoring!$D$204,Scoring!$E$204,IF($DD7=Scoring!$D$205,Scoring!$E$205,"")))) -> 30 | DF7: =SUM(CY7,DA7,DC7,DE7) -> 60 | DG7: =CR7+CW7+DF7 -> 130 | DH7: =DG7+CK7+BG7 -> 920 | DI7: Yes | DJ7: =IF($DI7=Scoring!$D$219,Scoring!$E$219,IF($DI7=Scoring!$D$220,Scoring!$E$220,"")) -> 20 | DK7: Yes | DL7: =IF($DK7=Scoring!$D$221,Scoring!$E$221,IF($DK7=Scoring!$D$222,Scoring!$E$222,"")) -> 20 | DM7: Yes | DN7: =IF($DM7=Scoring!$D$223,Scoring!$E$223,IF($DM7=Scoring!$D$224,Scoring!$E$224,"")) -> 10 | DO7: Yes | DP7: =IF($DO7=Scoring!$D$225,Scoring!$E$225,IF($DO7=Scoring!$D$226,Scoring!$E$226,"")) -> 10 | DQ7: =SUM($DP7,$DN7,$DL7,$DJ7,$FE7,$FG7,$FI7,$FK7) -> 75 | DR7: No | DS7: =IF($DR7=Scoring!$D$237,Scoring!$E$237,IF($DR7=Scoring!$D$238,Scoring!$E$238,"")) -> 0 | DT7: 40 - 49% | DU7: =IF($DT7=Scoring!$D$240,Scoring!$E$240,IF($DT7=Scoring!$D$241,Scoring!$E$241,IF($DT7=Scoring!$D$242,Scoring!$E$242,IF($DT7=Scoring!$D$243,Scoring!$E$243,IF($DT7=Scoring!$D$244,Scoring!$E$244,IF($DT7=Scoring!$D$245,Scoring!$E$245,IF($DT7=Scoring!$D$246,Scoring!$E$246,""))))))) -> 30 | DV7: Yes | DW7: =IF($DV7=Scoring!$D$247,Scoring!$E$247,IF($DV7=Scoring!$D$248,Scoring!$E$248,"")) -> 20 | DX7: Yes | DY7: =IF($DX7=Scoring!$D$249,Scoring!$E$249,IF($DX7=Scoring!$D$250,Scoring!$E$250,"")) -> 20 | DZ7: Yes | EA7: =IF($DZ7=Scoring!$D$251,Scoring!$E$251,IF($DZ7=Scoring!$D$252,Scoring!$E$252,"")) -> 10 | EB7: Yes | EC7: =IF($EB7=Scoring!$D$253,Scoring!$E$253,IF($EB7=Scoring!$D$254,Scoring!$E$254,"")) -> 10 | ED7: =SUM(EC7,EA7,DY7,DW7,DU7,DS7) -> 90 | EE7: Yes | EF7: =IF($EE7=Scoring!$D$257,Scoring!$E$257,IF($EE7=Scoring!$D$258,Scoring!$E$258,"")) -> 20 | EG7: Yes | EH7: =IF($EG7=Scoring!$D$259,Scoring!$E$259,IF($EG7=Scoring!$D$260,Scoring!$E$260,"")) -> 15 | EI7: Yes | EJ7: =IF($EI7=Scoring!$D$261,Scoring!$E$261,IF($EI7=Scoring!$D$262,Scoring!$E$262,"")) -> 15 | EK7: =SUM(EJ7,EH7,EF7) -> 50 | EL7: =EK7+ED7+DQ7 -> 215 | EM7: =SUM(EL7,DH7) -> 1135 | EN7: 25-49% | EO7: =IF($EN7=Scoring!$D$22,Scoring!$K$22,IF($EN7=Scoring!$D$23,Scoring!$K$23,IF($EN7=Scoring!$D$24,Scoring!$K$24,IF($EN7=Scoring!$D$25,Scoring!$K$25,IF($EN7=Scoring!$D$26,Scoring!$K$26,IF($EN7=Scoring!$D$27,Scoring!$K$27,"")))))) -> 10 | EP7: Yes | EQ7: =IF($EP7=Scoring!$D$43,Scoring!$K$43,IF($EP7=Scoring!$D$44,Scoring!$K$44,IF($EP7=Scoring!$D$45,Scoring!$K$45,""))) -> 10 | ER7: National public administrations | ES7: =IF($ER7=Scoring!$D$52,Scoring!$K$52,IF($ER7=Scoring!$D$53,Scoring!$K$53,IF($ER7=Scoring!$D$54,Scoring!$K$54,IF($ER7=Scoring!$D$55,Scoring!$K$55,IF($ER7=Scoring!$D$56,Scoring!$K$56,""))))) -> 20 | ET7: Yes | EU7: =IF($ET7=Scoring!$D$80,Scoring!$K$80,IF($ET7=Scoring!$D$81,Scoring!$K$81,"")) -> 10 | EV7: Yes | EW7: =IF($EV7=Scoring!$D$103,Scoring!$K$103,IF($EV7=Scoring!$D$104,Scoring!$K$104,IF($EV7=Scoring!$D$105,Scoring!$K$105,""))) -> 10 | EX7: Yes | EY7: =IF($EX7=Scoring!$D$157,Scoring!$K$157,IF($EX7=Scoring!$D$158,Scoring!$K$158,"")) -> 15 | EZ7: Yes, very much | FA7: =IF($EZ7=Scoring!$J$160,Scoring!$K$160,IF($EZ7=Scoring!$J$161,Scoring!$K$161,IF($EZ7=Scoring!$J$162,Scoring!$K$162,IF($EZ7=Scoring!$J$163,Scoring!$K$163,"")))) -> 10 | FB7: Yes | FC7: =IF($FB7=Scoring!$D$166,Scoring!$K$166,IF($FB7=Scoring!$D$167,Scoring!$K$167,"")) -> 10 | FD7: Yes | FE7: =IF($FD7=Scoring!$D$227,Scoring!$K$227,IF($FD7=Scoring!$D$228,Scoring!$K$228,"")) -> 10 | FF7: No | FG7: =IF($FF7=Scoring!$D$229,Scoring!$K$229,IF($FF7=Scoring!$D$230,Scoring!$K$230,"")) -> 0 | FH7: No | FI7: =IF($FH7=Scoring!$D$231,Scoring!$K$231,IF($FH7=Scoring!$D$232,Scoring!$K$232,"")) -> 0 | FJ7: Yes | FK7: =IF($FJ7=Scoring!$D$233,Scoring!$K$233,IF($FJ7=Scoring!$D$234,Scoring!$K$234,"")) -> 5 | FL7: =SUM(EO7,EQ7,ES7,EU7,EW7,EY7,FA7,FC7,FE7,FI7,FK7) -> 110 | FM7: Yes, a little | FO7: Yes, after adaptation | FQ7: No | FR7: 0
A8: Croatia | B8: Ministry of Public Administration // Information Commissioner | C8: Zoran Luša // Anamarija Musa | D8: Senior IT Adviser // Information Commissioner | E8: zoran.lusa@uprava.hr // anamarija.musa@pristupinfo.hr | F8: No | G8: =IF($F8=Scoring!$D$5,Scoring!$E$5,IF($F8=Scoring!$D$6,Scoring!$E$6,"")) -> 0 | H8: Yes | I8: =IF($H8=Scoring!$D$7,Scoring!$E$7,IF($H8=Scoring!$D$8,Scoring!$E$8,"")) -> 20 | J8: No policy | K8: =IF($J8=Scoring!$J$9,Scoring!$K$9,IF($J8=Scoring!$J$10,Scoring!$K$10,IF($J8=Scoring!$J$11,Scoring!$K$11,""))) -> 0 | L8: No | M8: =IF($L8=Scoring!$D$12,Scoring!$G$12,IF($L8=Scoring!$D$13,Scoring!$G$13,"")) -> 0 | N8: =SUM(M8,K8,I8) -> 20 | O8: Yes | P8: =IF($O8=Scoring!$D$14,Scoring!$E$14,IF($O8=Scoring!$D$15,Scoring!$E$15,"")) -> 30 | Q8: Yes | R8: =IF($Q8=Scoring!$D$16,Scoring!$E$16,IF($Q8=Scoring!$D$17,Scoring!$E$17,IF($Q8=Scoring!$D$18,Scoring!$E$18,""))) -> 20 | S8: =SUM(R8,P8) -> 50 | T8: Yes | U8: =IF($T8=Scoring!$J$19,Scoring!$K$19,IF($T8=Scoring!$J$20,Scoring!$K$20,IF($T8=Scoring!$J$21,Scoring!$K$21,""))) -> 20 | V8: All of the above | W8: =IF($V8=Scoring!$J$28,Scoring!$K$28,IF($V8=Scoring!$J$29,Scoring!$K$29,IF($V8=Scoring!$J$30,Scoring!$K$30,IF($V8=Scoring!$J$31,Scoring!$K$31,IF($V8=Scoring!$J$32,Scoring!$K$32,IF($V8=Scoring!$J$33,Scoring!$K$33,IF($V8=Scoring!$J$34,Scoring!$K$34,""))))))) -> 50 | X8: Yes | Y8: =IF($X8=Scoring!$D$35,Scoring!$E$35,IF($X8=Scoring!$D$36,Scoring!$E$36,IF($X8=Scoring!$D$37,Scoring!$E$37,""))) -> 20 | Z8: Yes | AA8: =IF($Z8=Scoring!$D$38,Scoring!$G$38,IF($Z8=Scoring!$D$39,Scoring!$G$39,"")) -> 10 | AB8: =SUM(AA8,Y8) -> 30 | AC8: Yes | AD8: =IF($AC8=Scoring!$D$40,Scoring!$E$40,IF($AC8=Scoring!$D$41,Scoring!$E$41,IF($AC8=Scoring!$D$42,Scoring!$E$42,""))) -> 10 | AE8: No | AF8: =IF($AE8=Scoring!$D$46,Scoring!$E$46,IF($AE8=Scoring!$D$47,Scoring!$E$47,"")) -> 0 | AG8: Yes, more than 3 | AH8: =IF($AG8=Scoring!$H$48,Scoring!$I$48,IF($AG8=Scoring!$H$49,Scoring!$I$49,IF($AG8=Scoring!$H$50,Scoring!$I$50,IF($AG8=Scoring!$H$51,Scoring!$I$51,"")))) -> 50 | AI8: No | AJ8: =IF($AI8=Scoring!$D$57,Scoring!$E$57,IF($AI8=Scoring!$D$58,Scoring!$E$58,"")) -> 0 | AK8: =SUM(AJ8,AH8,AF8,AD8,AB8,W8,U8,S8,N8,G8,EO8,EQ8,ES8) -> 270 | AL8: Yes | AM8: =IF($AL8=Scoring!$D$63,Scoring!$E$63,IF($AL8=Scoring!$D$64,Scoring!$E$64,"")) -> 20 | AN8: Yes | AO8: =IF($AN8=Scoring!$D$65,Scoring!$E$65,IF($AN8=Scoring!$D$66,Scoring!$E$66,IF($AN8=Scoring!$D$67,Scoring!$E$67,""))) -> 10 | AP8: Some | AQ8: =IF($AP8=Scoring!$D$68,Scoring!$E$68,IF($AP8=Scoring!$D$69,Scoring!$E$69,IF($AP8=Scoring!$D$70,Scoring!$E$70,IF($AP8=Scoring!$D$71,Scoring!$E$71,"")))) -> 10 | AR8: Yes | AS8: =IF($AR8=Scoring!$D$72,Scoring!$E$72,IF($AR8=Scoring!$D$73,Scoring!$E$73,IF($AR8=Scoring!$D$74,Scoring!$E$74,""))) -> 30 | AT8: All | AU8: =IF($AT8=Scoring!$D$75,Scoring!$E$75,IF($AT8=Scoring!$D$76,Scoring!$E$76,IF($AT8=Scoring!$D$77,Scoring!$E$77,IF($AT8=Scoring!$D$78,Scoring!$E$78,"")))) -> 30 | AV8: =SUM(AS8,AU8) -> 60 | AW8: n/a | AX8: =IF($AW8=Scoring!$D$82,Scoring!$K$82,"") -> n/a | AY8: =SUM(AX8,AV8,AQ8,AO8,AM8,EU8) -> 110 | AZ8: 1 | BA8: =IF($AZ8=Scoring!$J$85,Scoring!$K$85,IF($AZ8=Scoring!$J$86,Scoring!$K$86,IF($AZ8=Scoring!$J$87,Scoring!$K$87,IF($AZ8=Scoring!$J$88,Scoring!$K$88,IF($AZ8=Scoring!$J$89,Scoring!$K$89,IF($AZ8=Scoring!$J$89,Scoring!$K$89,IF($AZ8=Scoring!$J$89,Scoring!$K$89,""))))))) -> 30 | BB8: 1 | BC8: =IF($BB8=Scoring!$J$92,Scoring!$K$92,IF($BB8=Scoring!$J$93,Scoring!$K$93,IF($BB8=Scoring!$J$94,Scoring!$K$94,IF($BB8=Scoring!$J$95,Scoring!$K$95,IF($BB8=Scoring!$J$96,Scoring!$K$96,IF($BB8=Scoring!$J$97,Scoring!$K$97,IF($BB8=Scoring!$J$99,Scoring!$K$99,""))))))) -> 25 | BD8: Yes | BE8: =IF($BD8=Scoring!$D$100,Scoring!$E$100,IF($BD8=Scoring!$D$101,Scoring!$E$101,IF($BD8=Scoring!$D$102,Scoring!$E$102,""))) -> 15 | BF8: =SUM(BE8,BC8,BA8,EW8) -> 80 | BG8: =AK8+AY8+BF8 -> 460 | BH8: >0.05% of inhabitants | BI8: =IF($BH8=Scoring!$D$108,Scoring!$E$108,IF($BH8=Scoring!$D$109,Scoring!$E$109,IF($BH8=Scoring!$D$110,Scoring!$E$110,IF($BH8=Scoring!$D$111,Scoring!$E$111,IF($BH8=Scoring!$D$112,Scoring!$E$112,IF($BH8=Scoring!$D$113,Scoring!$E$113,IF($BH8=Scoring!$D$114,Scoring!$E$114,IF($BH8=Scoring!$D$115,Scoring!$E$115,IF($BH8=Scoring!$D$116,Scoring!$E$116,IF($BH8=Scoring!$D$117,Scoring!$E$117,"")))))))))) -> 80 | BJ8: Yes | BK8: =IF($BJ8=Scoring!$D$118,Scoring!$E$118,IF($BJ8=Scoring!$D$119,Scoring!$E$119,"")) -> 40 | BL8: A bit of everything | BM8: =IF($BL8=Scoring!$D$120,Scoring!$E$120,IF($BL8=Scoring!$D$121,Scoring!$E$121,IF($BL8=Scoring!$D$122,Scoring!$E$122,IF($BL8=Scoring!$D$123,Scoring!$E$123,IF($BL8=Scoring!$D$124,Scoring!$E$124,""))))) -> 25 | BN8: Foreign 15 - 29% | BO8: =IF($BN8=Scoring!$D$125,Scoring!$E$125,IF($BN8=Scoring!$D$126,Scoring!$E$126,IF($BN8=Scoring!$D$127,Scoring!$E$127,IF($BN8=Scoring!$D$128,Scoring!$E$128,IF($BN8=Scoring!$D$129,Scoring!$E$129,IF($BN8=Scoring!$D$130,Scoring!$E$130,IF($BN8=Scoring!$D$131,Scoring!$E$131,""))))))) -> 20 | BP8: API 0 - 10% | BQ8: =IF($BP8=Scoring!$J$133,Scoring!$K$133,IF($BP8=Scoring!$J$134,Scoring!$K$134,IF($BP8=Scoring!$J$135,Scoring!$K$135,IF($BP8=Scoring!$J$136,Scoring!$K$136,IF($BP8=Scoring!$J$137,Scoring!$K$137,IF($BP8=Scoring!$J$138,Scoring!$K$138,IF($BP8=Scoring!$J$139,Scoring!$K$139,IF($BP8=Scoring!$J$140,Scoring!$K$140,"")))))))) -> 10 | BR8: =SUM(BQ8,BO8,BM8) -> 55 | BS8: Health | BT8: Global Development | BU8: Social mobility and welfare | BV8: Energy and Environment | BW8: Earth observation | BX8: Science and Research | BY8: Crime and Justice | BZ8: Education | CA8: Companies | CB8: Finance and Contracts | CC8: Yes | CD8: =IF($CC8=Scoring!$D$151,Scoring!$G$151,IF($CC8=Scoring!$D$152,Scoring!$G$152,"")) -> 20 | CE8: Yes | CF8: =IF($CE8=Scoring!$D$153,Scoring!$K$153,IF($CE8=Scoring!$D$154,Scoring!$K$154,"")) -> 20 | CG8: Yes | CH8: =IF($CG8=Scoring!$D$155,Scoring!$G$155,IF($CG8=Scoring!$D$156,Scoring!$G$156,"")) -> 10 | CI8: No | CJ8: =IF($CI8=Scoring!$D$164,Scoring!$G$164,IF($CI8=Scoring!$D$165,Scoring!$G$165,"")) -> 0 | CK8: =SUM(CJ8,CH8,CF8,CD8,BR8,BK8,BI8,EY8,FA8,FC8) -> 255 | CL8: No | CM8: =IF($CL8=Scoring!$D$171,Scoring!$E$171,IF($CL8=Scoring!$D$172,Scoring!$E$172,"")) -> 0 | CN8: High | CO8: =IF($CN8=Scoring!$D$173,Scoring!$E$173,IF($CN8=Scoring!$D$174,Scoring!$E$174,IF($CN8=Scoring!$D$175,Scoring!$E$175,IF($CN8=Scoring!$D$176,Scoring!$E$176,"")))) -> 40 | CP8: High | CQ8: =IF($CP8=Scoring!$D$177,Scoring!$E$177,IF($CP8=Scoring!$D$178,Scoring!$E$178,IF($CP8=Scoring!$D$179,Scoring!$E$179,IF($CP8=Scoring!$D$180,Scoring!$E$180,"")))) -> 50 | CR8: =SUM(CM8,CO8,CQ8) -> 90 | CS8: High | CT8: =IF($CS8=Scoring!$D$183,Scoring!$E$183,IF($CS8=Scoring!$D$184,Scoring!$E$184,IF($CS8=Scoring!$D$185,Scoring!$E$185,IF($CS8=Scoring!$D$186,Scoring!$E$186,"")))) -> 30 | CU8: High | CV8: =IF($CU8=Scoring!$D$183,Scoring!$E$183,IF($CU8=Scoring!$D$184,Scoring!$E$184,IF($CU8=Scoring!$D$185,Scoring!$E$185,IF($CU8=Scoring!$D$186,Scoring!$E$186,"")))) -> 30 | CW8: =SUM(CT8,CV8) -> 60 | CX8: No | CY8: =IF($CX8=Scoring!$D$193,Scoring!$E$193,IF($CX8=Scoring!$D$194,Scoring!$E$194,IF($CX8=Scoring!$D$195,Scoring!$E$195,""))) -> 0 | CZ8: No | DA8: =IF($CZ8=Scoring!$D$196,Scoring!$E$196,IF($CZ8=Scoring!$D$197,Scoring!$E$197,IF($CZ8=Scoring!$D$198,Scoring!$E$198,""))) -> 0 | DB8: I don't know | DC8: =IF($DB8=Scoring!$D$199,Scoring!$E$199,IF($DB8=Scoring!$D$200,Scoring!$E$200,IF($DB8=Scoring!$D$201,Scoring!$E$201,""))) -> 0 | DD8: Marginal (Zero) Cost Model | DE8: =IF($DD8=Scoring!$D$202,Scoring!$E$202,IF($DD8=Scoring!$D$203,Scoring!$E$203,IF($DD8=Scoring!$D$204,Scoring!$E$204,IF($DD8=Scoring!$D$205,Scoring!$E$205,"")))) -> 30 | DF8: =SUM(CY8,DA8,DC8,DE8) -> 30 | DG8: =CR8+CW8+DF8 -> 180 | DH8: =DG8+CK8+BG8 -> 895 | DI8: Yes | DJ8: =IF($DI8=Scoring!$D$219,Scoring!$E$219,IF($DI8=Scoring!$D$220,Scoring!$E$220,"")) -> 20 | DK8: Yes | DL8: =IF($DK8=Scoring!$D$221,Scoring!$E$221,IF($DK8=Scoring!$D$222,Scoring!$E$222,"")) -> 20 | DM8: Yes | DN8: =IF($DM8=Scoring!$D$223,Scoring!$E$223,IF($DM8=Scoring!$D$224,Scoring!$E$224,"")) -> 10 | DO8: Yes | DP8: =IF($DO8=Scoring!$D$225,Scoring!$E$225,IF($DO8=Scoring!$D$226,Scoring!$E$226,"")) -> 10 | DQ8: =SUM($DP8,$DN8,$DL8,$DJ8,$FE8,$FG8,$FI8,$FK8) -> 80 | DR8: No | DS8: =IF($DR8=Scoring!$D$237,Scoring!$E$237,IF($DR8=Scoring!$D$238,Scoring!$E$238,"")) -> 0 | DT8: ≥ 90% | DU8: =IF($DT8=Scoring!$D$240,Scoring!$E$240,IF($DT8=Scoring!$D$241,Scoring!$E$241,IF($DT8=Scoring!$D$242,Scoring!$E$242,IF($DT8=Scoring!$D$243,Scoring!$E$243,IF($DT8=Scoring!$D$244,Scoring!$E$244,IF($DT8=Scoring!$D$245,Scoring!$E$245,IF($DT8=Scoring!$D$246,Scoring!$E$246,""))))))) -> 60 | DV8: Yes | DW8: =IF($DV8=Scoring!$D$247,Scoring!$E$247,IF($DV8=Scoring!$D$248,Scoring!$E$248,"")) -> 20 | DX8: Yes | DY8: =IF($DX8=Scoring!$D$249,Scoring!$E$249,IF($DX8=Scoring!$D$250,Scoring!$E$250,"")) -> 20 | DZ8: Yes | EA8: =IF($DZ8=Scoring!$D$251,Scoring!$E$251,IF($DZ8=Scoring!$D$252,Scoring!$E$252,"")) -> 10 | EB8: Yes | EC8: =IF($EB8=Scoring!$D$253,Scoring!$E$253,IF($EB8=Scoring!$D$254,Scoring!$E$254,"")) -> 10 | ED8: =SUM(EC8,EA8,DY8,DW8,DU8,DS8) -> 120 | EE8: Yes | EF8: =IF($EE8=Scoring!$D$257,Scoring!$E$257,IF($EE8=Scoring!$D$258,Scoring!$E$258,"")) -> 20 | EG8: Yes | EH8: =IF($EG8=Scoring!$D$259,Scoring!$E$259,IF($EG8=Scoring!$D$260,Scoring!$E$260,"")) -> 15 | EI8: Yes | EJ8: =IF($EI8=Scoring!$D$261,Scoring!$E$261,IF($EI8=Scoring!$D$262,Scoring!$E$262,"")) -> 15 | EK8: =SUM(EJ8,EH8,EF8) -> 50 | EL8: =EK8+ED8+DQ8 -> 250 | EM8: =SUM(EL8,DH8) -> 1145 | EN8: 25-49% | EO8: =IF($EN8=Scoring!$D$22,Scoring!$K$22,IF($EN8=Scoring!$D$23,Scoring!$K$23,IF($EN8=Scoring!$D$24,Scoring!$K$24,IF($EN8=Scoring!$D$25,Scoring!$K$25,IF($EN8=Scoring!$D$26,Scoring!$K$26,IF($EN8=Scoring!$D$27,Scoring!$K$27,"")))))) -> 10 | EP8: Yes | EQ8: =IF($EP8=Scoring!$D$43,Scoring!$K$43,IF($EP8=Scoring!$D$44,Scoring!$K$44,IF($EP8=Scoring!$D$45,Scoring!$K$45,""))) -> 10 | ER8: National public administrations | ES8: =IF($ER8=Scoring!$D$52,Scoring!$K$52,IF($ER8=Scoring!$D$53,Scoring!$K$53,IF($ER8=Scoring!$D$54,Scoring!$K$54,IF($ER8=Scoring!$D$55,Scoring!$K$55,IF($ER8=Scoring!$D$56,Scoring!$K$56,""))))) -> 20 | ET8: Yes | EU8: =IF($ET8=Scoring!$D$80,Scoring!$K$80,IF($ET8=Scoring!$D$81,Scoring!$K$81,"")) -> 10 | EV8: Yes | EW8: =IF($EV8=Scoring!$D$103,Scoring!$K$103,IF($EV8=Scoring!$D$104,Scoring!$K$104,IF($EV8=Scoring!$D$105,Scoring!$K$105,""))) -> 10 | EX8: Yes | EY8: =IF($EX8=Scoring!$D$157,Scoring!$K$157,IF($EX8=Scoring!$D$158,Scoring!$K$158,IF($EX8=Scoring!$D$159,Scoring!$K$159,""))) -> 15 | EZ8: Yes, but it's not our current focus | FA8: =IF($EZ8=Scoring!$J$160,Scoring!$K$160,IF($EZ8=Scoring!$J$161,Scoring!$K$161,IF($EZ8=Scoring!$J$162,Scoring!$K$162,IF($EZ8=Scoring!$J$163,Scoring!$K$163,"")))) -> 5 | FB8: Yes | FC8: =IF($FB8=Scoring!$D$166,Scoring!$K$166,IF($FB8=Scoring!$D$167,Scoring!$K$167,"")) -> 10 | FD8: No | FE8: =IF($FD8=Scoring!$D$227,Scoring!$K$227,IF($FD8=Scoring!$D$228,Scoring!$K$228,"")) -> 0 | FF8: Yes | FG8: =IF($FF8=Scoring!$D$229,Scoring!$K$229,IF($FF8=Scoring!$D$230,Scoring!$K$230,"")) -> 10 | FH8: Yes | FI8: =IF($FH8=Scoring!$D$231,Scoring!$K$231,IF($FH8=Scoring!$D$232,Scoring!$K$232,"")) -> 5 | FJ8: Yes | FK8: =IF($FJ8=Scoring!$D$233,Scoring!$K$233,IF($FJ8=Scoring!$D$234,Scoring!$K$234,"")) -> 5 | FL8: =SUM(EO8,EQ8,ES8,EU8,EW8,EY8,FA8,FC8,FE8,FI8,FK8) -> 100 | FM8: Yes, very well | FO8: Yes, as it is | FQ8: No | FR8: 0 | FS8: No answer | FU8: Answer
A9: Cyprus | B9: Public Administration and Personnel Department | C9: Dimitris Michail | D9: Administrative Officer | E9: dmichail@hotmail.com | F9: Yes | G9: =IF($F9=Scoring!$D$5,Scoring!$E$5,IF($F9=Scoring!$D$6,Scoring!$E$6,"")) -> 20 | H9: Yes | I9: =IF($H9=Scoring!$D$7,Scoring!$E$7,IF($H9=Scoring!$D$8,Scoring!$E$8,"")) -> 20 | J9: Same | K9: =IF($J9=Scoring!$J$9,Scoring!$K$9,IF($J9=Scoring!$J$10,Scoring!$K$10,IF($J9=Scoring!$J$11,Scoring!$K$11,""))) -> 5 | L9: No | M9: =IF($L9=Scoring!$D$12,Scoring!$G$12,IF($L9=Scoring!$D$13,Scoring!$G$13,"")) -> 0 | N9: =SUM(M9,K9,I9) -> 25 | O9: Yes | P9: =IF($O9=Scoring!$D$14,Scoring!$E$14,IF($O9=Scoring!$D$15,Scoring!$E$15,"")) -> 30 | Q9: N/A | R9: =IF($Q9=Scoring!$D$16,Scoring!$E$16,IF($Q9=Scoring!$D$17,Scoring!$E$17,IF($Q9=Scoring!$D$18,Scoring!$E$18,""))) -> 20 | S9: =SUM(R9,P9) -> 50 | T9: Yes | U9: =IF($T9=Scoring!$J$19,Scoring!$K$19,IF($T9=Scoring!$J$20,Scoring!$K$20,IF($T9=Scoring!$J$21,Scoring!$K$21,""))) -> 20 | V9: All of the above | W9: =IF($V9=Scoring!$J$28,Scoring!$K$28,IF($V9=Scoring!$J$29,Scoring!$K$29,IF($V9=Scoring!$J$30,Scoring!$K$30,IF($V9=Scoring!$J$31,Scoring!$K$31,IF($V9=Scoring!$J$32,Scoring!$K$32,IF($V9=Scoring!$J$33,Scoring!$K$33,IF($V9=Scoring!$J$34,Scoring!$K$34,""))))))) -> 50 | X9: Yes | Y9: =IF($X9=Scoring!$D$35,Scoring!$E$35,IF($X9=Scoring!$D$36,Scoring!$E$36,IF($X9=Scoring!$D$37,Scoring!$E$37,""))) -> 20 | Z9: Yes | AA9: =IF($Z9=Scoring!$D$38,Scoring!$G$38,IF($Z9=Scoring!$D$39,Scoring!$G$39,"")) -> 10 | AB9: =SUM(AA9,Y9) -> 30 | AC9: Yes | AD9: =IF($AC9=Scoring!$D$40,Scoring!$E$40,IF($AC9=Scoring!$D$41,Scoring!$E$41,IF($AC9=Scoring!$D$42,Scoring!$E$42,""))) -> 10 | AE9: Yes | AF9: =IF($AE9=Scoring!$D$46,Scoring!$E$46,IF($AE9=Scoring!$D$47,Scoring!$E$47,"")) -> 20 | AG9: Yes, more than 3 | AH9: =IF($AG9=Scoring!$H$48,Scoring!$I$48,IF($AG9=Scoring!$H$49,Scoring!$I$49,IF($AG9=Scoring!$H$50,Scoring!$I$50,IF($AG9=Scoring!$H$51,Scoring!$I$51,"")))) -> 50 | AI9: Yes | AJ9: =IF($AI9=Scoring!$D$57,Scoring!$E$57,IF($AI9=Scoring!$D$58,Scoring!$E$58,"")) -> 30 | AK9: =SUM(AJ9,AH9,AF9,AD9,AB9,W9,U9,S9,N9,G9,EO9,EQ9,ES9) -> 325 | AL9: Yes | AM9: =IF($AL9=Scoring!$D$63,Scoring!$E$63,IF($AL9=Scoring!$D$64,Scoring!$E$64,"")) -> 20 | AN9: Not applicable | AO9: =IF($AN9=Scoring!$D$65,Scoring!$E$65,IF($AN9=Scoring!$D$66,Scoring!$E$66,IF($AN9=Scoring!$D$67,Scoring!$E$67,""))) -> 10 | AP9: Not applicable | AQ9: =IF($AP9=Scoring!$D$68,Scoring!$E$68,IF($AP9=Scoring!$D$69,Scoring!$E$69,IF($AP9=Scoring!$D$70,Scoring!$E$70,IF($AP9=Scoring!$D$71,Scoring!$E$71,"")))) -> 40 | AR9: Not applicable | AS9: =IF($AR9=Scoring!$D$72,Scoring!$E$72,IF($AR9=Scoring!$D$73,Scoring!$E$73,IF($AR9=Scoring!$D$74,Scoring!$E$74,""))) -> 30 | AT9: Not applicable | AU9: =IF($AT9=Scoring!$D$75,Scoring!$E$75,IF($AT9=Scoring!$D$76,Scoring!$E$76,IF($AT9=Scoring!$D$77,Scoring!$E$77,IF($AT9=Scoring!$D$78,Scoring!$E$78,IF($AT9=Scoring!$D$79,Scoring!$E$79,""))))) -> 30 | AV9: =SUM(AS9,AU9) -> 60 | AW9: n/a | AX9: =IF($AW9=Scoring!$D$82,Scoring!$K$82,"") -> n/a | AY9: =SUM(AX9,AV9,AQ9,AO9,AM9,EU9) -> 140 | AZ9: 1 | BA9: =IF($AZ9=Scoring!$J$85,Scoring!$K$85,IF($AZ9=Scoring!$J$86,Scoring!$K$86,IF($AZ9=Scoring!$J$87,Scoring!$K$87,IF($AZ9=Scoring!$J$88,Scoring!$K$88,IF($AZ9=Scoring!$J$89,Scoring!$K$89,IF($AZ9=Scoring!$J$89,Scoring!$K$89,IF($AZ9=Scoring!$J$89,Scoring!$K$89,""))))))) -> 30 | BB9: 75-89% | BC9: =IF($BB9=Scoring!$J$92,Scoring!$K$92,IF($BB9=Scoring!$J$93,Scoring!$K$93,IF($BB9=Scoring!$J$94,Scoring!$K$94,IF($BB9=Scoring!$J$95,Scoring!$K$95,IF($BB9=Scoring!$J$96,Scoring!$K$96,IF($BB9=Scoring!$J$97,Scoring!$K$97,IF($BB9=Scoring!$J$99,Scoring!$K$99,""))))))) -> 15 | BD9: Yes | BE9: =IF($BD9=Scoring!$D$100,Scoring!$E$100,IF($BD9=Scoring!$D$101,Scoring!$E$101,IF($BD9=Scoring!$D$102,Scoring!$E$102,""))) -> 15 | BF9: =SUM(BE9,BC9,BA9,EW9) -> 70 | BG9: =AK9+AY9+BF9 -> 535 | BH9: >0.05% of inhabitants | BI9: =IF($BH9=Scoring!$D$108,Scoring!$E$108,IF($BH9=Scoring!$D$109,Scoring!$E$109,IF($BH9=Scoring!$D$110,Scoring!$E$110,IF($BH9=Scoring!$D$111,Scoring!$E$111,IF($BH9=Scoring!$D$112,Scoring!$E$112,IF($BH9=Scoring!$D$113,Scoring!$E$113,IF($BH9=Scoring!$D$114,Scoring!$E$114,IF($BH9=Scoring!$D$115,Scoring!$E$115,IF($BH9=Scoring!$D$116,Scoring!$E$116,IF($BH9=Scoring!$D$117,Scoring!$E$117,"")))))))))) -> 80 | BJ9: Yes | BK9: =IF($BJ9=Scoring!$D$118,Scoring!$E$118,IF($BJ9=Scoring!$D$119,Scoring!$E$119,"")) -> 40 | BL9: Mostly private sector | BM9: =IF($BL9=Scoring!$D$120,Scoring!$E$120,IF($BL9=Scoring!$D$121,Scoring!$E$121,IF($BL9=Scoring!$D$122,Scoring!$E$122,IF($BL9=Scoring!$D$123,Scoring!$E$123,IF($BL9=Scoring!$D$124,Scoring!$E$124,""))))) -> 10 | BN9: Foreign 30 - 44% | BO9: =IF($BN9=Scoring!$D$125,Scoring!$E$125,IF($BN9=Scoring!$D$126,Scoring!$E$126,IF($BN9=Scoring!$D$127,Scoring!$E$127,IF($BN9=Scoring!$D$128,Scoring!$E$128,IF($BN9=Scoring!$D$129,Scoring!$E$129,IF($BN9=Scoring!$D$130,Scoring!$E$130,IF($BN9=Scoring!$D$131,Scoring!$E$131,""))))))) -> 30 | BP9: I don't know | BQ9: =IF($BP9=Scoring!$J$133,Scoring!$K$133,IF($BP9=Scoring!$J$134,Scoring!$K$134,IF($BP9=Scoring!$J$135,Scoring!$K$135,IF($BP9=Scoring!$J$136,Scoring!$K$136,IF($BP9=Scoring!$J$137,Scoring!$K$137,IF($BP9=Scoring!$J$138,Scoring!$K$138,IF($BP9=Scoring!$J$139,Scoring!$K$139,IF($BP9=Scoring!$J$140,Scoring!$K$140,"")))))))) -> 0 | BR9: =SUM(BQ9,BO9,BM9) -> 40 | CC9: Yes | CD9: =IF($CC9=Scoring!$D$151,Scoring!$G$151,IF($CC9=Scoring!$D$152,Scoring!$G$152,"")) -> 20 | CE9: Yes | CF9: =IF($CE9=Scoring!$D$153,Scoring!$K$153,IF($CE9=Scoring!$D$154,Scoring!$K$154,"")) -> 20 | CG9: Yes | CH9: =IF($CG9=Scoring!$D$155,Scoring!$G$155,IF($CG9=Scoring!$D$156,Scoring!$G$156,"")) -> 10 | CI9: Yes | CJ9: =IF($CI9=Scoring!$D$164,Scoring!$G$164,IF($CI9=Scoring!$D$165,Scoring!$G$165,"")) -> 20 | CK9: =SUM(CJ9,CH9,CF9,CD9,BR9,BK9,BI9,EY9,FA9,FC9) -> 255 | CL9: No | CM9: =IF($CL9=Scoring!$D$171,Scoring!$E$171,IF($CL9=Scoring!$D$172,Scoring!$E$172,"")) -> 0 | CN9: Medium | CO9: =IF($CN9=Scoring!$D$173,Scoring!$E$173,IF($CN9=Scoring!$D$174,Scoring!$E$174,IF($CN9=Scoring!$D$175,Scoring!$E$175,IF($CN9=Scoring!$D$176,Scoring!$E$176,"")))) -> 20 | CP9: High | CQ9: =IF($CP9=Scoring!$D$177,Scoring!$E$177,IF($CP9=Scoring!$D$178,Scoring!$E$178,IF($CP9=Scoring!$D$179,Scoring!$E$179,IF($CP9=Scoring!$D$180,Scoring!$E$180,"")))) -> 50 | CR9: =SUM(CM9,CO9,CQ9) -> 70 | CS9: High | CT9: =IF($CS9=Scoring!$D$183,Scoring!$E$183,IF($CS9=Scoring!$D$184,Scoring!$E$184,IF($CS9=Scoring!$D$185,Scoring!$E$185,IF($CS9=Scoring!$D$186,Scoring!$E$186,"")))) -> 30 | CU9: High | CV9: =IF($CU9=Scoring!$D$183,Scoring!$E$183,IF($CU9=Scoring!$D$184,Scoring!$E$184,IF($CU9=Scoring!$D$185,Scoring!$E$185,IF($CU9=Scoring!$D$186,Scoring!$E$186,"")))) -> 30 | CW9: =SUM(CT9,CV9) -> 60 | CX9: No | CY9: =IF($CX9=Scoring!$D$193,Scoring!$E$193,IF($CX9=Scoring!$D$194,Scoring!$E$194,IF($CX9=Scoring!$D$195,Scoring!$E$195,""))) -> 0 | CZ9: No | DA9: =IF($CZ9=Scoring!$D$196,Scoring!$E$196,IF($CZ9=Scoring!$D$197,Scoring!$E$197,IF($CZ9=Scoring!$D$198,Scoring!$E$198,""))) -> 0 | DB9: No | DC9: =IF($DB9=Scoring!$D$199,Scoring!$E$199,IF($DB9=Scoring!$D$200,Scoring!$E$200,IF($DB9=Scoring!$D$201,Scoring!$E$201,""))) -> 0 | DD9: Marginal (Zero) Cost Model | DE9: =IF($DD9=Scoring!$D$202,Scoring!$E$202,IF($DD9=Scoring!$D$203,Scoring!$E$203,IF($DD9=Scoring!$D$204,Scoring!$E$204,IF($DD9=Scoring!$D$205,Scoring!$E$205,"")))) -> 30 | DF9: =SUM(CY9,DA9,DC9,DE9) -> 30 | DG9: =CR9+CW9+DF9 -> 160 | DH9: =DG9+CK9+BG9 -> 950 | DI9: Yes | DJ9: =IF($DI9=Scoring!$D$219,Scoring!$E$219,IF($DI9=Scoring!$D$220,Scoring!$E$220,"")) -> 20 | DK9: No | DL9: =IF($DK9=Scoring!$D$221,Scoring!$E$221,IF($DK9=Scoring!$D$222,Scoring!$E$222,"")) -> 0 | DM9: Yes | DN9: =IF($DM9=Scoring!$D$223,Scoring!$E$223,IF($DM9=Scoring!$D$224,Scoring!$E$224,"")) -> 10 | DO9: Yes | DP9: =IF($DO9=Scoring!$D$225,Scoring!$E$225,IF($DO9=Scoring!$D$226,Scoring!$E$226,"")) -> 10 | DQ9: =SUM($DP9,$DN9,$DL9,$DJ9,$FE9,$FG9,$FI9,$FK9) -> 50 | DR9: No | DS9: =IF($DR9=Scoring!$D$237,Scoring!$E$237,IF($DR9=Scoring!$D$238,Scoring!$E$238,"")) -> 0 | DT9: 50 - 69% | DU9: =IF($DT9=Scoring!$D$240,Scoring!$E$240,IF($DT9=Scoring!$D$241,Scoring!$E$241,IF($DT9=Scoring!$D$242,Scoring!$E$242,IF($DT9=Scoring!$D$243,Scoring!$E$243,IF($DT9=Scoring!$D$244,Scoring!$E$244,IF($DT9=Scoring!$D$245,Scoring!$E$245,IF($DT9=Scoring!$D$246,Scoring!$E$246,""))))))) -> 40 | DV9: No | DW9: =IF($DV9=Scoring!$D$247,Scoring!$E$247,IF($DV9=Scoring!$D$248,Scoring!$E$248,"")) -> 0 | DX9: Yes | DY9: =IF($DX9=Scoring!$D$249,Scoring!$E$249,IF($DX9=Scoring!$D$250,Scoring!$E$250,"")) -> 20 | DZ9: Yes | EA9: =IF($DZ9=Scoring!$D$251,Scoring!$E$251,IF($DZ9=Scoring!$D$252,Scoring!$E$252,"")) -> 10 | EB9: Yes | EC9: =IF($EB9=Scoring!$D$253,Scoring!$E$253,IF($EB9=Scoring!$D$254,Scoring!$E$254,"")) -> 10 | ED9: =SUM(EC9,EA9,DY9,DW9,DU9,DS9) -> 80 | EE9: Yes | EF9: =IF($EE9=Scoring!$D$257,Scoring!$E$257,IF($EE9=Scoring!$D$258,Scoring!$E$258,"")) -> 20 | EG9: Yes | EH9: =IF($EG9=Scoring!$D$259,Scoring!$E$259,IF($EG9=Scoring!$D$260,Scoring!$E$260,"")) -> 15 | EI9: Yes | EJ9: =IF($EI9=Scoring!$D$261,Scoring!$E$261,IF($EI9=Scoring!$D$262,Scoring!$E$262,"")) -> 15 | EK9: =SUM(EJ9,EH9,EF9) -> 50 | EL9: =EK9+ED9+DQ9 -> 180 | EM9: =SUM(EL9,DH9) -> 1130 | EN9: <25% | EO9: =IF($EN9=Scoring!$D$22,Scoring!$K$22,IF($EN9=Scoring!$D$23,Scoring!$K$23,IF($EN9=Scoring!$D$24,Scoring!$K$24,IF($EN9=Scoring!$D$25,Scoring!$K$25,IF($EN9=Scoring!$D$26,Scoring!$K$26,IF($EN9=Scoring!$D$27,Scoring!$K$27,"")))))) -> 0 | EP9: No | EQ9: =IF($EP9=Scoring!$D$43,Scoring!$K$43,IF($EP9=Scoring!$D$44,Scoring!$K$44,IF($EP9=Scoring!$D$45,Scoring!$K$45,""))) -> 0 | ER9: National public administrations | ES9: =IF($ER9=Scoring!$D$52,Scoring!$K$52,IF($ER9=Scoring!$D$53,Scoring!$K$53,IF($ER9=Scoring!$D$54,Scoring!$K$54,IF($ER9=Scoring!$D$55,Scoring!$K$55,IF($ER9=Scoring!$D$56,Scoring!$K$56,""))))) -> 20 | ET9: Yes | EU9: =IF($ET9=Scoring!$D$80,Scoring!$K$80,IF($ET9=Scoring!$D$81,Scoring!$K$81,"")) -> 10 | EV9: Yes | EW9: =IF($EV9=Scoring!$D$103,Scoring!$K$103,IF($EV9=Scoring!$D$104,Scoring!$K$104,IF($EV9=Scoring!$D$105,Scoring!$K$105,""))) -> 10 | EX9: Yes | EY9: =IF($EX9=Scoring!$D$157,Scoring!$K$157,IF($EX9=Scoring!$D$158,Scoring!$K$158,"")) -> 15 | EZ9: Yes, very much | FA9: =IF($EZ9=Scoring!$J$160,Scoring!$K$160,IF($EZ9=Scoring!$J$161,Scoring!$K$161,IF($EZ9=Scoring!$J$162,Scoring!$K$162,IF($EZ9=Scoring!$J$163,Scoring!$K$163,"")))) -> 10 | FB9: No | FC9: =IF($FB9=Scoring!$D$166,Scoring!$K$166,IF($FB9=Scoring!$D$167,Scoring!$K$167,"")) -> 0 | FD9: No | FE9: =IF($FD9=Scoring!$D$227,Scoring!$K$227,IF($FD9=Scoring!$D$228,Scoring!$K$228,"")) -> 0 | FF9: No | FG9: =IF($FF9=Scoring!$D$229,Scoring!$K$229,IF($FF9=Scoring!$D$230,Scoring!$K$230,"")) -> 0 | FH9: Yes | FI9: =IF($FH9=Scoring!$D$231,Scoring!$K$231,IF($FH9=Scoring!$D$232,Scoring!$K$232,"")) -> 5 | FJ9: Yes | FK9: =IF($FJ9=Scoring!$D$233,Scoring!$K$233,IF($FJ9=Scoring!$D$234,Scoring!$K$234,"")) -> 5 | FL9: =SUM(EO9,EQ9,ES9,EU9,EW9,EY9,FA9,FC9,FE9,FI9,FK9) -> 75 | FS9: No answer | FU9: No answer
A10: Czech Republic | B10: Ministry of the Interior of the Czech Republic | C10: Michal Kubáň | D10: National Open Data Coordinator | E10: michal.kuban@mvcr.cz | F10: Yes | G10: =IF($F10=Scoring!$D$5,Scoring!$E$5,IF($F10=Scoring!$D$6,Scoring!$E$6,"")) -> 20 | H10: Yes | I10: =IF($H10=Scoring!$D$7,Scoring!$E$7,IF($H10=Scoring!$D$8,Scoring!$E$8,"")) -> 20 | J10: More ambitious | K10: =IF($J10=Scoring!$J$9,Scoring!$K$9,IF($J10=Scoring!$J$10,Scoring!$K$10,IF($J10=Scoring!$J$11,Scoring!$K$11,""))) -> 10 | L10: Yes | M10: =IF($L10=Scoring!$D$12,Scoring!$G$12,IF($L10=Scoring!$D$13,Scoring!$G$13,"")) -> 10 | N10: =SUM(M10,K10,I10) -> 40 | O10: Yes | P10: =IF($O10=Scoring!$D$14,Scoring!$E$14,IF($O10=Scoring!$D$15,Scoring!$E$15,"")) -> 30 | Q10: Yes | R10: =IF($Q10=Scoring!$D$16,Scoring!$E$16,IF($Q10=Scoring!$D$17,Scoring!$E$17,IF($Q10=Scoring!$D$18,Scoring!$E$18,""))) -> 20 | S10: =SUM(R10,P10) -> 50 | T10: Yes | U10: =IF($T10=Scoring!$J$19,Scoring!$K$19,IF($T10=Scoring!$J$20,Scoring!$K$20,IF($T10=Scoring!$J$21,Scoring!$K$21,""))) -> 20 | V10: Daily | W10: =IF($V10=Scoring!$J$28,Scoring!$K$28,IF($V10=Scoring!$J$29,Scoring!$K$29,IF($V10=Scoring!$J$30,Scoring!$K$30,IF($V10=Scoring!$J$31,Scoring!$K$31,IF($V10=Scoring!$J$32,Scoring!$K$32,IF($V10=Scoring!$J$33,Scoring!$K$33,IF($V10=Scoring!$J$34,Scoring!$K$34,""))))))) -> 50 | X10: Yes | Y10: =IF($X10=Scoring!$D$35,Scoring!$E$35,IF($X10=Scoring!$D$36,Scoring!$E$36,IF($X10=Scoring!$D$37,Scoring!$E$37,""))) -> 20 | Z10: Yes | AA10: =IF($Z10=Scoring!$D$38,Scoring!$G$38,IF($Z10=Scoring!$D$39,Scoring!$G$39,"")) -> 10 | AB10: =SUM(AA10,Y10) -> 30 | AC10: Yes | AD10: =IF($AC10=Scoring!$D$40,Scoring!$E$40,IF($AC10=Scoring!$D$41,Scoring!$E$41,IF($AC10=Scoring!$D$42,Scoring!$E$42,""))) -> 10 | AE10: Yes | AF10: =IF($AE10=Scoring!$D$46,Scoring!$E$46,IF($AE10=Scoring!$D$47,Scoring!$E$47,"")) -> 20 | AG10: Yes, more than 5 | AH10: =IF($AG10=Scoring!$F$48,Scoring!$G$48,IF($AG10=Scoring!$F$49,Scoring!$G$49,IF($AG10=Scoring!$F$50,Scoring!$G$50,IF($AG10=Scoring!$F$51,Scoring!$G$51,"")))) -> 50 | AI10: Yes | AJ10: =IF($AI10=Scoring!$D$57,Scoring!$E$57,IF($AI10=Scoring!$D$58,Scoring!$E$58,"")) -> 30 | AK10: =SUM(AJ10,AH10,AF10,AD10,AB10,W10,U10,S10,N10,G10,EO10,EQ10,ES10) -> 385 | AL10: Yes | AM10: =IF($AL10=Scoring!$D$63,Scoring!$E$63,IF($AL10=Scoring!$D$64,Scoring!$E$64,"")) -> 20 | AN10: Yes | AO10: =IF($AN10=Scoring!$D$65,Scoring!$E$65,IF($AN10=Scoring!$D$66,Scoring!$E$66,IF($AN10=Scoring!$D$67,Scoring!$E$67,""))) -> 10 | AP10: Some | AQ10: =IF($AP10=Scoring!$D$68,Scoring!$E$68,IF($AP10=Scoring!$D$69,Scoring!$E$69,IF($AP10=Scoring!$D$70,Scoring!$E$70,IF($AP10=Scoring!$D$71,Scoring!$E$71,"")))) -> 10 | AR10: Yes | AS10: =IF($AR10=Scoring!$D$72,Scoring!$E$72,IF($AR10=Scoring!$D$73,Scoring!$E$73,IF($AR10=Scoring!$D$74,Scoring!$E$74,""))) -> 30 | AT10: Many | AU10: =IF($AT10=Scoring!$D$75,Scoring!$E$75,IF($AT10=Scoring!$D$76,Scoring!$E$76,IF($AT10=Scoring!$D$77,Scoring!$E$77,IF($AT10=Scoring!$D$78,Scoring!$E$78,"")))) -> 20 | AV10: =SUM(AS10,AU10) -> 50 | AW10: n/a | AX10: =IF($AW10=Scoring!$D$82,Scoring!$K$82,"") -> n/a | AY10: =SUM(AX10,AV10,AQ10,AO10,AM10,EU10) -> 100 | AZ10: 1 | BA10: =IF($AZ10=Scoring!$J$85,Scoring!$K$85,IF($AZ10=Scoring!$J$86,Scoring!$K$86,IF($AZ10=Scoring!$J$87,Scoring!$K$87,IF($AZ10=Scoring!$J$88,Scoring!$K$88,IF($AZ10=Scoring!$J$89,Scoring!$K$89,IF($AZ10=Scoring!$J$89,Scoring!$K$89,IF($AZ10=Scoring!$J$89,Scoring!$K$89,""))))))) -> 30 | BB10: 75-89% | BC10: =IF($BB10=Scoring!$J$92,Scoring!$K$92,IF($BB10=Scoring!$J$93,Scoring!$K$93,IF($BB10=Scoring!$J$94,Scoring!$K$94,IF($BB10=Scoring!$J$95,Scoring!$K$95,IF($BB10=Scoring!$J$96,Scoring!$K$96,IF($BB10=Scoring!$J$97,Scoring!$K$97,IF($BB10=Scoring!$J$99,Scoring!$K$99,""))))))) -> 15 | BD10: Yes | BE10: =IF($BD10=Scoring!$D$100,Scoring!$E$100,IF($BD10=Scoring!$D$101,Scoring!$E$101,IF($BD10=Scoring!$D$102,Scoring!$E$102,""))) -> 15 | BF10: =SUM(BE10,BC10,BA10,EW10) -> 70 | BG10: =AK10+AY10+BF10 -> 555 | BH10: <0.014% of inhabitants | BI10: =IF($BH10=Scoring!$D$108,Scoring!$E$108,IF($BH10=Scoring!$D$109,Scoring!$E$109,IF($BH10=Scoring!$D$110,Scoring!$E$110,IF($BH10=Scoring!$D$111,Scoring!$E$111,IF($BH10=Scoring!$D$112,Scoring!$E$112,IF($BH10=Scoring!$D$113,Scoring!$E$113,IF($BH10=Scoring!$D$114,Scoring!$E$114,IF($BH10=Scoring!$D$115,Scoring!$E$115,IF($BH10=Scoring!$D$116,Scoring!$E$116,IF($BH10=Scoring!$D$117,Scoring!$E$117,"")))))))))) -> 0 | BJ10: Yes | BK10: =IF($BJ10=Scoring!$D$118,Scoring!$E$118,IF($BJ10=Scoring!$D$119,Scoring!$E$119,"")) -> 40 | BL10: A bit of everything | BM10: =IF($BL10=Scoring!$D$120,Scoring!$E$120,IF($BL10=Scoring!$D$121,Scoring!$E$121,IF($BL10=Scoring!$D$122,Scoring!$E$122,IF($BL10=Scoring!$D$123,Scoring!$E$123,IF($BL10=Scoring!$D$124,Scoring!$E$124,""))))) -> 25 | BN10: Foreign 0 - 4% | BO10: =IF($BN10=Scoring!$D$125,Scoring!$E$125,IF($BN10=Scoring!$D$126,Scoring!$E$126,IF($BN10=Scoring!$D$127,Scoring!$E$127,IF($BN10=Scoring!$D$128,Scoring!$E$128,IF($BN10=Scoring!$D$129,Scoring!$E$129,IF($BN10=Scoring!$D$130,Scoring!$E$130,IF($BN10=Scoring!$D$131,Scoring!$E$131,""))))))) -> 0 | BP10: I don't know | BQ10: =IF($BP10=Scoring!$J$133,Scoring!$K$133,IF($BP10=Scoring!$J$134,Scoring!$K$134,IF($BP10=Scoring!$J$135,Scoring!$K$135,IF($BP10=Scoring!$J$136,Scoring!$K$136,IF($BP10=Scoring!$J$137,Scoring!$K$137,IF($BP10=Scoring!$J$138,Scoring!$K$138,IF($BP10=Scoring!$J$139,Scoring!$K$139,IF($BP10=Scoring!$J$140,Scoring!$K$140,"")))))))) -> 0 | BR10: =SUM(BQ10,BO10,BM10) -> 25 | CC10: Yes | CD10: =IF($CC10=Scoring!$D$151,Scoring!$G$151,IF($CC10=Scoring!$D$152,Scoring!$G$152,"")) -> 20 | CE10: Yes | CF10: =IF($CE10=Scoring!$D$153,Scoring!$K$153,IF($CE10=Scoring!$D$154,Scoring!$K$154,"")) -> 20 | CG10: Yes | CH10: =IF($CG10=Scoring!$D$155,Scoring!$G$155,IF($CG10=Scoring!$D$156,Scoring!$G$156,"")) -> 10 | CI10: Yes | CJ10: =IF($CI10=Scoring!$D$164,Scoring!$G$164,IF($CI10=Scoring!$D$165,Scoring!$G$165,"")) -> 20 | CK10: =SUM(CJ10,CH10,CF10,CD10,BR10,BK10,BI10,EY10,FA10,FC10) -> 170 | CL10: Yes | CM10: =IF($CL10=Scoring!$D$171,Scoring!$E$171,IF($CL10=Scoring!$D$172,Scoring!$E$172,"")) -> 30 | CN10: Low | CO10: =IF($CN10=Scoring!$D$173,Scoring!$E$173,IF($CN10=Scoring!$D$174,Scoring!$E$174,IF($CN10=Scoring!$D$175,Scoring!$E$175,IF($CN10=Scoring!$D$176,Scoring!$E$176,"")))) -> 0 | CP10: Low | CQ10: =IF($CP10=Scoring!$D$177,Scoring!$E$177,IF($CP10=Scoring!$D$178,Scoring!$E$178,IF($CP10=Scoring!$D$179,Scoring!$E$179,IF($CP10=Scoring!$D$180,Scoring!$E$180,"")))) -> 0 | CR10: =SUM(CM10,CO10,CQ10) -> 30 | CS10: Low | CT10: =IF($CS10=Scoring!$D$183,Scoring!$E$183,IF($CS10=Scoring!$D$184,Scoring!$E$184,IF($CS10=Scoring!$D$185,Scoring!$E$185,IF($CS10=Scoring!$D$186,Scoring!$E$186,"")))) -> 0 | CU10: Low | CV10: =IF($CU10=Scoring!$D$183,Scoring!$E$183,IF($CU10=Scoring!$D$184,Scoring!$E$184,IF($CU10=Scoring!$D$185,Scoring!$E$185,IF($CU10=Scoring!$D$186,Scoring!$E$186,"")))) -> 0 | CW10: =SUM(CT10,CV10) -> 0 | CX10: No | CY10: =IF($CX10=Scoring!$D$193,Scoring!$E$193,IF($CX10=Scoring!$D$194,Scoring!$E$194,IF($CX10=Scoring!$D$195,Scoring!$E$195,""))) -> 0 | CZ10: Yes | DA10: =IF($CZ10=Scoring!$D$196,Scoring!$E$196,IF($CZ10=Scoring!$D$197,Scoring!$E$197,IF($CZ10=Scoring!$D$198,Scoring!$E$198,""))) -> 30 | DB10: No | DC10: =IF($DB10=Scoring!$D$199,Scoring!$E$199,IF($DB10=Scoring!$D$200,Scoring!$E$200,IF($DB10=Scoring!$D$201,Scoring!$E$201,""))) -> 0 | DD10: Marginal (Zero) Cost Model | DE10: =IF($DD10=Scoring!$D$202,Scoring!$E$202,IF($DD10=Scoring!$D$203,Scoring!$E$203,IF($DD10=Scoring!$D$204,Scoring!$E$204,IF($DD10=Scoring!$D$205,Scoring!$E$205,"")))) -> 30 | DF10: =SUM(CY10,DA10,DC10,DE10) -> 60 | DG10: =CR10+CW10+DF10 -> 90 | DH10: =DG10+CK10+BG10 -> 815 | DI10: Yes | DJ10: =IF($DI10=Scoring!$D$219,Scoring!$E$219,IF($DI10=Scoring!$D$220,Scoring!$E$220,"")) -> 20 | DK10: No | DL10: =IF($DK10=Scoring!$D$221,Scoring!$E$221,IF($DK10=Scoring!$D$222,Scoring!$E$222,"")) -> 0 | DM10: Yes | DN10: =IF($DM10=Scoring!$D$223,Scoring!$E$223,IF($DM10=Scoring!$D$224,Scoring!$E$224,"")) -> 10 | DO10: Yes | DP10: =IF($DO10=Scoring!$D$225,Scoring!$E$225,IF($DO10=Scoring!$D$226,Scoring!$E$226,"")) -> 10 | DQ10: =SUM($DP10,$DN10,$DL10,$DJ10,$FE10,$FG10,$FI10,$FK10) -> 50 | DR10: Yes | DS10: =IF($DR10=Scoring!$D$237,Scoring!$E$237,IF($DR10=Scoring!$D$238,Scoring!$E$238,"")) -> 20 | DT10: ≥ 90% | DU10: =IF($DT10=Scoring!$D$240,Scoring!$E$240,IF($DT10=Scoring!$D$241,Scoring!$E$241,IF($DT10=Scoring!$D$242,Scoring!$E$242,IF($DT10=Scoring!$D$243,Scoring!$E$243,IF($DT10=Scoring!$D$244,Scoring!$E$244,IF($DT10=Scoring!$D$245,Scoring!$E$245,IF($DT10=Scoring!$D$246,Scoring!$E$246,""))))))) -> 60 | DV10: No | DW10: =IF($DV10=Scoring!$D$247,Scoring!$E$247,IF($DV10=Scoring!$D$248,Scoring!$E$248,"")) -> 0 | DX10: Yes | DY10: =IF($DX10=Scoring!$D$249,Scoring!$E$249,IF($DX10=Scoring!$D$250,Scoring!$E$250,"")) -> 20 | DZ10: Yes | EA10: =IF($DZ10=Scoring!$D$251,Scoring!$E$251,IF($DZ10=Scoring!$D$252,Scoring!$E$252,"")) -> 10 | EB10: Yes | EC10: =IF($EB10=Scoring!$D$253,Scoring!$E$253,IF($EB10=Scoring!$D$254,Scoring!$E$254,"")) -> 10 | ED10: =SUM(EC10,EA10,DY10,DW10,DU10,DS10) -> 120 | EE10: No | EF10: =IF($EE10=Scoring!$D$257,Scoring!$E$257,IF($EE10=Scoring!$D$258,Scoring!$E$258,"")) -> 0 | EG10: Yes | EH10: =IF($EG10=Scoring!$D$259,Scoring!$E$259,IF($EG10=Scoring!$D$260,Scoring!$E$260,"")) -> 15 | EI10: Yes | EJ10: =IF($EI10=Scoring!$D$261,Scoring!$E$261,IF($EI10=Scoring!$D$262,Scoring!$E$262,"")) -> 15 | EK10: =SUM(EJ10,EH10,EF10) -> 30 | EL10: =EK10+ED10+DQ10 -> 200 | EM10: =SUM(EL10,DH10) -> 1015 | EN10: 90-99% | EO10: =IF($EN10=Scoring!$D$22,Scoring!$K$22,IF($EN10=Scoring!$D$23,Scoring!$K$23,IF($EN10=Scoring!$D$24,Scoring!$K$24,IF($EN10=Scoring!$D$25,Scoring!$K$25,IF($EN10=Scoring!$D$26,Scoring!$K$26,IF($EN10=Scoring!$D$27,Scoring!$K$27,"")))))) -> 50 | EP10: Yes | EQ10: =IF($EP10=Scoring!$D$43,Scoring!$K$43,IF($EP10=Scoring!$D$44,Scoring!$K$44,IF($EP10=Scoring!$D$45,Scoring!$K$45,""))) -> 10 | ER10: Private sector | ES10: =IF($ER10=Scoring!$D$52,Scoring!$K$52,IF($ER10=Scoring!$D$53,Scoring!$K$53,IF($ER10=Scoring!$D$54,Scoring!$K$54,IF($ER10=Scoring!$D$55,Scoring!$K$55,IF($ER10=Scoring!$D$56,Scoring!$K$56,""))))) -> 5 | ET10: Yes | EU10: =IF($ET10=Scoring!$D$80,Scoring!$K$80,IF($ET10=Scoring!$D$81,Scoring!$K$81,"")) -> 10 | EV10: Yes | EW10: =IF($EV10=Scoring!$D$103,Scoring!$K$103,IF($EV10=Scoring!$D$104,Scoring!$K$104,IF($EV10=Scoring!$D$105,Scoring!$K$105,""))) -> 10 | EX10: Yes | EY10: =IF($EX10=Scoring!$D$157,Scoring!$K$157,IF($EX10=Scoring!$D$158,Scoring!$K$158,"")) -> 15 | EZ10: Yes, very much | FA10: =IF($EZ10=Scoring!$J$160,Scoring!$K$160,IF($EZ10=Scoring!$J$161,Scoring!$K$161,IF($EZ10=Scoring!$J$162,Scoring!$K$162,IF($EZ10=Scoring!$J$163,Scoring!$K$163,"")))) -> 10 | FB10: Yes | FC10: =IF($FB10=Scoring!$D$166,Scoring!$K$166,IF($FB10=Scoring!$D$167,Scoring!$K$167,"")) -> 10 | FD10: No | FE10: =IF($FD10=Scoring!$D$227,Scoring!$K$227,IF($FD10=Scoring!$D$228,Scoring!$K$228,"")) -> 0 | FF10: No | FG10: =IF($FF10=Scoring!$D$229,Scoring!$K$229,IF($FF10=Scoring!$D$230,Scoring!$K$230,"")) -> 0 | FH10: Yes | FI10: =IF($FH10=Scoring!$D$231,Scoring!$K$231,IF($FH10=Scoring!$D$232,Scoring!$K$232,"")) -> 5 | FJ10: Yes | FK10: =IF($FJ10=Scoring!$D$233,Scoring!$K$233,IF($FJ10=Scoring!$D$234,Scoring!$K$234,"")) -> 5 | FL10: =SUM(EO10,EQ10,ES10,EU10,EW10,EY10,FA10,FC10,FE10,FI10,FK10) -> 130 | FM10: Yes, very well | FO10: Yes, as it is | FQ10: Yes, as it is | FR10: 10 | FS10: Answer | FU10: Answer
A11: Denmark | B11: Danish Agency for Digitisation | C11: Bjørn Hvidtfeldt Larsen | D11: Head of Section | E11: bjlar@digst.dk | F11: Yes | G11: =IF($F11=Scoring!$D$5,Scoring!$E$5,IF($F11=Scoring!$D$6,Scoring!$E$6,"")) -> 20 | H11: Yes | I11: =IF($H11=Scoring!$D$7,Scoring!$E$7,IF($H11=Scoring!$D$8,Scoring!$E$8,"")) -> 20 | J11: Same | K11: =IF($J11=Scoring!$J$9,Scoring!$K$9,IF($J11=Scoring!$J$10,Scoring!$K$10,IF($J11=Scoring!$J$11,Scoring!$K$11,""))) -> 5 | L11: Yes | M11: =IF($L11=Scoring!$D$12,Scoring!$G$12,IF($L11=Scoring!$D$13,Scoring!$G$13,"")) -> 10 | N11: =SUM(M11,K11,I11) -> 35 | O11: Yes | P11: =IF($O11=Scoring!$D$14,Scoring!$E$14,IF($O11=Scoring!$D$15,Scoring!$E$15,"")) -> 30 | Q11: Yes | R11: =IF($Q11=Scoring!$D$16,Scoring!$E$16,IF($Q11=Scoring!$D$17,Scoring!$E$17,IF($Q11=Scoring!$D$18,Scoring!$E$18,""))) -> 20 | S11: =SUM(R11,P11) -> 50 | T11: Not applicable | U11: =IF($T11=Scoring!$J$19,Scoring!$K$19,IF($T11=Scoring!$J$20,Scoring!$K$20,IF($T11=Scoring!$J$21,Scoring!$K$21,""))) | V11: Not standardized | W11: =IF($V11=Scoring!$J$28,Scoring!$K$28,IF($V11=Scoring!$J$29,Scoring!$K$29,IF($V11=Scoring!$J$30,Scoring!$K$30,IF($V11=Scoring!$J$31,Scoring!$K$31,IF($V11=Scoring!$J$32,Scoring!$K$32,IF($V11=Scoring!$J$33,Scoring!$K$33,IF($V11=Scoring!$J$34,Scoring!$K$34,""))))))) -> 0 | X11: No | Y11: =IF($X11=Scoring!$D$35,Scoring!$E$35,IF($X11=Scoring!$D$36,Scoring!$E$36,IF($X11=Scoring!$D$37,Scoring!$E$37,""))) -> 0 | Z11: Yes | AA11: =IF($Z11=Scoring!$D$38,Scoring!$G$38,IF($Z11=Scoring!$D$39,Scoring!$G$39,"")) -> 10 | AB11: =SUM(AA11,Y11) -> 10 | AC11: Yes | AD11: =IF($AC11=Scoring!$D$40,Scoring!$E$40,IF($AC11=Scoring!$D$41,Scoring!$E$41,IF($AC11=Scoring!$D$42,Scoring!$E$42,""))) -> 10 | AE11: Yes | AF11: =IF($AE11=Scoring!$D$46,Scoring!$E$46,IF($AE11=Scoring!$D$47,Scoring!$E$47,"")) -> 20 | AG11: Yes, more than 3 | AH11: =IF($AG11=Scoring!$H$48,Scoring!$I$48,IF($AG11=Scoring!$H$49,Scoring!$I$49,IF($AG11=Scoring!$H$50,Scoring!$I$50,IF($AG11=Scoring!$H$51,Scoring!$I$51,"")))) -> 50 | AI11: Yes | AJ11: =IF($AI11=Scoring!$D$57,Scoring!$E$57,IF($AI11=Scoring!$D$58,Scoring!$E$58,"")) -> 30 | AK11: =SUM(AJ11,AH11,AF11,AD11,AB11,W11,U11,S11,N11,G11,EO11,EQ11,ES11) -> 245 | AL11: Yes | AM11: =IF($AL11=Scoring!$D$63,Scoring!$E$63,IF($AL11=Scoring!$D$64,Scoring!$E$64,"")) -> 20 | AN11: Yes | AO11: =IF($AN11=Scoring!$D$65,Scoring!$E$65,IF($AN11=Scoring!$D$66,Scoring!$E$66,IF($AN11=Scoring!$D$67,Scoring!$E$67,""))) -> 10 | AP11: Many | AQ11: =IF($AP11=Scoring!$D$68,Scoring!$E$68,IF($AP11=Scoring!$D$69,Scoring!$E$69,IF($AP11=Scoring!$D$70,Scoring!$E$70,IF($AP11=Scoring!$D$71,Scoring!$E$71,"")))) -> 40 | AR11: Yes | AS11: =IF($AR11=Scoring!$D$72,Scoring!$E$72,IF($AR11=Scoring!$D$73,Scoring!$E$73,IF($AR11=Scoring!$D$74,Scoring!$E$74,""))) -> 30 | AT11: Some | AU11: =IF($AT11=Scoring!$D$75,Scoring!$E$75,IF($AT11=Scoring!$D$76,Scoring!$E$76,IF($AT11=Scoring!$D$77,Scoring!$E$77,IF($AT11=Scoring!$D$78,Scoring!$E$78,"")))) -> 10 | AV11: =SUM(AS11,AU11) -> 40 | AW11: n/a | AX11: =IF($AW11=Scoring!$D$82,Scoring!$K$82,"") -> n/a | AY11: =SUM(AX11,AV11,AQ11,AO11,AM11,EU11) -> 120 | AZ11: 1 | BA11: =IF($AZ11=Scoring!$J$85,Scoring!$K$85,IF($AZ11=Scoring!$J$86,Scoring!$K$86,IF($AZ11=Scoring!$J$87,Scoring!$K$87,IF($AZ11=Scoring!$J$88,Scoring!$K$88,IF($AZ11=Scoring!$J$89,Scoring!$K$89,IF($AZ11=Scoring!$J$89,Scoring!$K$89,IF($AZ11=Scoring!$J$89,Scoring!$K$89,""))))))) -> 30 | BB11: 90-99% | BC11: =IF($BB11=Scoring!$J$92,Scoring!$K$92,IF($BB11=Scoring!$J$93,Scoring!$K$93,IF($BB11=Scoring!$J$94,Scoring!$K$94,IF($BB11=Scoring!$J$95,Scoring!$K$95,IF($BB11=Scoring!$J$96,Scoring!$K$96,IF($BB11=Scoring!$J$97,Scoring!$K$97,IF($BB11=Scoring!$J$99,Scoring!$K$99,""))))))) -> 20 | BD11: Yes | BE11: =IF($BD11=Scoring!$D$100,Scoring!$E$100,IF($BD11=Scoring!$D$101,Scoring!$E$101,IF($BD11=Scoring!$D$102,Scoring!$E$102,""))) -> 15 | BF11: =SUM(BE11,BC11,BA11,EW11) -> 75 | BG11: =AK11+AY11+BF11 -> 440 | BH11: I don't know | BI11: =IF($BH11=Scoring!$D$108,Scoring!$E$108,IF($BH11=Scoring!$D$109,Scoring!$E$109,IF($BH11=Scoring!$D$110,Scoring!$E$110,IF($BH11=Scoring!$D$111,Scoring!$E$111,IF($BH11=Scoring!$D$112,Scoring!$E$112,IF($BH11=Scoring!$D$113,Scoring!$E$113,IF($BH11=Scoring!$D$114,Scoring!$E$114,IF($BH11=Scoring!$D$115,Scoring!$E$115,IF($BH11=Scoring!$D$116,Scoring!$E$116,IF($BH11=Scoring!$D$117,Scoring!$E$117,"")))))))))) -> 0 | BJ11: Yes | BK11: =IF($BJ11=Scoring!$D$118,Scoring!$E$118,IF($BJ11=Scoring!$D$119,Scoring!$E$119,"")) -> 40 | BL11: I don't know | BM11: =IF($BL11=Scoring!$D$120,Scoring!$E$120,IF($BL11=Scoring!$D$121,Scoring!$E$121,IF($BL11=Scoring!$D$122,Scoring!$E$122,IF($BL11=Scoring!$D$123,Scoring!$E$123,IF($BL11=Scoring!$D$124,Scoring!$E$124,""))))) -> 0 | BN11: I don't know | BO11: =IF($BN11=Scoring!$D$125,Scoring!$E$125,IF($BN11=Scoring!$D$126,Scoring!$E$126,IF($BN11=Scoring!$D$127,Scoring!$E$127,IF($BN11=Scoring!$D$128,Scoring!$E$128,IF($BN11=Scoring!$D$129,Scoring!$E$129,IF($BN11=Scoring!$D$130,Scoring!$E$130,IF($BN11=Scoring!$D$131,Scoring!$E$131,""))))))) -> 0 | BP11: I don't know | BQ11: =IF($BP11=Scoring!$J$133,Scoring!$K$133,IF($BP11=Scoring!$J$134,Scoring!$K$134,IF($BP11=Scoring!$J$135,Scoring!$K$135,IF($BP11=Scoring!$J$136,Scoring!$K$136,IF($BP11=Scoring!$J$137,Scoring!$K$137,IF($BP11=Scoring!$J$138,Scoring!$K$138,IF($BP11=Scoring!$J$139,Scoring!$K$139,IF($BP11=Scoring!$J$140,Scoring!$K$140,"")))))))) -> 0 | BR11: =SUM(BQ11,BO11,BM11) -> 0 | CC11: Yes | CD11: =IF($CC11=Scoring!$D$151,Scoring!$G$151,IF($CC11=Scoring!$D$152,Scoring!$G$152,"")) -> 20 | CE11: Yes | CF11: =IF($CE11=Scoring!$D$153,Scoring!$K$153,IF($CE11=Scoring!$D$154,Scoring!$K$154,"")) -> 20 | CG11: Yes | CH11: =IF($CG11=Scoring!$D$155,Scoring!$G$155,IF($CG11=Scoring!$D$156,Scoring!$G$156,"")) -> 10 | CI11: Yes | CJ11: =IF($CI11=Scoring!$D$164,Scoring!$G$164,IF($CI11=Scoring!$D$165,Scoring!$G$165,"")) -> 20 | CK11: =SUM(CJ11,CH11,CF11,CD11,BR11,BK11,BI11,EY11,FA11,FC11) -> 135 | CL11: No | CM11: =IF($CL11=Scoring!$D$171,Scoring!$E$171,IF($CL11=Scoring!$D$172,Scoring!$E$172,"")) -> 0 | CN11: Medium | CO11: =IF($CN11=Scoring!$D$173,Scoring!$E$173,IF($CN11=Scoring!$D$174,Scoring!$E$174,IF($CN11=Scoring!$D$175,Scoring!$E$175,IF($CN11=Scoring!$D$176,Scoring!$E$176,"")))) -> 20 | CP11: Low | CQ11: =IF($CP11=Scoring!$D$177,Scoring!$E$177,IF($CP11=Scoring!$D$178,Scoring!$E$178,IF($CP11=Scoring!$D$179,Scoring!$E$179,IF($CP11=Scoring!$D$180,Scoring!$E$180,"")))) -> 0 | CR11: =SUM(CM11,CO11,CQ11) -> 20 | CS11: Medium | CT11: =IF($CS11=Scoring!$D$183,Scoring!$E$183,IF($CS11=Scoring!$D$184,Scoring!$E$184,IF($CS11=Scoring!$D$185,Scoring!$E$185,IF($CS11=Scoring!$D$186,Scoring!$E$186,"")))) -> 15 | CU11: I don't know | CV11: =IF($CU11=Scoring!$D$183,Scoring!$E$183,IF($CU11=Scoring!$D$184,Scoring!$E$184,IF($CU11=Scoring!$D$185,Scoring!$E$185,IF($CU11=Scoring!$D$186,Scoring!$E$186,"")))) -> 0 | CW11: =SUM(CT11,CV11) -> 15 | CX11: Yes | CY11: =IF($CX11=Scoring!$D$193,Scoring!$E$193,IF($CX11=Scoring!$D$194,Scoring!$E$194,IF($CX11=Scoring!$D$195,Scoring!$E$195,""))) -> 40 | CZ11: Yes | DA11: =IF($CZ11=Scoring!$D$196,Scoring!$E$196,IF($CZ11=Scoring!$D$197,Scoring!$E$197,IF($CZ11=Scoring!$D$198,Scoring!$E$198,""))) -> 30 | DB11: I don't know | DC11: =IF($DB11=Scoring!$D$199,Scoring!$E$199,IF($DB11=Scoring!$D$200,Scoring!$E$200,IF($DB11=Scoring!$D$201,Scoring!$E$201,""))) -> 0 | DD11: Marginal (Zero) Cost Model | DE11: =IF($DD11=Scoring!$D$202,Scoring!$E$202,IF($DD11=Scoring!$D$203,Scoring!$E$203,IF($DD11=Scoring!$D$204,Scoring!$E$204,IF($DD11=Scoring!$D$205,Scoring!$E$205,"")))) -> 30 | DF11: =SUM(CY11,DA11,DC11,DE11) -> 100 | DG11: =CR11+CW11+DF11 -> 135 | DH11: =DG11+CK11+BG11 -> 710 | DI11: No | DJ11: =IF($DI11=Scoring!$D$219,Scoring!$E$219,IF($DI11=Scoring!$D$220,Scoring!$E$220,"")) -> 0 | DK11: No | DL11: =IF($DK11=Scoring!$D$221,Scoring!$E$221,IF($DK11=Scoring!$D$222,Scoring!$E$222,"")) -> 0 | DM11: No | DN11: =IF($DM11=Scoring!$D$223,Scoring!$E$223,IF($DM11=Scoring!$D$224,Scoring!$E$224,"")) -> 0 | DO11: Yes | DP11: =IF($DO11=Scoring!$D$225,Scoring!$E$225,IF($DO11=Scoring!$D$226,Scoring!$E$226,"")) -> 10 | DQ11: =SUM($DP11,$DN11,$DL11,$DJ11,$FE11,$FG11,$FI11,$FK11) -> 20 | DR11: No | DS11: =IF($DR11=Scoring!$D$237,Scoring!$E$237,IF($DR11=Scoring!$D$238,Scoring!$E$238,"")) -> 0 | DT11: ≥ 90% | DU11: =IF($DT11=Scoring!$D$240,Scoring!$E$240,IF($DT11=Scoring!$D$241,Scoring!$E$241,IF($DT11=Scoring!$D$242,Scoring!$E$242,IF($DT11=Scoring!$D$243,Scoring!$E$243,IF($DT11=Scoring!$D$244,Scoring!$E$244,IF($DT11=Scoring!$D$245,Scoring!$E$245,IF($DT11=Scoring!$D$246,Scoring!$E$246,""))))))) -> 60 | DV11: Yes | DW11: =IF($DV11=Scoring!$D$247,Scoring!$E$247,IF($DV11=Scoring!$D$248,Scoring!$E$248,"")) -> 20 | DX11: No | DY11: =IF($DX11=Scoring!$D$249,Scoring!$E$249,IF($DX11=Scoring!$D$250,Scoring!$E$250,"")) -> 0 | DZ11: Yes | EA11: =IF($DZ11=Scoring!$D$251,Scoring!$E$251,IF($DZ11=Scoring!$D$252,Scoring!$E$252,"")) -> 10 | EB11: No | EC11: =IF($EB11=Scoring!$D$253,Scoring!$E$253,IF($EB11=Scoring!$D$254,Scoring!$E$254,"")) -> 0 | ED11: =SUM(EC11,EA11,DY11,DW11,DU11,DS11) -> 90 | EE11: Yes | EF11: =IF($EE11=Scoring!$D$257,Scoring!$E$257,IF($EE11=Scoring!$D$258,Scoring!$E$258,"")) -> 20 | EG11: Yes | EH11: =IF($EG11=Scoring!$D$259,Scoring!$E$259,IF($EG11=Scoring!$D$260,Scoring!$E$260,"")) -> 15 | EI11: Yes | EJ11: =IF($EI11=Scoring!$D$261,Scoring!$E$261,IF($EI11=Scoring!$D$262,Scoring!$E$262,"")) -> 15 | EK11: =SUM(EJ11,EH11,EF11) -> 50 | EL11: =EK11+ED11+DQ11 -> 160 | EM11: =SUM(EL11,DH11) -> 870 | EN11: 25-49% | EO11: =IF($EN11=Scoring!$D$22,Scoring!$K$22,IF($EN11=Scoring!$D$23,Scoring!$K$23,IF($EN11=Scoring!$D$24,Scoring!$K$24,IF($EN11=Scoring!$D$25,Scoring!$K$25,IF($EN11=Scoring!$D$26,Scoring!$K$26,IF($EN11=Scoring!$D$27,Scoring!$K$27,"")))))) -> 10 | EP11: Yes | EQ11: =IF($EP11=Scoring!$D$43,Scoring!$K$43,IF($EP11=Scoring!$D$44,Scoring!$K$44,IF($EP11=Scoring!$D$45,Scoring!$K$45,""))) -> 10 | ER11: I don't know/No | ES11: =IF($ER11=Scoring!$D$52,Scoring!$K$52,IF($ER11=Scoring!$D$53,Scoring!$K$53,IF($ER11=Scoring!$D$54,Scoring!$K$54,IF($ER11=Scoring!$D$55,Scoring!$K$55,IF($ER11=Scoring!$D$56,Scoring!$K$56,""))))) -> 0 | ET11: Yes | EU11: =IF($ET11=Scoring!$D$80,Scoring!$K$80,IF($ET11=Scoring!$D$81,Scoring!$K$81,"")) -> 10 | EV11: Yes | EW11: =IF($EV11=Scoring!$D$103,Scoring!$K$103,IF($EV11=Scoring!$D$104,Scoring!$K$104,IF($EV11=Scoring!$D$105,Scoring!$K$105,""))) -> 10 | EX11: Yes | EY11: =IF($EX11=Scoring!$D$157,Scoring!$K$157,IF($EX11=Scoring!$D$158,Scoring!$K$158,"")) -> 15 | EZ11: Yes, very much | FA11: =IF($EZ11=Scoring!$J$160,Scoring!$K$160,IF($EZ11=Scoring!$J$161,Scoring!$K$161,IF($EZ11=Scoring!$J$162,Scoring!$K$162,IF($EZ11=Scoring!$J$163,Scoring!$K$163,"")))) -> 10 | FB11: No | FC11: =IF($FB11=Scoring!$D$166,Scoring!$K$166,IF($FB11=Scoring!$D$167,Scoring!$K$167,"")) -> 0 | FD11: No | FE11: =IF($FD11=Scoring!$D$227,Scoring!$K$227,IF($FD11=Scoring!$D$228,Scoring!$K$228,"")) -> 0 | FF11: No | FG11: =IF($FF11=Scoring!$D$229,Scoring!$K$229,IF($FF11=Scoring!$D$230,Scoring!$K$230,"")) -> 0 | FH11: Yes | FI11: =IF($FH11=Scoring!$D$231,Scoring!$K$231,IF($FH11=Scoring!$D$232,Scoring!$K$232,"")) -> 5 | FJ11: Yes | FK11: =IF($FJ11=Scoring!$D$233,Scoring!$K$233,IF($FJ11=Scoring!$D$234,Scoring!$K$234,"")) -> 5 | FL11: =SUM(EO11,EQ11,ES11,EU11,EW11,EY11,FA11,FC11,FE11,FI11,FK11) -> 75 | FM11: Yes, very well | FO11: Yes, as it is | FQ11: Yes, as it is | FR11: 10 | FS11: Answer | FU11: Answer
A12: Estonia | B12: Ministry of Economic Affairs and Communication | C12: Mikk Lellsaar | D12: Executive officer | E12: Mikk.Lellsaar@mkm.ee | F12: Yes | G12: =IF($F12=Scoring!$D$5,Scoring!$E$5,IF($F12=Scoring!$D$6,Scoring!$E$6,"")) -> 20 | H12: Yes | I12: =IF($H12=Scoring!$D$7,Scoring!$E$7,IF($H12=Scoring!$D$8,Scoring!$E$8,"")) -> 20 | J12: More ambitious | K12: =IF($J12=Scoring!$J$9,Scoring!$K$9,IF($J12=Scoring!$J$10,Scoring!$K$10,IF($J12=Scoring!$J$11,Scoring!$K$11,""))) -> 10 | L12: No | M12: =IF($L12=Scoring!$D$12,Scoring!$G$12,IF($L12=Scoring!$D$13,Scoring!$G$13,"")) -> 0 | N12: =SUM(M12,K12,I12) -> 30 | O12: Yes | P12: =IF($O12=Scoring!$D$14,Scoring!$E$14,IF($O12=Scoring!$D$15,Scoring!$E$15,"")) -> 30 | Q12: Yes | R12: =IF($Q12=Scoring!$D$16,Scoring!$E$16,IF($Q12=Scoring!$D$17,Scoring!$E$17,IF($Q12=Scoring!$D$18,Scoring!$E$18,""))) -> 20 | S12: =SUM(R12,P12) -> 50 | T12: Yes | U12: =IF($T12=Scoring!$J$19,Scoring!$K$19,IF($T12=Scoring!$J$20,Scoring!$K$20,IF($T12=Scoring!$J$21,Scoring!$K$21,""))) -> 20 | V12: Not standardized | W12: =IF($V12=Scoring!$J$28,Scoring!$K$28,IF($V12=Scoring!$J$29,Scoring!$K$29,IF($V12=Scoring!$J$30,Scoring!$K$30,IF($V12=Scoring!$J$31,Scoring!$K$31,IF($V12=Scoring!$J$32,Scoring!$K$32,IF($V12=Scoring!$J$33,Scoring!$K$33,IF($V12=Scoring!$J$34,Scoring!$K$34,""))))))) -> 0 | X12: Yes | Y12: =IF($X12=Scoring!$D$35,Scoring!$E$35,IF($X12=Scoring!$D$36,Scoring!$E$36,IF($X12=Scoring!$D$37,Scoring!$E$37,""))) -> 20 | Z12: No | AA12: =IF($Z12=Scoring!$D$38,Scoring!$G$38,IF($Z12=Scoring!$D$39,Scoring!$G$39,"")) -> 0 | AB12: =SUM(AA12,Y12) -> 20 | AC12: Yes | AD12: =IF($AC12=Scoring!$D$40,Scoring!$E$40,IF($AC12=Scoring!$D$41,Scoring!$E$41,IF($AC12=Scoring!$D$42,Scoring!$E$42,""))) -> 10 | AE12: No | AF12: =IF($AE12=Scoring!$D$46,Scoring!$E$46,IF($AE12=Scoring!$D$47,Scoring!$E$47,"")) -> 0 | AG12: Yes, more than 3 | AH12: =IF($AG12=Scoring!$H$48,Scoring!$I$48,IF($AG12=Scoring!$H$49,Scoring!$I$49,IF($AG12=Scoring!$H$50,Scoring!$I$50,IF($AG12=Scoring!$H$51,Scoring!$I$51,"")))) -> 50 | AI12: Yes | AJ12: =IF($AI12=Scoring!$D$57,Scoring!$E$57,IF($AI12=Scoring!$D$58,Scoring!$E$58,"")) -> 30 | AK12: =SUM(AJ12,AH12,AF12,AD12,AB12,W12,U12,S12,N12,G12,EO12,EQ12,ES12) -> 250 | AL12: Yes | AM12: =IF($AL12=Scoring!$D$63,Scoring!$E$63,IF($AL12=Scoring!$D$64,Scoring!$E$64,"")) -> 20 | AN12: Not applicable | AO12: =IF($AN12=Scoring!$D$65,Scoring!$E$65,IF($AN12=Scoring!$D$66,Scoring!$E$66,IF($AN12=Scoring!$D$67,Scoring!$E$67,""))) -> 10 | AP12: Not applicable | AQ12: =IF($AP12=Scoring!$D$68,Scoring!$E$68,IF($AP12=Scoring!$D$69,Scoring!$E$69,IF($AP12=Scoring!$D$70,Scoring!$E$70,IF($AP12=Scoring!$D$71,Scoring!$E$71,"")))) -> 40 | AR12: Yes | AS12: =IF($AR12=Scoring!$D$72,Scoring!$E$72,IF($AR12=Scoring!$D$73,Scoring!$E$73,IF($AR12=Scoring!$D$74,Scoring!$E$74,""))) -> 30 | AT12: All | AU12: =IF($AT12=Scoring!$D$75,Scoring!$E$75,IF($AT12=Scoring!$D$76,Scoring!$E$76,IF($AT12=Scoring!$D$77,Scoring!$E$77,IF($AT12=Scoring!$D$78,Scoring!$E$78,"")))) -> 30 | AV12: =SUM(AS12,AU12) -> 60 | AW12: n/a | AX12: =IF($AW12=Scoring!$D$82,Scoring!$K$82,"") -> n/a | AY12: =SUM(AX12,AV12,AQ12,AO12,AM12,EU12) -> 140 | AZ12: 1 | BA12: =IF($AZ12=Scoring!$J$85,Scoring!$K$85,IF($AZ12=Scoring!$J$86,Scoring!$K$86,IF($AZ12=Scoring!$J$87,Scoring!$K$87,IF($AZ12=Scoring!$J$88,Scoring!$K$88,IF($AZ12=Scoring!$J$89,Scoring!$K$89,IF($AZ12=Scoring!$J$89,Scoring!$K$89,IF($AZ12=Scoring!$J$89,Scoring!$K$89,""))))))) -> 30 | BB12: 1 | BC12: =IF($BB12=Scoring!$J$92,Scoring!$K$92,IF($BB12=Scoring!$J$93,Scoring!$K$93,IF($BB12=Scoring!$J$94,Scoring!$K$94,IF($BB12=Scoring!$J$95,Scoring!$K$95,IF($BB12=Scoring!$J$96,Scoring!$K$96,IF($BB12=Scoring!$J$97,Scoring!$K$97,IF($BB12=Scoring!$J$99,Scoring!$K$99,""))))))) -> 25 | BD12: Yes | BE12: =IF($BD12=Scoring!$D$100,Scoring!$E$100,IF($BD12=Scoring!$D$101,Scoring!$E$101,IF($BD12=Scoring!$D$102,Scoring!$E$102,""))) -> 15 | BF12: =SUM(BE12,BC12,BA12,EW12) -> 80 | BG12: =AK12+AY12+BF12 -> 470 | BH12: >0.05% of inhabitants | BI12: =IF($BH12=Scoring!$D$108,Scoring!$E$108,IF($BH12=Scoring!$D$109,Scoring!$E$109,IF($BH12=Scoring!$D$110,Scoring!$E$110,IF($BH12=Scoring!$D$111,Scoring!$E$111,IF($BH12=Scoring!$D$112,Scoring!$E$112,IF($BH12=Scoring!$D$113,Scoring!$E$113,IF($BH12=Scoring!$D$114,Scoring!$E$114,IF($BH12=Scoring!$D$115,Scoring!$E$115,IF($BH12=Scoring!$D$116,Scoring!$E$116,IF($BH12=Scoring!$D$117,Scoring!$E$117,"")))))))))) -> 80 | BJ12: No | BK12: =IF($BJ12=Scoring!$D$118,Scoring!$E$118,IF($BJ12=Scoring!$D$119,Scoring!$E$119,"")) -> 0 | BL12: I don't know | BM12: =IF($BL12=Scoring!$D$120,Scoring!$E$120,IF($BL12=Scoring!$D$121,Scoring!$E$121,IF($BL12=Scoring!$D$122,Scoring!$E$122,IF($BL12=Scoring!$D$123,Scoring!$E$123,IF($BL12=Scoring!$D$124,Scoring!$E$124,""))))) -> 0 | BN12: Foreign 45 - 59% | BO12: =IF($BN12=Scoring!$D$125,Scoring!$E$125,IF($BN12=Scoring!$D$126,Scoring!$E$126,IF($BN12=Scoring!$D$127,Scoring!$E$127,IF($BN12=Scoring!$D$128,Scoring!$E$128,IF($BN12=Scoring!$D$129,Scoring!$E$129,IF($BN12=Scoring!$D$130,Scoring!$E$130,IF($BN12=Scoring!$D$131,Scoring!$E$131,""))))))) -> 20 | BP12: API 0 - 10% | BQ12: =IF($BP12=Scoring!$J$133,Scoring!$K$133,IF($BP12=Scoring!$J$134,Scoring!$K$134,IF($BP12=Scoring!$J$135,Scoring!$K$135,IF($BP12=Scoring!$J$136,Scoring!$K$136,IF($BP12=Scoring!$J$137,Scoring!$K$137,IF($BP12=Scoring!$J$138,Scoring!$K$138,IF($BP12=Scoring!$J$139,Scoring!$K$139,IF($BP12=Scoring!$J$140,Scoring!$K$140,"")))))))) -> 10 | BR12: =SUM(BQ12,BO12,BM12) -> 30 | BS12: ? | BX12: ? | CC12: Yes | CD12: =IF($CC12=Scoring!$D$151,Scoring!$G$151,IF($CC12=Scoring!$D$152,Scoring!$G$152,"")) -> 20 | CE12: Yes | CF12: =IF($CE12=Scoring!$D$153,Scoring!$K$153,IF($CE12=Scoring!$D$154,Scoring!$K$154,"")) -> 20 | CG12: No | CH12: =IF($CG12=Scoring!$D$155,Scoring!$G$155,IF($CG12=Scoring!$D$156,Scoring!$G$156,"")) -> 0 | CI12: No | CJ12: =IF($CI12=Scoring!$D$164,Scoring!$G$164,IF($CI12=Scoring!$D$165,Scoring!$G$165,"")) -> 0 | CK12: =SUM(CJ12,CH12,CF12,CD12,BR12,BK12,BI12,EY12,FA12,FC12) -> 155 | CL12: No | CM12: =IF($CL12=Scoring!$D$171,Scoring!$E$171,IF($CL12=Scoring!$D$172,Scoring!$E$172,"")) -> 0 | CN12: Low | CO12: =IF($CN12=Scoring!$D$173,Scoring!$E$173,IF($CN12=Scoring!$D$174,Scoring!$E$174,IF($CN12=Scoring!$D$175,Scoring!$E$175,IF($CN12=Scoring!$D$176,Scoring!$E$176,"")))) -> 0 | CP12: Low | CQ12: =IF($CP12=Scoring!$D$177,Scoring!$E$177,IF($CP12=Scoring!$D$178,Scoring!$E$178,IF($CP12=Scoring!$D$179,Scoring!$E$179,IF($CP12=Scoring!$D$180,Scoring!$E$180,"")))) -> 0 | CR12: =SUM(CM12,CO12,CQ12) -> 0 | CS12: Low | CT12: =IF($CS12=Scoring!$D$183,Scoring!$E$183,IF($CS12=Scoring!$D$184,Scoring!$E$184,IF($CS12=Scoring!$D$185,Scoring!$E$185,IF($CS12=Scoring!$D$186,Scoring!$E$186,"")))) -> 0 | CU12: I don't know | CV12: =IF($CU12=Scoring!$D$183,Scoring!$E$183,IF($CU12=Scoring!$D$184,Scoring!$E$184,IF($CU12=Scoring!$D$185,Scoring!$E$185,IF($CU12=Scoring!$D$186,Scoring!$E$186,"")))) -> 0 | CW12: =SUM(CT12,CV12) -> 0 | CX12: No | CY12: =IF($CX12=Scoring!$D$193,Scoring!$E$193,IF($CX12=Scoring!$D$194,Scoring!$E$194,IF($CX12=Scoring!$D$195,Scoring!$E$195,""))) -> 0 | CZ12: No | DA12: =IF($CZ12=Scoring!$D$196,Scoring!$E$196,IF($CZ12=Scoring!$D$197,Scoring!$E$197,IF($CZ12=Scoring!$D$198,Scoring!$E$198,""))) -> 0 | DB12: No | DC12: =IF($DB12=Scoring!$D$199,Scoring!$E$199,IF($DB12=Scoring!$D$200,Scoring!$E$200,IF($DB12=Scoring!$D$201,Scoring!$E$201,""))) -> 0 | DD12: Marginal (Zero) Cost Model | DE12: =IF($DD12=Scoring!$D$202,Scoring!$E$202,IF($DD12=Scoring!$D$203,Scoring!$E$203,IF($DD12=Scoring!$D$204,Scoring!$E$204,IF($DD12=Scoring!$D$205,Scoring!$E$205,"")))) -> 30 | DF12: =SUM(CY12,DA12,DC12,DE12) -> 30 | DG12: =CR12+CW12+DF12 -> 30 | DH12: =DG12+CK12+BG12 -> 655 | DI12: Yes | DJ12: =IF($DI12=Scoring!$D$219,Scoring!$E$219,IF($DI12=Scoring!$D$220,Scoring!$E$220,"")) -> 20 | DK12: Yes | DL12: =IF($DK12=Scoring!$D$221,Scoring!$E$221,IF($DK12=Scoring!$D$222,Scoring!$E$222,"")) -> 20 | DM12: Yes | DN12: =IF($DM12=Scoring!$D$223,Scoring!$E$223,IF($DM12=Scoring!$D$224,Scoring!$E$224,"")) -> 10 | DO12: Yes | DP12: =IF($DO12=Scoring!$D$225,Scoring!$E$225,IF($DO12=Scoring!$D$226,Scoring!$E$226,"")) -> 10 | DQ12: =SUM($DP12,$DN12,$DL12,$DJ12,$FE12,$FG12,$FI12,$FK12) -> 80 | DR12: No | DS12: =IF($DR12=Scoring!$D$237,Scoring!$E$237,IF($DR12=Scoring!$D$238,Scoring!$E$238,"")) -> 0 | DT12: ≥ 90% | DU12: =IF($DT12=Scoring!$D$240,Scoring!$E$240,IF($DT12=Scoring!$D$241,Scoring!$E$241,IF($DT12=Scoring!$D$242,Scoring!$E$242,IF($DT12=Scoring!$D$243,Scoring!$E$243,IF($DT12=Scoring!$D$244,Scoring!$E$244,IF($DT12=Scoring!$D$245,Scoring!$E$245,IF($DT12=Scoring!$D$246,Scoring!$E$246,""))))))) -> 60 | DV12: Yes | DW12: =IF($DV12=Scoring!$D$247,Scoring!$E$247,IF($DV12=Scoring!$D$248,Scoring!$E$248,"")) -> 20 | DX12: No | DY12: =IF($DX12=Scoring!$D$249,Scoring!$E$249,IF($DX12=Scoring!$D$250,Scoring!$E$250,"")) -> 0 | DZ12: No | EA12: =IF($DZ12=Scoring!$D$251,Scoring!$E$251,IF($DZ12=Scoring!$D$252,Scoring!$E$252,"")) -> 0 | EB12: Yes | EC12: =IF($EB12=Scoring!$D$253,Scoring!$E$253,IF($EB12=Scoring!$D$254,Scoring!$E$254,"")) -> 10 | ED12: =SUM(EC12,EA12,DY12,DW12,DU12,DS12) -> 90 | EE12: Yes | EF12: =IF($EE12=Scoring!$D$257,Scoring!$E$257,IF($EE12=Scoring!$D$258,Scoring!$E$258,"")) -> 20 | EG12: Yes | EH12: =IF($EG12=Scoring!$D$259,Scoring!$E$259,IF($EG12=Scoring!$D$260,Scoring!$E$260,"")) -> 15 | EI12: Yes | EJ12: =IF($EI12=Scoring!$D$261,Scoring!$E$261,IF($EI12=Scoring!$D$262,Scoring!$E$262,"")) -> 15 | EK12: =SUM(EJ12,EH12,EF12) -> 50 | EL12: =EK12+ED12+DQ12 -> 220 | EM12: =SUM(EL12,DH12) -> 875 | EN12: <25% | EO12: =IF($EN12=Scoring!$D$22,Scoring!$K$22,IF($EN12=Scoring!$D$23,Scoring!$K$23,IF($EN12=Scoring!$D$24,Scoring!$K$24,IF($EN12=Scoring!$D$25,Scoring!$K$25,IF($EN12=Scoring!$D$26,Scoring!$K$26,IF($EN12=Scoring!$D$27,Scoring!$K$27,"")))))) -> 0 | EP12: No | EQ12: =IF($EP12=Scoring!$D$43,Scoring!$K$43,IF($EP12=Scoring!$D$44,Scoring!$K$44,IF($EP12=Scoring!$D$45,Scoring!$K$45,""))) -> 0 | ER12: National public administrations | ES12: =IF($ER12=Scoring!$D$52,Scoring!$K$52,IF($ER12=Scoring!$D$53,Scoring!$K$53,IF($ER12=Scoring!$D$54,Scoring!$K$54,IF($ER12=Scoring!$D$55,Scoring!$K$55,IF($ER12=Scoring!$D$56,Scoring!$K$56,""))))) -> 20 | ET12: Yes | EU12: =IF($ET12=Scoring!$D$80,Scoring!$K$80,IF($ET12=Scoring!$D$81,Scoring!$K$81,"")) -> 10 | EV12: Yes | EW12: =IF($EV12=Scoring!$D$103,Scoring!$K$103,IF($EV12=Scoring!$D$104,Scoring!$K$104,IF($EV12=Scoring!$D$105,Scoring!$K$105,""))) -> 10 | EX12: I don't know | EY12: =IF($EX12=Scoring!$D$157,Scoring!$K$157,IF($EX12=Scoring!$D$158,Scoring!$K$158,IF($EX12=Scoring!$D$159,Scoring!$K$159,""))) -> 0 | EZ12: Yes, but it's not our current focus | FA12: =IF($EZ12=Scoring!$J$160,Scoring!$K$160,IF($EZ12=Scoring!$J$161,Scoring!$K$161,IF($EZ12=Scoring!$J$162,Scoring!$K$162,IF($EZ12=Scoring!$J$163,Scoring!$K$163,"")))) -> 5 | FB12: No | FC12: =IF($FB12=Scoring!$D$166,Scoring!$K$166,IF($FB12=Scoring!$D$167,Scoring!$K$167,"")) -> 0 | FD12: No | FE12: =IF($FD12=Scoring!$D$227,Scoring!$K$227,IF($FD12=Scoring!$D$228,Scoring!$K$228,"")) -> 0 | FF12: Yes | FG12: =IF($FF12=Scoring!$D$229,Scoring!$K$229,IF($FF12=Scoring!$D$230,Scoring!$K$230,"")) -> 10 | FH12: Yes | FI12: =IF($FH12=Scoring!$D$231,Scoring!$K$231,IF($FH12=Scoring!$D$232,Scoring!$K$232,"")) -> 5 | FJ12: Yes | FK12: =IF($FJ12=Scoring!$D$233,Scoring!$K$233,IF($FJ12=Scoring!$D$234,Scoring!$K$234,"")) -> 5 | FL12: =SUM(EO12,EQ12,ES12,EU12,EW12,EY12,FA12,FC12,FE12,FI12,FK12) -> 55 | FS12: No answer | FU12: No answer
A13: Finland | B13: Ministry of Finance / Population Register Centre | C13: Anne Kauhanen-Simalainen / Mika Honkanen | D13: Governmental Advisor / Product Owner | E13: anne.kauhanen-simanainen@vm.fi; mika.honkanen@vrk.fi | F13: Yes | G13: =IF($F13=Scoring!$D$5,Scoring!$E$5,IF($F13=Scoring!$D$6,Scoring!$E$6,"")) -> 20 | H13: Yes | I13: =IF($H13=Scoring!$D$7,Scoring!$E$7,IF($H13=Scoring!$D$8,Scoring!$E$8,"")) -> 20 | J13: More ambitious | K13: =IF($J13=Scoring!$J$9,Scoring!$K$9,IF($J13=Scoring!$J$10,Scoring!$K$10,IF($J13=Scoring!$J$11,Scoring!$K$11,""))) -> 10 | L13: No | M13: =IF($L13=Scoring!$D$12,Scoring!$G$12,IF($L13=Scoring!$D$13,Scoring!$G$13,"")) -> 0 | N13: =SUM(M13,K13,I13) -> 30 | O13: Yes | P13: =IF($O13=Scoring!$D$14,Scoring!$E$14,IF($O13=Scoring!$D$15,Scoring!$E$15,"")) -> 30 | Q13: Yes | R13: =IF($Q13=Scoring!$D$16,Scoring!$E$16,IF($Q13=Scoring!$D$17,Scoring!$E$17,IF($Q13=Scoring!$D$18,Scoring!$E$18,""))) -> 20 | S13: =SUM(R13,P13) -> 50 | T13: Yes | U13: =IF($T13=Scoring!$J$19,Scoring!$K$19,IF($T13=Scoring!$J$20,Scoring!$K$20,IF($T13=Scoring!$J$21,Scoring!$K$21,""))) -> 20 | V13: Daily | W13: =IF($V13=Scoring!$J$28,Scoring!$K$28,IF($V13=Scoring!$J$29,Scoring!$K$29,IF($V13=Scoring!$J$30,Scoring!$K$30,IF($V13=Scoring!$J$31,Scoring!$K$31,IF($V13=Scoring!$J$32,Scoring!$K$32,IF($V13=Scoring!$J$33,Scoring!$K$33,IF($V13=Scoring!$J$34,Scoring!$K$34,""))))))) -> 50 | X13: Yes | Y13: =IF($X13=Scoring!$D$35,Scoring!$E$35,IF($X13=Scoring!$D$36,Scoring!$E$36,IF($X13=Scoring!$D$37,Scoring!$E$37,""))) -> 20 | Z13: No | AA13: =IF($Z13=Scoring!$D$38,Scoring!$G$38,IF($Z13=Scoring!$D$39,Scoring!$G$39,"")) -> 0 | AB13: =SUM(AA13,Y13) -> 20 | AC13: Yes | AD13: =IF($AC13=Scoring!$D$40,Scoring!$E$40,IF($AC13=Scoring!$D$41,Scoring!$E$41,IF($AC13=Scoring!$D$42,Scoring!$E$42,""))) -> 10 | AE13: Yes | AF13: =IF($AE13=Scoring!$D$46,Scoring!$E$46,IF($AE13=Scoring!$D$47,Scoring!$E$47,"")) -> 20 | AG13: Yes, more than 3 | AH13: =IF($AG13=Scoring!$H$48,Scoring!$I$48,IF($AG13=Scoring!$H$49,Scoring!$I$49,IF($AG13=Scoring!$H$50,Scoring!$I$50,IF($AG13=Scoring!$H$51,Scoring!$I$51,"")))) -> 50 | AI13: Yes | AJ13: =IF($AI13=Scoring!$D$57,Scoring!$E$57,IF($AI13=Scoring!$D$58,Scoring!$E$58,"")) -> 30 | AK13: =SUM(AJ13,AH13,AF13,AD13,AB13,W13,U13,S13,N13,G13,EO13,EQ13,ES13) -> 350 | AL13: Yes | AM13: =IF($AL13=Scoring!$D$63,Scoring!$E$63,IF($AL13=Scoring!$D$64,Scoring!$E$64,"")) -> 20 | AN13: Yes | AO13: =IF($AN13=Scoring!$D$65,Scoring!$E$65,IF($AN13=Scoring!$D$66,Scoring!$E$66,IF($AN13=Scoring!$D$67,Scoring!$E$67,""))) -> 10 | AP13: Many | AQ13: =IF($AP13=Scoring!$D$68,Scoring!$E$68,IF($AP13=Scoring!$D$69,Scoring!$E$69,IF($AP13=Scoring!$D$70,Scoring!$E$70,IF($AP13=Scoring!$D$71,Scoring!$E$71,"")))) -> 40 | AR13: Yes | AS13: =IF($AR13=Scoring!$D$72,Scoring!$E$72,IF($AR13=Scoring!$D$73,Scoring!$E$73,IF($AR13=Scoring!$D$74,Scoring!$E$74,""))) -> 30 | AT13: All | AU13: =IF($AT13=Scoring!$D$75,Scoring!$E$75,IF($AT13=Scoring!$D$76,Scoring!$E$76,IF($AT13=Scoring!$D$77,Scoring!$E$77,IF($AT13=Scoring!$D$78,Scoring!$E$78,"")))) -> 30 | AV13: =SUM(AS13,AU13) -> 60 | AW13: n/a | AX13: =IF($AW13=Scoring!$D$82,Scoring!$K$82,"") -> n/a | AY13: =SUM(AX13,AV13,AQ13,AO13,AM13,EU13) -> 140 | AZ13: 1 | BA13: =IF($AZ13=Scoring!$J$85,Scoring!$K$85,IF($AZ13=Scoring!$J$86,Scoring!$K$86,IF($AZ13=Scoring!$J$87,Scoring!$K$87,IF($AZ13=Scoring!$J$88,Scoring!$K$88,IF($AZ13=Scoring!$J$89,Scoring!$K$89,IF($AZ13=Scoring!$J$89,Scoring!$K$89,IF($AZ13=Scoring!$J$89,Scoring!$K$89,""))))))) -> 30 | BB13: 1 | BC13: =IF($BB13=Scoring!$J$92,Scoring!$K$92,IF($BB13=Scoring!$J$93,Scoring!$K$93,IF($BB13=Scoring!$J$94,Scoring!$K$94,IF($BB13=Scoring!$J$95,Scoring!$K$95,IF($BB13=Scoring!$J$96,Scoring!$K$96,IF($BB13=Scoring!$J$97,Scoring!$K$97,IF($BB13=Scoring!$J$99,Scoring!$K$99,""))))))) -> 25 | BD13: Yes | BE13: =IF($BD13=Scoring!$D$100,Scoring!$E$100,IF($BD13=Scoring!$D$101,Scoring!$E$101,IF($BD13=Scoring!$D$102,Scoring!$E$102,""))) -> 15 | BF13: =SUM(BE13,BC13,BA13,EW13) -> 80 | BG13: =AK13+AY13+BF13 -> 570 | BH13: >0.05% of inhabitants | BI13: =IF($BH13=Scoring!$D$108,Scoring!$E$108,IF($BH13=Scoring!$D$109,Scoring!$E$109,IF($BH13=Scoring!$D$110,Scoring!$E$110,IF($BH13=Scoring!$D$111,Scoring!$E$111,IF($BH13=Scoring!$D$112,Scoring!$E$112,IF($BH13=Scoring!$D$113,Scoring!$E$113,IF($BH13=Scoring!$D$114,Scoring!$E$114,IF($BH13=Scoring!$D$115,Scoring!$E$115,IF($BH13=Scoring!$D$116,Scoring!$E$116,IF($BH13=Scoring!$D$117,Scoring!$E$117,"")))))))))) -> 80 | BJ13: Yes | BK13: =IF($BJ13=Scoring!$D$118,Scoring!$E$118,IF($BJ13=Scoring!$D$119,Scoring!$E$119,"")) -> 40 | BL13: A bit of everything | BM13: =IF($BL13=Scoring!$D$120,Scoring!$E$120,IF($BL13=Scoring!$D$121,Scoring!$E$121,IF($BL13=Scoring!$D$122,Scoring!$E$122,IF($BL13=Scoring!$D$123,Scoring!$E$123,IF($BL13=Scoring!$D$124,Scoring!$E$124,""))))) -> 25 | BN13: Foreign 15 - 29% | BO13: =IF($BN13=Scoring!$D$125,Scoring!$E$125,IF($BN13=Scoring!$D$126,Scoring!$E$126,IF($BN13=Scoring!$D$127,Scoring!$E$127,IF($BN13=Scoring!$D$128,Scoring!$E$128,IF($BN13=Scoring!$D$129,Scoring!$E$129,IF($BN13=Scoring!$D$130,Scoring!$E$130,IF($BN13=Scoring!$D$131,Scoring!$E$131,""))))))) -> 20 | BP13: API 11 - 25% | BQ13: =IF($BP13=Scoring!$J$133,Scoring!$K$133,IF($BP13=Scoring!$J$134,Scoring!$K$134,IF($BP13=Scoring!$J$135,Scoring!$K$135,IF($BP13=Scoring!$J$136,Scoring!$K$136,IF($BP13=Scoring!$J$137,Scoring!$K$137,IF($BP13=Scoring!$J$138,Scoring!$K$138,IF($BP13=Scoring!$J$139,Scoring!$K$139,IF($BP13=Scoring!$J$140,Scoring!$K$140,"")))))))) -> 15 | BR13: =SUM(BQ13,BO13,BM13) -> 60 | BS13: ? | BX13: ? | CC13: Yes | CD13: =IF($CC13=Scoring!$D$151,Scoring!$G$151,IF($CC13=Scoring!$D$152,Scoring!$G$152,"")) -> 20 | CE13: Yes | CF13: =IF($CE13=Scoring!$D$153,Scoring!$K$153,IF($CE13=Scoring!$D$154,Scoring!$K$154,"")) -> 20 | CG13: Yes | CH13: =IF($CG13=Scoring!$D$155,Scoring!$G$155,IF($CG13=Scoring!$D$156,Scoring!$G$156,"")) -> 10 | CI13: Yes | CJ13: =IF($CI13=Scoring!$D$164,Scoring!$G$164,IF($CI13=Scoring!$D$165,Scoring!$G$165,"")) -> 20 | CK13: =SUM(CJ13,CH13,CF13,CD13,BR13,BK13,BI13,EY13,FA13,FC13) -> 285 | CL13: Yes | CM13: =IF($CL13=Scoring!$D$171,Scoring!$E$171,IF($CL13=Scoring!$D$172,Scoring!$E$172,"")) -> 30 | CN13: Low | CO13: =IF($CN13=Scoring!$D$173,Scoring!$E$173,IF($CN13=Scoring!$D$174,Scoring!$E$174,IF($CN13=Scoring!$D$175,Scoring!$E$175,IF($CN13=Scoring!$D$176,Scoring!$E$176,"")))) -> 0 | CP13: High | CQ13: =IF($CP13=Scoring!$D$177,Scoring!$E$177,IF($CP13=Scoring!$D$178,Scoring!$E$178,IF($CP13=Scoring!$D$179,Scoring!$E$179,IF($CP13=Scoring!$D$180,Scoring!$E$180,"")))) -> 50 | CR13: =SUM(CM13,CO13,CQ13) -> 80 | CS13: Medium | CT13: =IF($CS13=Scoring!$D$183,Scoring!$E$183,IF($CS13=Scoring!$D$184,Scoring!$E$184,IF($CS13=Scoring!$D$185,Scoring!$E$185,IF($CS13=Scoring!$D$186,Scoring!$E$186,"")))) -> 15 | CU13: High | CV13: =IF($CU13=Scoring!$D$183,Scoring!$E$183,IF($CU13=Scoring!$D$184,Scoring!$E$184,IF($CU13=Scoring!$D$185,Scoring!$E$185,IF($CU13=Scoring!$D$186,Scoring!$E$186,"")))) -> 30 | CW13: =SUM(CT13,CV13) -> 45 | CX13: Yes | CY13: =IF($CX13=Scoring!$D$193,Scoring!$E$193,IF($CX13=Scoring!$D$194,Scoring!$E$194,IF($CX13=Scoring!$D$195,Scoring!$E$195,""))) -> 40 | CZ13: Yes | DA13: =IF($CZ13=Scoring!$D$196,Scoring!$E$196,IF($CZ13=Scoring!$D$197,Scoring!$E$197,IF($CZ13=Scoring!$D$198,Scoring!$E$198,""))) -> 30 | DB13: Yes | DC13: =IF($DB13=Scoring!$D$199,Scoring!$E$199,IF($DB13=Scoring!$D$200,Scoring!$E$200,IF($DB13=Scoring!$D$201,Scoring!$E$201,""))) -> 20 | DD13: Marginal (Zero) Cost Model | DE13: =IF($DD13=Scoring!$D$202,Scoring!$E$202,IF($DD13=Scoring!$D$203,Scoring!$E$203,IF($DD13=Scoring!$D$204,Scoring!$E$204,IF($DD13=Scoring!$D$205,Scoring!$E$205,"")))) -> 30 | DF13: =SUM(CY13,DA13,DC13,DE13) -> 120 | DG13: =CR13+CW13+DF13 -> 245 | DH13: =DG13+CK13+BG13 -> 1100 | DI13: Yes | DJ13: =IF($DI13=Scoring!$D$219,Scoring!$E$219,IF($DI13=Scoring!$D$220,Scoring!$E$220,"")) -> 20 | DK13: Yes | DL13: =IF($DK13=Scoring!$D$221,Scoring!$E$221,IF($DK13=Scoring!$D$222,Scoring!$E$222,"")) -> 20 | DM13: Yes | DN13: =IF($DM13=Scoring!$D$223,Scoring!$E$223,IF($DM13=Scoring!$D$224,Scoring!$E$224,"")) -> 10 | DO13: Yes | DP13: =IF($DO13=Scoring!$D$225,Scoring!$E$225,IF($DO13=Scoring!$D$226,Scoring!$E$226,"")) -> 10 | DQ13: =SUM($DP13,$DN13,$DL13,$DJ13,$FE13,$FG13,$FI13,$FK13) -> 85 | DR13: No | DS13: =IF($DR13=Scoring!$D$237,Scoring!$E$237,IF($DR13=Scoring!$D$238,Scoring!$E$238,"")) -> 0 | DT13: ≥ 90% | DU13: =IF($DT13=Scoring!$D$240,Scoring!$E$240,IF($DT13=Scoring!$D$241,Scoring!$E$241,IF($DT13=Scoring!$D$242,Scoring!$E$242,IF($DT13=Scoring!$D$243,Scoring!$E$243,IF($DT13=Scoring!$D$244,Scoring!$E$244,IF($DT13=Scoring!$D$245,Scoring!$E$245,IF($DT13=Scoring!$D$246,Scoring!$E$246,""))))))) -> 60 | DV13: Yes | DW13: =IF($DV13=Scoring!$D$247,Scoring!$E$247,IF($DV13=Scoring!$D$248,Scoring!$E$248,"")) -> 20 | DX13: Yes | DY13: =IF($DX13=Scoring!$D$249,Scoring!$E$249,IF($DX13=Scoring!$D$250,Scoring!$E$250,"")) -> 20 | DZ13: Yes | EA13: =IF($DZ13=Scoring!$D$251,Scoring!$E$251,IF($DZ13=Scoring!$D$252,Scoring!$E$252,"")) -> 10 | EB13: Yes | EC13: =IF($EB13=Scoring!$D$253,Scoring!$E$253,IF($EB13=Scoring!$D$254,Scoring!$E$254,"")) -> 10 | ED13: =SUM(EC13,EA13,DY13,DW13,DU13,DS13) -> 120 | EE13: Yes | EF13: =IF($EE13=Scoring!$D$257,Scoring!$E$257,IF($EE13=Scoring!$D$258,Scoring!$E$258,"")) -> 20 | EG13: Yes | EH13: =IF($EG13=Scoring!$D$259,Scoring!$E$259,IF($EG13=Scoring!$D$260,Scoring!$E$260,"")) -> 15 | EI13: Yes | EJ13: =IF($EI13=Scoring!$D$261,Scoring!$E$261,IF($EI13=Scoring!$D$262,Scoring!$E$262,"")) -> 15 | EK13: =SUM(EJ13,EH13,EF13) -> 50 | EL13: =EK13+ED13+DQ13 -> 255 | EM13: =SUM(EL13,DH13) -> 1355 | EN13: 50-74% | EO13: =IF($EN13=Scoring!$D$22,Scoring!$K$22,IF($EN13=Scoring!$D$23,Scoring!$K$23,IF($EN13=Scoring!$D$24,Scoring!$K$24,IF($EN13=Scoring!$D$25,Scoring!$K$25,IF($EN13=Scoring!$D$26,Scoring!$K$26,IF($EN13=Scoring!$D$27,Scoring!$K$27,"")))))) -> 20 | EP13: Yes | EQ13: =IF($EP13=Scoring!$D$43,Scoring!$K$43,IF($EP13=Scoring!$D$44,Scoring!$K$44,IF($EP13=Scoring!$D$45,Scoring!$K$45,""))) -> 10 | ER13: National public administrations | ES13: =IF($ER13=Scoring!$D$52,Scoring!$K$52,IF($ER13=Scoring!$D$53,Scoring!$K$53,IF($ER13=Scoring!$D$54,Scoring!$K$54,IF($ER13=Scoring!$D$55,Scoring!$K$55,IF($ER13=Scoring!$D$56,Scoring!$K$56,""))))) -> 20 | ET13: Yes | EU13: =IF($ET13=Scoring!$D$80,Scoring!$K$80,IF($ET13=Scoring!$D$81,Scoring!$K$81,"")) -> 10 | EV13: Yes | EW13: =IF($EV13=Scoring!$D$103,Scoring!$K$103,IF($EV13=Scoring!$D$104,Scoring!$K$104,IF($EV13=Scoring!$D$105,Scoring!$K$105,""))) -> 10 | EX13: Yes | EY13: =IF($EX13=Scoring!$D$157,Scoring!$K$157,IF($EX13=Scoring!$D$158,Scoring!$K$158,IF($EX13=Scoring!$D$159,Scoring!$K$159,""))) -> 15 | EZ13: Yes, very much | FA13: =IF($EZ13=Scoring!$J$160,Scoring!$K$160,IF($EZ13=Scoring!$J$161,Scoring!$K$161,IF($EZ13=Scoring!$J$162,Scoring!$K$162,IF($EZ13=Scoring!$J$163,Scoring!$K$163,"")))) -> 10 | FB13: Yes | FC13: =IF($FB13=Scoring!$D$166,Scoring!$K$166,IF($FB13=Scoring!$D$167,Scoring!$K$167,"")) -> 10 | FD13: Yes | FE13: =IF($FD13=Scoring!$D$227,Scoring!$K$227,IF($FD13=Scoring!$D$228,Scoring!$K$228,"")) -> 10 | FF13: Yes | FG13: =IF($FF13=Scoring!$D$229,Scoring!$K$229,IF($FF13=Scoring!$D$230,Scoring!$K$230,"")) -> 10 | FH13: No | FI13: =IF($FH13=Scoring!$D$231,Scoring!$K$231,IF($FH13=Scoring!$D$232,Scoring!$K$232,"")) -> 0 | FJ13: Yes | FK13: =IF($FJ13=Scoring!$D$233,Scoring!$K$233,IF($FJ13=Scoring!$D$234,Scoring!$K$234,"")) -> 5 | FL13: =SUM(EO13,EQ13,ES13,EU13,EW13,EY13,FA13,FC13,FE13,FI13,FK13) -> 120 | FM13: Yes, very well | FO13: Yes, after adaptation | FQ13: Yes, after adaptation | FR13: 5 | FS13: No answer | FU13: No answer
A14: France | B14: Etalab | C14: Romain Tales | D14: Data.gouv.fr Product Owner | E14: Romain.tales@modernisation.gouv.fr | F14: Yes | G14: =IF($F14=Scoring!$D$5,Scoring!$E$5,IF($F14=Scoring!$D$6,Scoring!$E$6,"")) -> 20 | H14: Yes | I14: =IF($H14=Scoring!$D$7,Scoring!$E$7,IF($H14=Scoring!$D$8,Scoring!$E$8,"")) -> 20 | J14: More ambitious | K14: =IF($J14=Scoring!$J$9,Scoring!$K$9,IF($J14=Scoring!$J$10,Scoring!$K$10,IF($J14=Scoring!$J$11,Scoring!$K$11,""))) -> 10 | L14: Yes | M14: =IF($L14=Scoring!$D$12,Scoring!$G$12,IF($L14=Scoring!$D$13,Scoring!$G$13,"")) -> 10 | N14: =SUM(M14,K14,I14) -> 40 | O14: Yes | P14: =IF($O14=Scoring!$D$14,Scoring!$E$14,IF($O14=Scoring!$D$15,Scoring!$E$15,"")) -> 30 | Q14: Yes | R14: =IF($Q14=Scoring!$D$16,Scoring!$E$16,IF($Q14=Scoring!$D$17,Scoring!$E$17,IF($Q14=Scoring!$D$18,Scoring!$E$18,""))) -> 20 | S14: =SUM(R14,P14) -> 50 | T14: Yes | U14: =IF($T14=Scoring!$J$19,Scoring!$K$19,IF($T14=Scoring!$J$20,Scoring!$K$20,IF($T14=Scoring!$J$21,Scoring!$K$21,""))) -> 20 | V14: Daily | W14: =IF($V14=Scoring!$J$28,Scoring!$K$28,IF($V14=Scoring!$J$29,Scoring!$K$29,IF($V14=Scoring!$J$30,Scoring!$K$30,IF($V14=Scoring!$J$31,Scoring!$K$31,IF($V14=Scoring!$J$32,Scoring!$K$32,IF($V14=Scoring!$J$33,Scoring!$K$33,IF($V14=Scoring!$J$34,Scoring!$K$34,""))))))) -> 50 | X14: Yes | Y14: =IF($X14=Scoring!$D$35,Scoring!$E$35,IF($X14=Scoring!$D$36,Scoring!$E$36,IF($X14=Scoring!$D$37,Scoring!$E$37,""))) -> 20 | Z14: Yes | AA14: =IF($Z14=Scoring!$D$38,Scoring!$G$38,IF($Z14=Scoring!$D$39,Scoring!$G$39,"")) -> 10 | AB14: =SUM(AA14,Y14) -> 30 | AC14: Yes | AD14: =IF($AC14=Scoring!$D$40,Scoring!$E$40,IF($AC14=Scoring!$D$41,Scoring!$E$41,IF($AC14=Scoring!$D$42,Scoring!$E$42,""))) -> 10 | AE14: Yes | AF14: =IF($AE14=Scoring!$D$46,Scoring!$E$46,IF($AE14=Scoring!$D$47,Scoring!$E$47,"")) -> 20 | AG14: Yes, more than 8 | AH14: =IF($AG14=Scoring!$D$48,Scoring!$E$48,IF($AG14=Scoring!$D$49,Scoring!$E$49,IF($AG14=Scoring!$D$50,Scoring!$E$50,IF($AG14=Scoring!$D$51,Scoring!$E$51,"")))) -> 50 | AI14: Yes | AJ14: =IF($AI14=Scoring!$D$57,Scoring!$E$57,IF($AI14=Scoring!$D$58,Scoring!$E$58,"")) -> 30 | AK14: =SUM(AJ14,AH14,AF14,AD14,AB14,W14,U14,S14,N14,G14,EO14,EQ14,ES14) -> 380 | AL14: Yes | AM14: =IF($AL14=Scoring!$D$63,Scoring!$E$63,IF($AL14=Scoring!$D$64,Scoring!$E$64,"")) -> 20 | AN14: Yes | AO14: =IF($AN14=Scoring!$D$65,Scoring!$E$65,IF($AN14=Scoring!$D$66,Scoring!$E$66,IF($AN14=Scoring!$D$67,Scoring!$E$67,""))) -> 10 | AP14: Many | AQ14: =IF($AP14=Scoring!$D$68,Scoring!$E$68,IF($AP14=Scoring!$D$69,Scoring!$E$69,IF($AP14=Scoring!$D$70,Scoring!$E$70,IF($AP14=Scoring!$D$71,Scoring!$E$71,"")))) -> 40 | AR14: Yes | AS14: =IF($AR14=Scoring!$D$72,Scoring!$E$72,IF($AR14=Scoring!$D$73,Scoring!$E$73,IF($AR14=Scoring!$D$74,Scoring!$E$74,""))) -> 30 | AT14: Many | AU14: =IF($AT14=Scoring!$D$75,Scoring!$E$75,IF($AT14=Scoring!$D$76,Scoring!$E$76,IF($AT14=Scoring!$D$77,Scoring!$E$77,IF($AT14=Scoring!$D$78,Scoring!$E$78,"")))) -> 20 | AV14: =SUM(AS14,AU14) -> 50 | AW14: n/a | AX14: =IF($AW14=Scoring!$D$82,Scoring!$K$82,"") -> n/a | AY14: =SUM(AX14,AV14,AQ14,AO14,AM14,EU14) -> 130 | AZ14: 1 | BA14: =IF($AZ14=Scoring!$J$85,Scoring!$K$85,IF($AZ14=Scoring!$J$86,Scoring!$K$86,IF($AZ14=Scoring!$J$87,Scoring!$K$87,IF($AZ14=Scoring!$J$88,Scoring!$K$88,IF($AZ14=Scoring!$J$89,Scoring!$K$89,IF($AZ14=Scoring!$J$89,Scoring!$K$89,IF($AZ14=Scoring!$J$89,Scoring!$K$89,""))))))) -> 30 | BB14: 1 | BC14: =IF($BB14=Scoring!$J$92,Scoring!$K$92,IF($BB14=Scoring!$J$93,Scoring!$K$93,IF($BB14=Scoring!$J$94,Scoring!$K$94,IF($BB14=Scoring!$J$95,Scoring!$K$95,IF($BB14=Scoring!$J$96,Scoring!$K$96,IF($BB14=Scoring!$J$97,Scoring!$K$97,IF($BB14=Scoring!$J$99,Scoring!$K$99,""))))))) -> 25 | BD14: Yes | BE14: =IF($BD14=Scoring!$D$100,Scoring!$E$100,IF($BD14=Scoring!$D$101,Scoring!$E$101,IF($BD14=Scoring!$D$102,Scoring!$E$102,""))) -> 15 | BF14: =SUM(BE14,BC14,BA14,EW14) -> 70 | BG14: =AK14+AY14+BF14 -> 580 | BH14: >0.05% of inhabitants | BI14: =IF($BH14=Scoring!$D$108,Scoring!$E$108,IF($BH14=Scoring!$D$109,Scoring!$E$109,IF($BH14=Scoring!$D$110,Scoring!$E$110,IF($BH14=Scoring!$D$111,Scoring!$E$111,IF($BH14=Scoring!$D$112,Scoring!$E$112,IF($BH14=Scoring!$D$113,Scoring!$E$113,IF($BH14=Scoring!$D$114,Scoring!$E$114,IF($BH14=Scoring!$D$115,Scoring!$E$115,IF($BH14=Scoring!$D$116,Scoring!$E$116,IF($BH14=Scoring!$D$117,Scoring!$E$117,"")))))))))) -> 80 | BJ14: Yes | BK14: =IF($BJ14=Scoring!$D$118,Scoring!$E$118,IF($BJ14=Scoring!$D$119,Scoring!$E$119,"")) -> 40 | BL14: A bit of everything | BM14: =IF($BL14=Scoring!$D$120,Scoring!$E$120,IF($BL14=Scoring!$D$121,Scoring!$E$121,IF($BL14=Scoring!$D$122,Scoring!$E$122,IF($BL14=Scoring!$D$123,Scoring!$E$123,IF($BL14=Scoring!$D$124,Scoring!$E$124,""))))) -> 25 | BN14: Foreign 5 - 14% | BO14: =IF($BN14=Scoring!$D$125,Scoring!$E$125,IF($BN14=Scoring!$D$126,Scoring!$E$126,IF($BN14=Scoring!$D$127,Scoring!$E$127,IF($BN14=Scoring!$D$128,Scoring!$E$128,IF($BN14=Scoring!$D$129,Scoring!$E$129,IF($BN14=Scoring!$D$130,Scoring!$E$130,IF($BN14=Scoring!$D$131,Scoring!$E$131,""))))))) -> 10 | BP14: I don't know | BQ14: =IF($BP14=Scoring!$J$133,Scoring!$K$133,IF($BP14=Scoring!$J$134,Scoring!$K$134,IF($BP14=Scoring!$J$135,Scoring!$K$135,IF($BP14=Scoring!$J$136,Scoring!$K$136,IF($BP14=Scoring!$J$137,Scoring!$K$137,IF($BP14=Scoring!$J$138,Scoring!$K$138,IF($BP14=Scoring!$J$139,Scoring!$K$139,IF($BP14=Scoring!$J$140,Scoring!$K$140,"")))))))) -> 0 | BR14: =SUM(BQ14,BO14,BM14) -> 35 | BS14: Geospatial | BT14: Statistics | BU14: Companies | BV14: Government accountability and democracy | BW14: Transport and infrastructure | BX14: ? | CC14: No | CD14: =IF($CC14=Scoring!$D$151,Scoring!$G$151,IF($CC14=Scoring!$D$152,Scoring!$G$152,"")) -> 0 | CE14: Yes | CF14: =IF($CE14=Scoring!$D$153,Scoring!$K$153,IF($CE14=Scoring!$D$154,Scoring!$K$154,"")) -> 20 | CG14: Yes | CH14: =IF($CG14=Scoring!$D$155,Scoring!$G$155,IF($CG14=Scoring!$D$156,Scoring!$G$156,"")) -> 10 | CI14: Yes | CJ14: =IF($CI14=Scoring!$D$164,Scoring!$G$164,IF($CI14=Scoring!$D$165,Scoring!$G$165,"")) -> 20 | CK14: =SUM(CJ14,CH14,CF14,CD14,BR14,BK14,BI14,EY14,FA14,FC14) -> 240 | CL14: Yes | CM14: =IF($CL14=Scoring!$D$171,Scoring!$E$171,IF($CL14=Scoring!$D$172,Scoring!$E$172,"")) -> 30 | CN14: High | CO14: =IF($CN14=Scoring!$D$173,Scoring!$E$173,IF($CN14=Scoring!$D$174,Scoring!$E$174,IF($CN14=Scoring!$D$175,Scoring!$E$175,IF($CN14=Scoring!$D$176,Scoring!$E$176,"")))) -> 40 | CP14: High | CQ14: =IF($CP14=Scoring!$D$177,Scoring!$E$177,IF($CP14=Scoring!$D$178,Scoring!$E$178,IF($CP14=Scoring!$D$179,Scoring!$E$179,IF($CP14=Scoring!$D$180,Scoring!$E$180,"")))) -> 50 | CR14: =SUM(CM14,CO14,CQ14) -> 120 | CS14: High | CT14: =IF($CS14=Scoring!$D$183,Scoring!$E$183,IF($CS14=Scoring!$D$184,Scoring!$E$184,IF($CS14=Scoring!$D$185,Scoring!$E$185,IF($CS14=Scoring!$D$186,Scoring!$E$186,"")))) -> 30 | CU14: High | CV14: =IF($CU14=Scoring!$D$183,Scoring!$E$183,IF($CU14=Scoring!$D$184,Scoring!$E$184,IF($CU14=Scoring!$D$185,Scoring!$E$185,IF($CU14=Scoring!$D$186,Scoring!$E$186,"")))) -> 30 | CW14: =SUM(CT14,CV14) -> 60 | CX14: Yes | CY14: =IF($CX14=Scoring!$D$193,Scoring!$E$193,IF($CX14=Scoring!$D$194,Scoring!$E$194,IF($CX14=Scoring!$D$195,Scoring!$E$195,""))) -> 40 | CZ14: Yes | DA14: =IF($CZ14=Scoring!$D$196,Scoring!$E$196,IF($CZ14=Scoring!$D$197,Scoring!$E$197,IF($CZ14=Scoring!$D$198,Scoring!$E$198,""))) -> 30 | DB14: Yes | DC14: =IF($DB14=Scoring!$D$199,Scoring!$E$199,IF($DB14=Scoring!$D$200,Scoring!$E$200,IF($DB14=Scoring!$D$201,Scoring!$E$201,""))) -> 20 | DD14: Marginal (Zero) Cost Model | DE14: =IF($DD14=Scoring!$D$202,Scoring!$E$202,IF($DD14=Scoring!$D$203,Scoring!$E$203,IF($DD14=Scoring!$D$204,Scoring!$E$204,IF($DD14=Scoring!$D$205,Scoring!$E$205,"")))) -> 30 | DF14: =SUM(CY14,DA14,DC14,DE14) -> 120 | DG14: =CR14+CW14+DF14 -> 300 | DH14: =DG14+CK14+BG14 -> 1120 | DI14: Yes | DJ14: =IF($DI14=Scoring!$D$219,Scoring!$E$219,IF($DI14=Scoring!$D$220,Scoring!$E$220,"")) -> 20 | DK14: Yes | DL14: =IF($DK14=Scoring!$D$221,Scoring!$E$221,IF($DK14=Scoring!$D$222,Scoring!$E$222,"")) -> 20 | DM14: Yes | DN14: =IF($DM14=Scoring!$D$223,Scoring!$E$223,IF($DM14=Scoring!$D$224,Scoring!$E$224,"")) -> 10 | DO14: Yes | DP14: =IF($DO14=Scoring!$D$225,Scoring!$E$225,IF($DO14=Scoring!$D$226,Scoring!$E$226,"")) -> 10 | DQ14: =SUM($DP14,$DN14,$DL14,$DJ14,$FE14,$FG14,$FI14,$FK14) -> 90 | DR14: No | DS14: =IF($DR14=Scoring!$D$237,Scoring!$E$237,IF($DR14=Scoring!$D$238,Scoring!$E$238,"")) -> 0 | DT14: ≥ 90% | DU14: =IF($DT14=Scoring!$D$240,Scoring!$E$240,IF($DT14=Scoring!$D$241,Scoring!$E$241,IF($DT14=Scoring!$D$242,Scoring!$E$242,IF($DT14=Scoring!$D$243,Scoring!$E$243,IF($DT14=Scoring!$D$244,Scoring!$E$244,IF($DT14=Scoring!$D$245,Scoring!$E$245,IF($DT14=Scoring!$D$246,Scoring!$E$246,""))))))) -> 60 | DV14: Yes | DW14: =IF($DV14=Scoring!$D$247,Scoring!$E$247,IF($DV14=Scoring!$D$248,Scoring!$E$248,"")) -> 20 | DX14: Yes | DY14: =IF($DX14=Scoring!$D$249,Scoring!$E$249,IF($DX14=Scoring!$D$250,Scoring!$E$250,"")) -> 20 | DZ14: Yes | EA14: =IF($DZ14=Scoring!$D$251,Scoring!$E$251,IF($DZ14=Scoring!$D$252,Scoring!$E$252,"")) -> 10 | EB14: Yes | EC14: =IF($EB14=Scoring!$D$253,Scoring!$E$253,IF($EB14=Scoring!$D$254,Scoring!$E$254,"")) -> 10 | ED14: =SUM(EC14,EA14,DY14,DW14,DU14,DS14) -> 120 | EE14: Yes | EF14: =IF($EE14=Scoring!$D$257,Scoring!$E$257,IF($EE14=Scoring!$D$258,Scoring!$E$258,"")) -> 20 | EG14: No | EH14: =IF($EG14=Scoring!$D$259,Scoring!$E$259,IF($EG14=Scoring!$D$260,Scoring!$E$260,"")) -> 0 | EI14: Yes | EJ14: =IF($EI14=Scoring!$D$261,Scoring!$E$261,IF($EI14=Scoring!$D$262,Scoring!$E$262,"")) -> 15 | EK14: =SUM(EJ14,EH14,EF14) -> 35 | EL14: =EK14+ED14+DQ14 -> 245 | EM14: =SUM(EL14,DH14) -> 1365 | EN14: 75-89% | EO14: =IF($EN14=Scoring!$D$22,Scoring!$K$22,IF($EN14=Scoring!$D$23,Scoring!$K$23,IF($EN14=Scoring!$D$24,Scoring!$K$24,IF($EN14=Scoring!$D$25,Scoring!$K$25,IF($EN14=Scoring!$D$26,Scoring!$K$26,IF($EN14=Scoring!$D$27,Scoring!$K$27,"")))))) -> 30 | EP14: No | EQ14: 10 | ER14: National public administrations | ES14: =IF($ER14=Scoring!$D$52,Scoring!$K$52,IF($ER14=Scoring!$D$53,Scoring!$K$53,IF($ER14=Scoring!$D$54,Scoring!$K$54,IF($ER14=Scoring!$D$55,Scoring!$K$55,IF($ER14=Scoring!$D$56,Scoring!$K$56,""))))) -> 20 | ET14: Yes | EU14: =IF($ET14=Scoring!$D$80,Scoring!$K$80,IF($ET14=Scoring!$D$81,Scoring!$K$81,"")) -> 10 | EV14: No | EW14: =IF($EV14=Scoring!$D$103,Scoring!$K$103,IF($EV14=Scoring!$D$104,Scoring!$K$104,IF($EV14=Scoring!$D$105,Scoring!$K$105,""))) -> 0 | EX14: Yes | EY14: =IF($EX14=Scoring!$D$157,Scoring!$K$157,IF($EX14=Scoring!$D$158,Scoring!$K$158,IF($EX14=Scoring!$D$159,Scoring!$K$159,""))) -> 15 | EZ14: Yes, very much | FA14: =IF($EZ14=Scoring!$J$160,Scoring!$K$160,IF($EZ14=Scoring!$J$161,Scoring!$K$161,IF($EZ14=Scoring!$J$162,Scoring!$K$162,IF($EZ14=Scoring!$J$163,Scoring!$K$163,"")))) -> 10 | FB14: Yes | FC14: =IF($FB14=Scoring!$D$166,Scoring!$K$166,IF($FB14=Scoring!$D$167,Scoring!$K$167,"")) -> 10 | FD14: Yes | FE14: =IF($FD14=Scoring!$D$227,Scoring!$K$227,IF($FD14=Scoring!$D$228,Scoring!$K$228,"")) -> 10 | FF14: Yes | FG14: =IF($FF14=Scoring!$D$229,Scoring!$K$229,IF($FF14=Scoring!$D$230,Scoring!$K$230,"")) -> 10 | FH14: Yes | FI14: =IF($FH14=Scoring!$D$231,Scoring!$K$231,IF($FH14=Scoring!$D$232,Scoring!$K$232,"")) -> 5 | FJ14: Yes | FK14: =IF($FJ14=Scoring!$D$233,Scoring!$K$233,IF($FJ14=Scoring!$D$234,Scoring!$K$234,"")) -> 5 | FL14: =SUM(EO14,EQ14,ES14,EU14,EW14,EY14,FA14,FC14,FE14,FI14,FK14) -> 125 | FM14: Yes, very well | FO14: Yes, after adaptation | FQ14: Yes, after adaptation | FR14: 5 | FS14: Answer | FU14: Answer
A15: Germany | B15: Federal Ministry of the Interior | C15: Carsten Rosche | D15: Policy officer Open Data / Open Government | E15: o1@bmi.bund.de | F15: Yes | G15: =IF($F15=Scoring!$D$5,Scoring!$E$5,IF($F15=Scoring!$D$6,Scoring!$E$6,"")) -> 20 | H15: Yes | I15: =IF($H15=Scoring!$D$7,Scoring!$E$7,IF($H15=Scoring!$D$8,Scoring!$E$8,"")) -> 20 | J15: More ambitious | K15: =IF($J15=Scoring!$J$9,Scoring!$K$9,IF($J15=Scoring!$J$10,Scoring!$K$10,IF($J15=Scoring!$J$11,Scoring!$K$11,""))) -> 10 | L15: Yes | M15: =IF($L15=Scoring!$D$12,Scoring!$G$12,IF($L15=Scoring!$D$13,Scoring!$G$13,"")) -> 10 | N15: =SUM(M15,K15,I15) -> 40 | O15: Yes | P15: =IF($O15=Scoring!$D$14,Scoring!$E$14,IF($O15=Scoring!$D$15,Scoring!$E$15,"")) -> 30 | Q15: Yes | R15: =IF($Q15=Scoring!$D$16,Scoring!$E$16,IF($Q15=Scoring!$D$17,Scoring!$E$17,IF($Q15=Scoring!$D$18,Scoring!$E$18,""))) -> 20 | S15: =SUM(R15,P15) -> 50 | T15: Yes | U15: =IF($T15=Scoring!$J$19,Scoring!$K$19,IF($T15=Scoring!$J$20,Scoring!$K$20,IF($T15=Scoring!$J$21,Scoring!$K$21,""))) -> 20 | V15: Daily | W15: =IF($V15=Scoring!$J$28,Scoring!$K$28,IF($V15=Scoring!$J$29,Scoring!$K$29,IF($V15=Scoring!$J$30,Scoring!$K$30,IF($V15=Scoring!$J$31,Scoring!$K$31,IF($V15=Scoring!$J$32,Scoring!$K$32,IF($V15=Scoring!$J$33,Scoring!$K$33,IF($V15=Scoring!$J$34,Scoring!$K$34,""))))))) -> 50 | X15: No | Y15: =IF($X15=Scoring!$D$35,Scoring!$E$35,IF($X15=Scoring!$D$36,Scoring!$E$36,IF($X15=Scoring!$D$37,Scoring!$E$37,""))) -> 0 | Z15: Yes | AA15: =IF($Z15=Scoring!$D$38,Scoring!$G$38,IF($Z15=Scoring!$D$39,Scoring!$G$39,"")) -> 10 | AB15: =SUM(AA15,Y15) -> 10 | AC15: Yes | AD15: =IF($AC15=Scoring!$D$40,Scoring!$E$40,IF($AC15=Scoring!$D$41,Scoring!$E$41,IF($AC15=Scoring!$D$42,Scoring!$E$42,""))) -> 10 | AE15: Yes | AF15: =IF($AE15=Scoring!$D$46,Scoring!$E$46,IF($AE15=Scoring!$D$47,Scoring!$E$47,"")) -> 20 | AG15: Yes, more than 8 | AH15: =IF($AG15=Scoring!$D$48,Scoring!$E$48,IF($AG15=Scoring!$D$49,Scoring!$E$49,IF($AG15=Scoring!$D$50,Scoring!$E$50,IF($AG15=Scoring!$D$51,Scoring!$E$51,"")))) -> 50 | AI15: No | AJ15: =IF($AI15=Scoring!$D$57,Scoring!$E$57,IF($AI15=Scoring!$D$58,Scoring!$E$58,"")) -> 0 | AK15: =SUM(AJ15,AH15,AF15,AD15,AB15,W15,U15,S15,N15,G15,EO15,EQ15,ES15) -> 340 | AL15: Yes | AM15: =IF($AL15=Scoring!$D$63,Scoring!$E$63,IF($AL15=Scoring!$D$64,Scoring!$E$64,"")) -> 20 | AN15: Yes | AO15: =IF($AN15=Scoring!$D$65,Scoring!$E$65,IF($AN15=Scoring!$D$66,Scoring!$E$66,IF($AN15=Scoring!$D$67,Scoring!$E$67,""))) -> 10 | AP15: Some | AQ15: =IF($AP15=Scoring!$D$68,Scoring!$E$68,IF($AP15=Scoring!$D$69,Scoring!$E$69,IF($AP15=Scoring!$D$70,Scoring!$E$70,IF($AP15=Scoring!$D$71,Scoring!$E$71,"")))) -> 10 | AR15: Yes | AS15: =IF($AR15=Scoring!$D$72,Scoring!$E$72,IF($AR15=Scoring!$D$73,Scoring!$E$73,IF($AR15=Scoring!$D$74,Scoring!$E$74,""))) -> 30 | AT15: Many | AU15: =IF($AT15=Scoring!$D$75,Scoring!$E$75,IF($AT15=Scoring!$D$76,Scoring!$E$76,IF($AT15=Scoring!$D$77,Scoring!$E$77,IF($AT15=Scoring!$D$78,Scoring!$E$78,"")))) -> 20 | AV15: =SUM(AS15,AU15) -> 50 | AW15: n/a | AX15: =IF($AW15=Scoring!$D$82,Scoring!$K$82,"") -> n/a | AY15: =SUM(AX15,AV15,AQ15,AO15,AM15,EU15) -> 90 | AZ15: 1 | BA15: =IF($AZ15=Scoring!$J$85,Scoring!$K$85,IF($AZ15=Scoring!$J$86,Scoring!$K$86,IF($AZ15=Scoring!$J$87,Scoring!$K$87,IF($AZ15=Scoring!$J$88,Scoring!$K$88,IF($AZ15=Scoring!$J$89,Scoring!$K$89,IF($AZ15=Scoring!$J$89,Scoring!$K$89,IF($AZ15=Scoring!$J$89,Scoring!$K$89,""))))))) -> 30 | BB15: 90-99% | BC15: =IF($BB15=Scoring!$J$92,Scoring!$K$92,IF($BB15=Scoring!$J$93,Scoring!$K$93,IF($BB15=Scoring!$J$94,Scoring!$K$94,IF($BB15=Scoring!$J$95,Scoring!$K$95,IF($BB15=Scoring!$J$96,Scoring!$K$96,IF($BB15=Scoring!$J$97,Scoring!$K$97,IF($BB15=Scoring!$J$99,Scoring!$K$99,""))))))) -> 20 | BD15: Yes | BE15: =IF($BD15=Scoring!$D$100,Scoring!$E$100,IF($BD15=Scoring!$D$101,Scoring!$E$101,IF($BD15=Scoring!$D$102,Scoring!$E$102,""))) -> 15 | BF15: =SUM(BE15,BC15,BA15,EW15) -> 65 | BG15: =AK15+AY15+BF15 -> 495 | BH15: <0.014% of inhabitants | BI15: =IF($BH15=Scoring!$D$108,Scoring!$E$108,IF($BH15=Scoring!$D$109,Scoring!$E$109,IF($BH15=Scoring!$D$110,Scoring!$E$110,IF($BH15=Scoring!$D$111,Scoring!$E$111,IF($BH15=Scoring!$D$112,Scoring!$E$112,IF($BH15=Scoring!$D$113,Scoring!$E$113,IF($BH15=Scoring!$D$114,Scoring!$E$114,IF($BH15=Scoring!$D$115,Scoring!$E$115,IF($BH15=Scoring!$D$116,Scoring!$E$116,IF($BH15=Scoring!$D$117,Scoring!$E$117,"")))))))))) -> 0 | BJ15: Yes | BK15: =IF($BJ15=Scoring!$D$118,Scoring!$E$118,IF($BJ15=Scoring!$D$119,Scoring!$E$119,"")) -> 40 | BL15: I don't know | BM15: =IF($BL15=Scoring!$D$120,Scoring!$E$120,IF($BL15=Scoring!$D$121,Scoring!$E$121,IF($BL15=Scoring!$D$122,Scoring!$E$122,IF($BL15=Scoring!$D$123,Scoring!$E$123,IF($BL15=Scoring!$D$124,Scoring!$E$124,""))))) -> 0 | BN15: Foreign 15 - 29% | BO15: =IF($BN15=Scoring!$D$125,Scoring!$E$125,IF($BN15=Scoring!$D$126,Scoring!$E$126,IF($BN15=Scoring!$D$127,Scoring!$E$127,IF($BN15=Scoring!$D$128,Scoring!$E$128,IF($BN15=Scoring!$D$129,Scoring!$E$129,IF($BN15=Scoring!$D$130,Scoring!$E$130,IF($BN15=Scoring!$D$131,Scoring!$E$131,""))))))) -> 20 | BP15: I don't know | BQ15: =IF($BP15=Scoring!$J$133,Scoring!$K$133,IF($BP15=Scoring!$J$134,Scoring!$K$134,IF($BP15=Scoring!$J$135,Scoring!$K$135,IF($BP15=Scoring!$J$136,Scoring!$K$136,IF($BP15=Scoring!$J$137,Scoring!$K$137,IF($BP15=Scoring!$J$138,Scoring!$K$138,IF($BP15=Scoring!$J$139,Scoring!$K$139,IF($BP15=Scoring!$J$140,Scoring!$K$140,"")))))))) -> 0 | BR15: =SUM(BQ15,BO15,BM15) -> 20 | BS15: ? | BX15: ? | CC15: No | CD15: =IF($CC15=Scoring!$D$151,Scoring!$G$151,IF($CC15=Scoring!$D$152,Scoring!$G$152,"")) -> 0 | CE15: Yes | CF15: =IF($CE15=Scoring!$D$153,Scoring!$K$153,IF($CE15=Scoring!$D$154,Scoring!$K$154,"")) -> 20 | CG15: Yes | CH15: =IF($CG15=Scoring!$D$155,Scoring!$G$155,IF($CG15=Scoring!$D$156,Scoring!$G$156,"")) -> 10 | CI15: Yes | CJ15: =IF($CI15=Scoring!$D$164,Scoring!$G$164,IF($CI15=Scoring!$D$165,Scoring!$G$165,"")) -> 20 | CK15: =SUM(CJ15,CH15,CF15,CD15,BR15,BK15,BI15,EY15,FA15,FC15) -> 135 | CL15: No | CM15: =IF($CL15=Scoring!$D$171,Scoring!$E$171,IF($CL15=Scoring!$D$172,Scoring!$E$172,"")) -> 0 | CN15: Medium | CO15: =IF($CN15=Scoring!$D$173,Scoring!$E$173,IF($CN15=Scoring!$D$174,Scoring!$E$174,IF($CN15=Scoring!$D$175,Scoring!$E$175,IF($CN15=Scoring!$D$176,Scoring!$E$176,"")))) -> 20 | CP15: Medium | CQ15: =IF($CP15=Scoring!$D$177,Scoring!$E$177,IF($CP15=Scoring!$D$178,Scoring!$E$178,IF($CP15=Scoring!$D$179,Scoring!$E$179,IF($CP15=Scoring!$D$180,Scoring!$E$180,"")))) -> 20 | CR15: =SUM(CM15,CO15,CQ15) -> 40 | CS15: Medium | CT15: =IF($CS15=Scoring!$D$183,Scoring!$E$183,IF($CS15=Scoring!$D$184,Scoring!$E$184,IF($CS15=Scoring!$D$185,Scoring!$E$185,IF($CS15=Scoring!$D$186,Scoring!$E$186,"")))) -> 15 | CU15: Medium | CV15: =IF($CU15=Scoring!$D$183,Scoring!$E$183,IF($CU15=Scoring!$D$184,Scoring!$E$184,IF($CU15=Scoring!$D$185,Scoring!$E$185,IF($CU15=Scoring!$D$186,Scoring!$E$186,"")))) -> 15 | CW15: =SUM(CT15,CV15) -> 30 | CX15: Yes | CY15: =IF($CX15=Scoring!$D$193,Scoring!$E$193,IF($CX15=Scoring!$D$194,Scoring!$E$194,IF($CX15=Scoring!$D$195,Scoring!$E$195,""))) -> 40 | CZ15: I don't know | DA15: =IF($CZ15=Scoring!$D$196,Scoring!$E$196,IF($CZ15=Scoring!$D$197,Scoring!$E$197,IF($CZ15=Scoring!$D$198,Scoring!$E$198,""))) -> 0 | DB15: Yes | DC15: =IF($DB15=Scoring!$D$199,Scoring!$E$199,IF($DB15=Scoring!$D$200,Scoring!$E$200,IF($DB15=Scoring!$D$201,Scoring!$E$201,""))) -> 20 | DD15: Marginal (Zero) Cost Model | DE15: =IF($DD15=Scoring!$D$202,Scoring!$E$202,IF($DD15=Scoring!$D$203,Scoring!$E$203,IF($DD15=Scoring!$D$204,Scoring!$E$204,IF($DD15=Scoring!$D$205,Scoring!$E$205,"")))) -> 30 | DF15: =SUM(CY15,DA15,DC15,DE15) -> 90 | DG15: =CR15+CW15+DF15 -> 160 | DH15: =DG15+CK15+BG15 -> 790 | DI15: Yes | DJ15: =IF($DI15=Scoring!$D$219,Scoring!$E$219,IF($DI15=Scoring!$D$220,Scoring!$E$220,"")) -> 20 | DK15: No | DL15: =IF($DK15=Scoring!$D$221,Scoring!$E$221,IF($DK15=Scoring!$D$222,Scoring!$E$222,"")) -> 0 | DM15: Yes | DN15: =IF($DM15=Scoring!$D$223,Scoring!$E$223,IF($DM15=Scoring!$D$224,Scoring!$E$224,"")) -> 10 | DO15: Yes | DP15: =IF($DO15=Scoring!$D$225,Scoring!$E$225,IF($DO15=Scoring!$D$226,Scoring!$E$226,"")) -> 10 | DQ15: =SUM($DP15,$DN15,$DL15,$DJ15,$FE15,$FG15,$FI15,$FK15) -> 70 | DR15: Yes | DS15: =IF($DR15=Scoring!$D$237,Scoring!$E$237,IF($DR15=Scoring!$D$238,Scoring!$E$238,"")) -> 20 | DT15: ≥ 90% | DU15: =IF($DT15=Scoring!$D$240,Scoring!$E$240,IF($DT15=Scoring!$D$241,Scoring!$E$241,IF($DT15=Scoring!$D$242,Scoring!$E$242,IF($DT15=Scoring!$D$243,Scoring!$E$243,IF($DT15=Scoring!$D$244,Scoring!$E$244,IF($DT15=Scoring!$D$245,Scoring!$E$245,IF($DT15=Scoring!$D$246,Scoring!$E$246,""))))))) -> 60 | DV15: Yes | DW15: =IF($DV15=Scoring!$D$247,Scoring!$E$247,IF($DV15=Scoring!$D$248,Scoring!$E$248,"")) -> 20 | DX15: Yes | DY15: =IF($DX15=Scoring!$D$249,Scoring!$E$249,IF($DX15=Scoring!$D$250,Scoring!$E$250,"")) -> 20 | DZ15: Yes | EA15: =IF($DZ15=Scoring!$D$251,Scoring!$E$251,IF($DZ15=Scoring!$D$252,Scoring!$E$252,"")) -> 10 | EB15: Yes | EC15: =IF($EB15=Scoring!$D$253,Scoring!$E$253,IF($EB15=Scoring!$D$254,Scoring!$E$254,"")) -> 10 | ED15: =SUM(EC15,EA15,DY15,DW15,DU15,DS15) -> 140 | EE15: Yes | EF15: =IF($EE15=Scoring!$D$257,Scoring!$E$257,IF($EE15=Scoring!$D$258,Scoring!$E$258,"")) -> 20 | EG15: Yes | EH15: =IF($EG15=Scoring!$D$259,Scoring!$E$259,IF($EG15=Scoring!$D$260,Scoring!$E$260,"")) -> 15 | EI15: Yes | EJ15: =IF($EI15=Scoring!$D$261,Scoring!$E$261,IF($EI15=Scoring!$D$262,Scoring!$E$262,"")) -> 15 | EK15: =SUM(EJ15,EH15,EF15) -> 50 | EL15: =EK15+ED15+DQ15 -> 260 | EM15: =SUM(EL15,DH15) -> 1050 | EN15: 90-99% | EO15: =IF($EN15=Scoring!$D$22,Scoring!$K$22,IF($EN15=Scoring!$D$23,Scoring!$K$23,IF($EN15=Scoring!$D$24,Scoring!$K$24,IF($EN15=Scoring!$D$25,Scoring!$K$25,IF($EN15=Scoring!$D$26,Scoring!$K$26,IF($EN15=Scoring!$D$27,Scoring!$K$27,"")))))) -> 50 | EP15: Yes | EQ15: =IF($EP15=Scoring!$D$43,Scoring!$K$43,IF($EP15=Scoring!$D$44,Scoring!$K$44,IF($EP15=Scoring!$D$45,Scoring!$K$45,""))) -> 10 | ER15: Civil society/not for profit/universities | ES15: =IF($ER15=Scoring!$D$52,Scoring!$K$52,IF($ER15=Scoring!$D$53,Scoring!$K$53,IF($ER15=Scoring!$D$54,Scoring!$K$54,IF($ER15=Scoring!$D$55,Scoring!$K$55,IF($ER15=Scoring!$D$56,Scoring!$K$56,""))))) -> 10 | ET15: No | EU15: =IF($ET15=Scoring!$D$80,Scoring!$K$80,IF($ET15=Scoring!$D$81,Scoring!$K$81,"")) -> 0 | EV15: No | EW15: =IF($EV15=Scoring!$D$103,Scoring!$K$103,IF($EV15=Scoring!$D$104,Scoring!$K$104,IF($EV15=Scoring!$D$105,Scoring!$K$105,""))) -> 0 | EX15: Yes | EY15: =IF($EX15=Scoring!$D$157,Scoring!$K$157,IF($EX15=Scoring!$D$158,Scoring!$K$158,IF($EX15=Scoring!$D$159,Scoring!$K$159,""))) -> 15 | EZ15: Yes, very much | FA15: =IF($EZ15=Scoring!$J$160,Scoring!$K$160,IF($EZ15=Scoring!$J$161,Scoring!$K$161,IF($EZ15=Scoring!$J$162,Scoring!$K$162,IF($EZ15=Scoring!$J$163,Scoring!$K$163,"")))) -> 10 | FB15: No | FC15: =IF($FB15=Scoring!$D$166,Scoring!$K$166,IF($FB15=Scoring!$D$167,Scoring!$K$167,"")) -> 0 | FD15: Yes | FE15: =IF($FD15=Scoring!$D$227,Scoring!$K$227,IF($FD15=Scoring!$D$228,Scoring!$K$228,"")) -> 10 | FF15: Yes | FG15: =IF($FF15=Scoring!$D$229,Scoring!$K$229,IF($FF15=Scoring!$D$230,Scoring!$K$230,"")) -> 10 | FH15: Yes | FI15: =IF($FH15=Scoring!$D$231,Scoring!$K$231,IF($FH15=Scoring!$D$232,Scoring!$K$232,"")) -> 5 | FJ15: Yes | FK15: =IF($FJ15=Scoring!$D$233,Scoring!$K$233,IF($FJ15=Scoring!$D$234,Scoring!$K$234,"")) -> 5 | FL15: =SUM(EO15,EQ15,ES15,EU15,EW15,EY15,FA15,FC15,FE15,FI15,FK15) -> 115 | FM15: Yes, very well | FO15: Yes, after adaptation | FQ15: Yes, after adaptation | FR15: 5 | FS15: Answer | FU15: Answer
A16: Greece | B16: Ministry of Administrative Reconstruction | C16: . VAMVAKOULAS/ K. ANGELETOPOULOU | D16: Department of Transparency, Open Government and Innovation | E16: Ch.vamvakoulas@ydmed.gov.gr /k.ageleto@ydmed.gov.gr | F16: Yes | G16: =IF($F16=Scoring!$D$5,Scoring!$E$5,IF($F16=Scoring!$D$6,Scoring!$E$6,"")) -> 20 | H16: Yes | I16: =IF($H16=Scoring!$D$7,Scoring!$E$7,IF($H16=Scoring!$D$8,Scoring!$E$8,"")) -> 20 | J16: More ambitious | K16: =IF($J16=Scoring!$J$9,Scoring!$K$9,IF($J16=Scoring!$J$10,Scoring!$K$10,IF($J16=Scoring!$J$11,Scoring!$K$11,""))) -> 10 | L16: Yes | M16: =IF($L16=Scoring!$D$12,Scoring!$G$12,IF($L16=Scoring!$D$13,Scoring!$G$13,"")) -> 10 | N16: =SUM(M16,K16,I16) -> 40 | O16: Yes | P16: =IF($O16=Scoring!$D$14,Scoring!$E$14,IF($O16=Scoring!$D$15,Scoring!$E$15,"")) -> 30 | Q16: Yes | R16: =IF($Q16=Scoring!$D$16,Scoring!$E$16,IF($Q16=Scoring!$D$17,Scoring!$E$17,IF($Q16=Scoring!$D$18,Scoring!$E$18,""))) -> 20 | S16: =SUM(R16,P16) -> 50 | T16: Yes | U16: =IF($T16=Scoring!$J$19,Scoring!$K$19,IF($T16=Scoring!$J$20,Scoring!$K$20,IF($T16=Scoring!$J$21,Scoring!$K$21,""))) -> 20 | V16: All of the above | W16: =IF($V16=Scoring!$J$28,Scoring!$K$28,IF($V16=Scoring!$J$29,Scoring!$K$29,IF($V16=Scoring!$J$30,Scoring!$K$30,IF($V16=Scoring!$J$31,Scoring!$K$31,IF($V16=Scoring!$J$32,Scoring!$K$32,IF($V16=Scoring!$J$33,Scoring!$K$33,IF($V16=Scoring!$J$34,Scoring!$K$34,""))))))) -> 50 | X16: Yes | Y16: =IF($X16=Scoring!$D$35,Scoring!$E$35,IF($X16=Scoring!$D$36,Scoring!$E$36,IF($X16=Scoring!$D$37,Scoring!$E$37,""))) -> 20 | Z16: Yes | AA16: =IF($Z16=Scoring!$D$38,Scoring!$G$38,IF($Z16=Scoring!$D$39,Scoring!$G$39,"")) -> 10 | AB16: =SUM(AA16,Y16) -> 30 | AC16: Yes | AD16: =IF($AC16=Scoring!$D$40,Scoring!$E$40,IF($AC16=Scoring!$D$41,Scoring!$E$41,IF($AC16=Scoring!$D$42,Scoring!$E$42,""))) -> 10 | AE16: Yes | AF16: =IF($AE16=Scoring!$D$46,Scoring!$E$46,IF($AE16=Scoring!$D$47,Scoring!$E$47,"")) -> 20 | AG16: Yes, more than 5 | AH16: =IF($AG16=Scoring!$F$48,Scoring!$G$48,IF($AG16=Scoring!$F$49,Scoring!$G$49,IF($AG16=Scoring!$F$50,Scoring!$G$50,IF($AG16=Scoring!$F$51,Scoring!$G$51,"")))) -> 50 | AI16: Yes | AJ16: =IF($AI16=Scoring!$D$57,Scoring!$E$57,IF($AI16=Scoring!$D$58,Scoring!$E$58,"")) -> 30 | AK16: =SUM(AJ16,AH16,AF16,AD16,AB16,W16,U16,S16,N16,G16,EO16,EQ16,ES16) -> 350 | AL16: Yes | AM16: =IF($AL16=Scoring!$D$63,Scoring!$E$63,IF($AL16=Scoring!$D$64,Scoring!$E$64,"")) -> 20 | AN16: Yes | AO16: =IF($AN16=Scoring!$D$65,Scoring!$E$65,IF($AN16=Scoring!$D$66,Scoring!$E$66,IF($AN16=Scoring!$D$67,Scoring!$E$67,""))) -> 10 | AP16: Many | AQ16: =IF($AP16=Scoring!$D$68,Scoring!$E$68,IF($AP16=Scoring!$D$69,Scoring!$E$69,IF($AP16=Scoring!$D$70,Scoring!$E$70,IF($AP16=Scoring!$D$71,Scoring!$E$71,"")))) -> 40 | AR16: Yes | AS16: =IF($AR16=Scoring!$D$72,Scoring!$E$72,IF($AR16=Scoring!$D$73,Scoring!$E$73,IF($AR16=Scoring!$D$74,Scoring!$E$74,""))) -> 30 | AT16: Many | AU16: =IF($AT16=Scoring!$D$75,Scoring!$E$75,IF($AT16=Scoring!$D$76,Scoring!$E$76,IF($AT16=Scoring!$D$77,Scoring!$E$77,IF($AT16=Scoring!$D$78,Scoring!$E$78,"")))) -> 20 | AV16: =SUM(AS16,AU16) -> 50 | AW16: n/a | AX16: =IF($AW16=Scoring!$D$82,Scoring!$K$82,"") -> n/a | AY16: =SUM(AX16,AV16,AQ16,AO16,AM16,EU16) -> 130 | AZ16: 1 | BA16: =IF($AZ16=Scoring!$J$85,Scoring!$K$85,IF($AZ16=Scoring!$J$86,Scoring!$K$86,IF($AZ16=Scoring!$J$87,Scoring!$K$87,IF($AZ16=Scoring!$J$88,Scoring!$K$88,IF($AZ16=Scoring!$J$89,Scoring!$K$89,IF($AZ16=Scoring!$J$89,Scoring!$K$89,IF($AZ16=Scoring!$J$89,Scoring!$K$89,""))))))) -> 30 | BB16: 90-99% | BC16: =IF($BB16=Scoring!$J$92,Scoring!$K$92,IF($BB16=Scoring!$J$93,Scoring!$K$93,IF($BB16=Scoring!$J$94,Scoring!$K$94,IF($BB16=Scoring!$J$95,Scoring!$K$95,IF($BB16=Scoring!$J$96,Scoring!$K$96,IF($BB16=Scoring!$J$97,Scoring!$K$97,IF($BB16=Scoring!$J$99,Scoring!$K$99,""))))))) -> 20 | BD16: Yes | BE16: =IF($BD16=Scoring!$D$100,Scoring!$E$100,IF($BD16=Scoring!$D$101,Scoring!$E$101,IF($BD16=Scoring!$D$102,Scoring!$E$102,""))) -> 15 | BF16: =SUM(BE16,BC16,BA16,EW16) -> 75 | BG16: =AK16+AY16+BF16 -> 555 | BH16: >0.02% of inhabitants | BI16: =IF($BH16=Scoring!$D$108,Scoring!$E$108,IF($BH16=Scoring!$D$109,Scoring!$E$109,IF($BH16=Scoring!$D$110,Scoring!$E$110,IF($BH16=Scoring!$D$111,Scoring!$E$111,IF($BH16=Scoring!$D$112,Scoring!$E$112,IF($BH16=Scoring!$D$113,Scoring!$E$113,IF($BH16=Scoring!$D$114,Scoring!$E$114,IF($BH16=Scoring!$D$115,Scoring!$E$115,IF($BH16=Scoring!$D$116,Scoring!$E$116,IF($BH16=Scoring!$D$117,Scoring!$E$117,"")))))))))) -> 20 | BJ16: Yes | BK16: =IF($BJ16=Scoring!$D$118,Scoring!$E$118,IF($BJ16=Scoring!$D$119,Scoring!$E$119,"")) -> 40 | BL16: A bit of everything | BM16: =IF($BL16=Scoring!$D$120,Scoring!$E$120,IF($BL16=Scoring!$D$121,Scoring!$E$121,IF($BL16=Scoring!$D$122,Scoring!$E$122,IF($BL16=Scoring!$D$123,Scoring!$E$123,IF($BL16=Scoring!$D$124,Scoring!$E$124,""))))) -> 25 | BN16: Foreign 5 - 14% | BO16: =IF($BN16=Scoring!$D$125,Scoring!$E$125,IF($BN16=Scoring!$D$126,Scoring!$E$126,IF($BN16=Scoring!$D$127,Scoring!$E$127,IF($BN16=Scoring!$D$128,Scoring!$E$128,IF($BN16=Scoring!$D$129,Scoring!$E$129,IF($BN16=Scoring!$D$130,Scoring!$E$130,IF($BN16=Scoring!$D$131,Scoring!$E$131,""))))))) -> 10 | BP16: I don't know | BQ16: =IF($BP16=Scoring!$J$133,Scoring!$K$133,IF($BP16=Scoring!$J$134,Scoring!$K$134,IF($BP16=Scoring!$J$135,Scoring!$K$135,IF($BP16=Scoring!$J$136,Scoring!$K$136,IF($BP16=Scoring!$J$137,Scoring!$K$137,IF($BP16=Scoring!$J$138,Scoring!$K$138,IF($BP16=Scoring!$J$139,Scoring!$K$139,IF($BP16=Scoring!$J$140,Scoring!$K$140,"")))))))) -> 0 | BR16: =SUM(BQ16,BO16,BM16) -> 35 | BS16: Finance and contracts | BT16: Geospatial | BU16: Statistics | BV16: Education | BW16: Government accountability and democracy | BX16: Global development | BY16: Energy and environment | CC16: Yes | CD16: =IF($CC16=Scoring!$D$151,Scoring!$G$151,IF($CC16=Scoring!$D$152,Scoring!$G$152,"")) -> 20 | CE16: Yes | CF16: =IF($CE16=Scoring!$D$153,Scoring!$K$153,IF($CE16=Scoring!$D$154,Scoring!$K$154,"")) -> 20 | CG16: Yes | CH16: =IF($CG16=Scoring!$D$155,Scoring!$G$155,IF($CG16=Scoring!$D$156,Scoring!$G$156,"")) -> 10 | CI16: No | CJ16: =IF($CI16=Scoring!$D$164,Scoring!$G$164,IF($CI16=Scoring!$D$165,Scoring!$G$165,"")) -> 0 | CK16: =SUM(CJ16,CH16,CF16,CD16,BR16,BK16,BI16,EY16,FA16,FC16) -> 165 | CL16: Yes | CM16: =IF($CL16=Scoring!$D$171,Scoring!$E$171,IF($CL16=Scoring!$D$172,Scoring!$E$172,"")) -> 30 | CN16: High | CO16: =IF($CN16=Scoring!$D$173,Scoring!$E$173,IF($CN16=Scoring!$D$174,Scoring!$E$174,IF($CN16=Scoring!$D$175,Scoring!$E$175,IF($CN16=Scoring!$D$176,Scoring!$E$176,"")))) -> 40 | CP16: High | CQ16: =IF($CP16=Scoring!$D$177,Scoring!$E$177,IF($CP16=Scoring!$D$178,Scoring!$E$178,IF($CP16=Scoring!$D$179,Scoring!$E$179,IF($CP16=Scoring!$D$180,Scoring!$E$180,"")))) -> 50 | CR16: =SUM(CM16,CO16,CQ16) -> 120 | CS16: High | CT16: =IF($CS16=Scoring!$D$183,Scoring!$E$183,IF($CS16=Scoring!$D$184,Scoring!$E$184,IF($CS16=Scoring!$D$185,Scoring!$E$185,IF($CS16=Scoring!$D$186,Scoring!$E$186,"")))) -> 30 | CU16: Medium | CV16: =IF($CU16=Scoring!$D$183,Scoring!$E$183,IF($CU16=Scoring!$D$184,Scoring!$E$184,IF($CU16=Scoring!$D$185,Scoring!$E$185,IF($CU16=Scoring!$D$186,Scoring!$E$186,"")))) -> 15 | CW16: =SUM(CT16,CV16) -> 45 | CX16: No | CY16: =IF($CX16=Scoring!$D$193,Scoring!$E$193,IF($CX16=Scoring!$D$194,Scoring!$E$194,IF($CX16=Scoring!$D$195,Scoring!$E$195,""))) -> 0 | CZ16: I don't know | DA16: =IF($CZ16=Scoring!$D$196,Scoring!$E$196,IF($CZ16=Scoring!$D$197,Scoring!$E$197,IF($CZ16=Scoring!$D$198,Scoring!$E$198,""))) -> 0 | DB16: I don't know | DC16: =IF($DB16=Scoring!$D$199,Scoring!$E$199,IF($DB16=Scoring!$D$200,Scoring!$E$200,IF($DB16=Scoring!$D$201,Scoring!$E$201,""))) -> 0 | DD16: Marginal (Zero) Cost Model | DE16: =IF($DD16=Scoring!$D$202,Scoring!$E$202,IF($DD16=Scoring!$D$203,Scoring!$E$203,IF($DD16=Scoring!$D$204,Scoring!$E$204,IF($DD16=Scoring!$D$205,Scoring!$E$205,"")))) -> 30 | DF16: =SUM(CY16,DA16,DC16,DE16) -> 30 | DG16: =CR16+CW16+DF16 -> 195 | DH16: =DG16+CK16+BG16 -> 915 | DI16: No | DJ16: =IF($DI16=Scoring!$D$219,Scoring!$E$219,IF($DI16=Scoring!$D$220,Scoring!$E$220,"")) -> 0 | DK16: No | DL16: =IF($DK16=Scoring!$D$221,Scoring!$E$221,IF($DK16=Scoring!$D$222,Scoring!$E$222,"")) -> 0 | DM16: Yes | DN16: =IF($DM16=Scoring!$D$223,Scoring!$E$223,IF($DM16=Scoring!$D$224,Scoring!$E$224,"")) -> 10 | DO16: Yes | DP16: =IF($DO16=Scoring!$D$225,Scoring!$E$225,IF($DO16=Scoring!$D$226,Scoring!$E$226,"")) -> 10 | DQ16: =SUM($DP16,$DN16,$DL16,$DJ16,$FE16,$FG16,$FI16,$FK16) -> 25 | DR16: No | DS16: =IF($DR16=Scoring!$D$237,Scoring!$E$237,IF($DR16=Scoring!$D$238,Scoring!$E$238,"")) -> 0 | DT16: 70 - 89% | DU16: =IF($DT16=Scoring!$D$240,Scoring!$E$240,IF($DT16=Scoring!$D$241,Scoring!$E$241,IF($DT16=Scoring!$D$242,Scoring!$E$242,IF($DT16=Scoring!$D$243,Scoring!$E$243,IF($DT16=Scoring!$D$244,Scoring!$E$244,IF($DT16=Scoring!$D$245,Scoring!$E$245,IF($DT16=Scoring!$D$246,Scoring!$E$246,""))))))) -> 50 | DV16: Yes | DW16: =IF($DV16=Scoring!$D$247,Scoring!$E$247,IF($DV16=Scoring!$D$248,Scoring!$E$248,"")) -> 20 | DX16: Yes | DY16: =IF($DX16=Scoring!$D$249,Scoring!$E$249,IF($DX16=Scoring!$D$250,Scoring!$E$250,"")) -> 20 | DZ16: No | EA16: =IF($DZ16=Scoring!$D$251,Scoring!$E$251,IF($DZ16=Scoring!$D$252,Scoring!$E$252,"")) -> 0 | EB16: No | EC16: =IF($EB16=Scoring!$D$253,Scoring!$E$253,IF($EB16=Scoring!$D$254,Scoring!$E$254,"")) -> 0 | ED16: =SUM(EC16,EA16,DY16,DW16,DU16,DS16) -> 90 | EE16: Yes | EF16: =IF($EE16=Scoring!$D$257,Scoring!$E$257,IF($EE16=Scoring!$D$258,Scoring!$E$258,"")) -> 20 | EG16: Yes | EH16: =IF($EG16=Scoring!$D$259,Scoring!$E$259,IF($EG16=Scoring!$D$260,Scoring!$E$260,"")) -> 15 | EI16: Yes | EJ16: =IF($EI16=Scoring!$D$261,Scoring!$E$261,IF($EI16=Scoring!$D$262,Scoring!$E$262,"")) -> 15 | EK16: =SUM(EJ16,EH16,EF16) -> 50 | EL16: =EK16+ED16+DQ16 -> 165 | EM16: =SUM(EL16,DH16) -> 1080 | EN16: <25% | EO16: =IF($EN16=Scoring!$D$22,Scoring!$K$22,IF($EN16=Scoring!$D$23,Scoring!$K$23,IF($EN16=Scoring!$D$24,Scoring!$K$24,IF($EN16=Scoring!$D$25,Scoring!$K$25,IF($EN16=Scoring!$D$26,Scoring!$K$26,IF($EN16=Scoring!$D$27,Scoring!$K$27,"")))))) -> 0 | EP16: Yes | EQ16: =IF($EP16=Scoring!$D$43,Scoring!$K$43,IF($EP16=Scoring!$D$44,Scoring!$K$44,IF($EP16=Scoring!$D$45,Scoring!$K$45,""))) -> 10 | ER16: National public administrations | ES16: =IF($ER16=Scoring!$D$52,Scoring!$K$52,IF($ER16=Scoring!$D$53,Scoring!$K$53,IF($ER16=Scoring!$D$54,Scoring!$K$54,IF($ER16=Scoring!$D$55,Scoring!$K$55,IF($ER16=Scoring!$D$56,Scoring!$K$56,""))))) -> 20 | ET16: Yes | EU16: =IF($ET16=Scoring!$D$80,Scoring!$K$80,IF($ET16=Scoring!$D$81,Scoring!$K$81,"")) -> 10 | EV16: Yes | EW16: =IF($EV16=Scoring!$D$103,Scoring!$K$103,IF($EV16=Scoring!$D$104,Scoring!$K$104,IF($EV16=Scoring!$D$105,Scoring!$K$105,""))) -> 10 | EX16: No | EY16: =IF($EX16=Scoring!$D$157,Scoring!$K$157,IF($EX16=Scoring!$D$158,Scoring!$K$158,IF($EX16=Scoring!$D$159,Scoring!$K$159,""))) -> 0 | EZ16: Yes, very much | FA16: =IF($EZ16=Scoring!$J$160,Scoring!$K$160,IF($EZ16=Scoring!$J$161,Scoring!$K$161,IF($EZ16=Scoring!$J$162,Scoring!$K$162,IF($EZ16=Scoring!$J$163,Scoring!$K$163,"")))) -> 10 | FB16: Yes | FC16: =IF($FB16=Scoring!$D$166,Scoring!$K$166,IF($FB16=Scoring!$D$167,Scoring!$K$167,"")) -> 10 | FD16: No | FE16: =IF($FD16=Scoring!$D$227,Scoring!$K$227,IF($FD16=Scoring!$D$228,Scoring!$K$228,"")) -> 0 | FF16: No | FG16: =IF($FF16=Scoring!$D$229,Scoring!$K$229,IF($FF16=Scoring!$D$230,Scoring!$K$230,"")) -> 0 | FH16: No | FI16: =IF($FH16=Scoring!$D$231,Scoring!$K$231,IF($FH16=Scoring!$D$232,Scoring!$K$232,"")) -> 0 | FJ16: Yes | FK16: =IF($FJ16=Scoring!$D$233,Scoring!$K$233,IF($FJ16=Scoring!$D$234,Scoring!$K$234,"")) -> 5 | FL16: =SUM(EO16,EQ16,ES16,EU16,EW16,EY16,FA16,FC16,FE16,FI16,FK16) -> 75 | FM16: Yes, very well | FO16: Yes, as it is | FQ16: No | FR16: 0 | FS16: No answer | FU16: No answer
A17: Hungary | B17: Ministry of National Development | C17: Gábor Csiszér | D17: Deputy head of department | E17: gabor.csiszerg@nfm.gov.hu | F17: Yes | G17: =IF($F17=Scoring!$D$5,Scoring!$E$5,IF($F17=Scoring!$D$6,Scoring!$E$6,"")) -> 20 | H17: Yes | I17: =IF($H17=Scoring!$D$7,Scoring!$E$7,IF($H17=Scoring!$D$8,Scoring!$E$8,"")) -> 20 | J17: Same | K17: =IF($J17=Scoring!$J$9,Scoring!$K$9,IF($J17=Scoring!$J$10,Scoring!$K$10,IF($J17=Scoring!$J$11,Scoring!$K$11,""))) -> 5 | L17: Yes | M17: =IF($L17=Scoring!$D$12,Scoring!$G$12,IF($L17=Scoring!$D$13,Scoring!$G$13,"")) -> 10 | N17: =SUM(M17,K17,I17) -> 35 | O17: Yes | P17: =IF($O17=Scoring!$D$14,Scoring!$E$14,IF($O17=Scoring!$D$15,Scoring!$E$15,"")) -> 30 | Q17: No | R17: =IF($Q17=Scoring!$D$16,Scoring!$E$16,IF($Q17=Scoring!$D$17,Scoring!$E$17,IF($Q17=Scoring!$D$18,Scoring!$E$18,""))) -> 0 | S17: =SUM(R17,P17) -> 30 | T17: Yes | U17: =IF($T17=Scoring!$J$19,Scoring!$K$19,IF($T17=Scoring!$J$20,Scoring!$K$20,IF($T17=Scoring!$J$21,Scoring!$K$21,""))) -> 20 | V17: Not standardized | W17: =IF($V17=Scoring!$J$28,Scoring!$K$28,IF($V17=Scoring!$J$29,Scoring!$K$29,IF($V17=Scoring!$J$30,Scoring!$K$30,IF($V17=Scoring!$J$31,Scoring!$K$31,IF($V17=Scoring!$J$32,Scoring!$K$32,IF($V17=Scoring!$J$33,Scoring!$K$33,IF($V17=Scoring!$J$34,Scoring!$K$34,""))))))) -> 0 | X17: Yes | Y17: =IF($X17=Scoring!$D$35,Scoring!$E$35,IF($X17=Scoring!$D$36,Scoring!$E$36,IF($X17=Scoring!$D$37,Scoring!$E$37,""))) -> 20 | Z17: No | AA17: =IF($Z17=Scoring!$D$38,Scoring!$G$38,IF($Z17=Scoring!$D$39,Scoring!$G$39,"")) -> 0 | AB17: =SUM(AA17,Y17) -> 20 | AC17: Not applicable | AD17: =IF($AC17=Scoring!$D$40,Scoring!$E$40,IF($AC17=Scoring!$D$41,Scoring!$E$41,IF($AC17=Scoring!$D$42,Scoring!$E$42,""))) -> 0 | AE17: Yes | AF17: =IF($AE17=Scoring!$D$46,Scoring!$E$46,IF($AE17=Scoring!$D$47,Scoring!$E$47,"")) -> 20 | AG17: Yes, less than 3 | AH17: =IF($AG17=Scoring!$F$48,Scoring!$G$48,IF($AG17=Scoring!$F$49,Scoring!$G$49,IF($AG17=Scoring!$F$50,Scoring!$G$50,IF($AG17=Scoring!$F$51,Scoring!$G$51,"")))) -> 20 | AI17: No | AJ17: =IF($AI17=Scoring!$D$57,Scoring!$E$57,IF($AI17=Scoring!$D$58,Scoring!$E$58,"")) -> 0 | AK17: =SUM(AJ17,AH17,AF17,AD17,AB17,W17,U17,S17,N17,G17,EO17,EQ17,ES17) -> 175 | AL17: Yes | AM17: =IF($AL17=Scoring!$D$63,Scoring!$E$63,IF($AL17=Scoring!$D$64,Scoring!$E$64,"")) -> 20 | AN17: Not applicable | AO17: =IF($AN17=Scoring!$D$65,Scoring!$E$65,IF($AN17=Scoring!$D$66,Scoring!$E$66,IF($AN17=Scoring!$D$67,Scoring!$E$67,""))) -> 10 | AP17: Not applicable | AQ17: =IF($AP17=Scoring!$D$68,Scoring!$E$68,IF($AP17=Scoring!$D$69,Scoring!$E$69,IF($AP17=Scoring!$D$70,Scoring!$E$70,IF($AP17=Scoring!$D$71,Scoring!$E$71,"")))) -> 40 | AR17: Not applicable | AS17: =IF($AR17=Scoring!$D$72,Scoring!$E$72,IF($AR17=Scoring!$D$73,Scoring!$E$73,IF($AR17=Scoring!$D$74,Scoring!$E$74,""))) -> 30 | AT17: Not applicable | AU17: =IF($AT9=Scoring!$D$75,Scoring!$E$75,IF($AT9=Scoring!$D$76,Scoring!$E$76,IF($AT9=Scoring!$D$77,Scoring!$E$77,IF($AT9=Scoring!$D$78,Scoring!$E$78,IF($AT9=Scoring!$D$79,Scoring!$E$79,""))))) -> 30 | AV17: =SUM(AS17,AU17) -> 60 | AW17: n/a | AX17: =IF($AW17=Scoring!$D$82,Scoring!$K$82,"") -> n/a | AY17: =SUM(AX17,AV17,AQ17,AO17,AM17,EU17) -> 140 | AZ17: 1 | BA17: =IF($AZ17=Scoring!$J$85,Scoring!$K$85,IF($AZ17=Scoring!$J$86,Scoring!$K$86,IF($AZ17=Scoring!$J$87,Scoring!$K$87,IF($AZ17=Scoring!$J$88,Scoring!$K$88,IF($AZ17=Scoring!$J$89,Scoring!$K$89,IF($AZ17=Scoring!$J$89,Scoring!$K$89,IF($AZ17=Scoring!$J$89,Scoring!$K$89,""))))))) -> 30 | BB17: No response | BC17: 0 | BD17: No | BE17: =IF($BD17=Scoring!$D$100,Scoring!$E$100,IF($BD17=Scoring!$D$101,Scoring!$E$101,IF($BD17=Scoring!$D$102,Scoring!$E$102,""))) -> 0 | BF17: =SUM(BE17,BC17,BA17,EW17) -> 30 | BG17: =AK17+AY17+BF17 -> 345 | BH17: >0.05% of inhabitants | BI17: =IF($BH17=Scoring!$D$108,Scoring!$E$108,IF($BH17=Scoring!$D$109,Scoring!$E$109,IF($BH17=Scoring!$D$110,Scoring!$E$110,IF($BH17=Scoring!$D$111,Scoring!$E$111,IF($BH17=Scoring!$D$112,Scoring!$E$112,IF($BH17=Scoring!$D$113,Scoring!$E$113,IF($BH17=Scoring!$D$114,Scoring!$E$114,IF($BH17=Scoring!$D$115,Scoring!$E$115,IF($BH17=Scoring!$D$116,Scoring!$E$116,IF($BH17=Scoring!$D$117,Scoring!$E$117,"")))))))))) -> 80 | BJ17: Yes | BK17: =IF($BJ17=Scoring!$D$118,Scoring!$E$118,IF($BJ17=Scoring!$D$119,Scoring!$E$119,"")) -> 40 | BL17: A bit of everything | BM17: =IF($BL17=Scoring!$D$120,Scoring!$E$120,IF($BL17=Scoring!$D$121,Scoring!$E$121,IF($BL17=Scoring!$D$122,Scoring!$E$122,IF($BL17=Scoring!$D$123,Scoring!$E$123,IF($BL17=Scoring!$D$124,Scoring!$E$124,""))))) -> 25 | BN17: Foreign 5 - 14% | BO17: =IF($BN17=Scoring!$D$125,Scoring!$E$125,IF($BN17=Scoring!$D$126,Scoring!$E$126,IF($BN17=Scoring!$D$127,Scoring!$E$127,IF($BN17=Scoring!$D$128,Scoring!$E$128,IF($BN17=Scoring!$D$129,Scoring!$E$129,IF($BN17=Scoring!$D$130,Scoring!$E$130,IF($BN17=Scoring!$D$131,Scoring!$E$131,""))))))) -> 10 | BP17: API 0 - 10% | BQ17: =IF($BP17=Scoring!$J$133,Scoring!$K$133,IF($BP17=Scoring!$J$134,Scoring!$K$134,IF($BP17=Scoring!$J$135,Scoring!$K$135,IF($BP17=Scoring!$J$136,Scoring!$K$136,IF($BP17=Scoring!$J$137,Scoring!$K$137,IF($BP17=Scoring!$J$138,Scoring!$K$138,IF($BP17=Scoring!$J$139,Scoring!$K$139,IF($BP17=Scoring!$J$140,Scoring!$K$140,"")))))))) -> 10 | BR17: =SUM(BQ17,BO17,BM17) -> 45 | BS17: Government accountability and democracy | BT17: Finance and contracts | BU17: Health | BV17: Social mobility and welfare | BW17: Earth observation | BX17: Transport and infrastructure | BY17: Science and research | BZ17: Crime and Justice | CC17: No | CD17: =IF($CC17=Scoring!$D$151,Scoring!$G$151,IF($CC17=Scoring!$D$152,Scoring!$G$152,"")) -> 0 | CE17: No | CF17: =IF($CE17=Scoring!$D$153,Scoring!$K$153,IF($CE17=Scoring!$D$154,Scoring!$K$154,"")) -> 0 | CG17: No | CH17: =IF($CG17=Scoring!$D$155,Scoring!$G$155,IF($CG17=Scoring!$D$156,Scoring!$G$156,"")) -> 0 | CI17: Yes | CJ17: =IF($CI17=Scoring!$D$164,Scoring!$G$164,IF($CI17=Scoring!$D$165,Scoring!$G$165,"")) -> 20 | CK17: =SUM(CJ17,CH17,CF17,CD17,BR17,BK17,BI17,EY17,FA17,FC17) -> 215 | CL17: No | CM17: =IF($CL17=Scoring!$D$171,Scoring!$E$171,IF($CL17=Scoring!$D$172,Scoring!$E$172,"")) -> 0 | CN17: I don't know | CO17: =IF($CN17=Scoring!$D$173,Scoring!$E$173,IF($CN17=Scoring!$D$174,Scoring!$E$174,IF($CN17=Scoring!$D$175,Scoring!$E$175,IF($CN17=Scoring!$D$176,Scoring!$E$176,"")))) -> 0 | CP17: Medium | CQ17: =IF($CP17=Scoring!$D$177,Scoring!$E$177,IF($CP17=Scoring!$D$178,Scoring!$E$178,IF($CP17=Scoring!$D$179,Scoring!$E$179,IF($CP17=Scoring!$D$180,Scoring!$E$180,"")))) -> 20 | CR17: =SUM(CM17,CO17,CQ17) -> 20 | CS17: I don't know | CT17: =IF($CS17=Scoring!$D$183,Scoring!$E$183,IF($CS17=Scoring!$D$184,Scoring!$E$184,IF($CS17=Scoring!$D$185,Scoring!$E$185,IF($CS17=Scoring!$D$186,Scoring!$E$186,"")))) -> 0 | CU17: I don't know | CV17: =IF($CU17=Scoring!$D$183,Scoring!$E$183,IF($CU17=Scoring!$D$184,Scoring!$E$184,IF($CU17=Scoring!$D$185,Scoring!$E$185,IF($CU17=Scoring!$D$186,Scoring!$E$186,"")))) -> 0 | CW17: =SUM(CT17,CV17) -> 0 | CX17: No | CY17: =IF($CX17=Scoring!$D$193,Scoring!$E$193,IF($CX17=Scoring!$D$194,Scoring!$E$194,IF($CX17=Scoring!$D$195,Scoring!$E$195,""))) -> 0 | CZ17: I don't know | DA17: =IF($CZ17=Scoring!$D$196,Scoring!$E$196,IF($CZ17=Scoring!$D$197,Scoring!$E$197,IF($CZ17=Scoring!$D$198,Scoring!$E$198,""))) -> 0 | DB17: No | DC17: =IF($DB17=Scoring!$D$199,Scoring!$E$199,IF($DB17=Scoring!$D$200,Scoring!$E$200,IF($DB17=Scoring!$D$201,Scoring!$E$201,""))) -> 0 | DD17: Marginal (Zero) Cost Model | DE17: =IF($DD17=Scoring!$D$202,Scoring!$E$202,IF($DD17=Scoring!$D$203,Scoring!$E$203,IF($DD17=Scoring!$D$204,Scoring!$E$204,IF($DD17=Scoring!$D$205,Scoring!$E$205,"")))) -> 30 | DF17: =SUM(CY17,DA17,DC17,DE17) -> 30 | DG17: =CR17+CW17+DF17 -> 50 | DH17: =DG17+CK17+BG17 -> 610 | DI17: No | DJ17: =IF($DI17=Scoring!$D$219,Scoring!$E$219,IF($DI17=Scoring!$D$220,Scoring!$E$220,"")) -> 0 | DK17: Yes | DL17: =IF($DK17=Scoring!$D$221,Scoring!$E$221,IF($DK17=Scoring!$D$222,Scoring!$E$222,"")) -> 20 | DM17: No | DN17: =IF($DM17=Scoring!$D$223,Scoring!$E$223,IF($DM17=Scoring!$D$224,Scoring!$E$224,"")) -> 0 | DO17: Yes | DP17: =IF($DO17=Scoring!$D$225,Scoring!$E$225,IF($DO17=Scoring!$D$226,Scoring!$E$226,"")) -> 10 | DQ17: =SUM($DP17,$DN17,$DL17,$DJ17,$FE17,$FG17,$FI17,$FK17) -> 30 | DR17: No | DS17: =IF($DR17=Scoring!$D$237,Scoring!$E$237,IF($DR17=Scoring!$D$238,Scoring!$E$238,"")) -> 0 | DT17: ≤ 24% | DU17: =IF($DT17=Scoring!$D$240,Scoring!$E$240,IF($DT17=Scoring!$D$241,Scoring!$E$241,IF($DT17=Scoring!$D$242,Scoring!$E$242,IF($DT17=Scoring!$D$243,Scoring!$E$243,IF($DT17=Scoring!$D$244,Scoring!$E$244,IF($DT17=Scoring!$D$245,Scoring!$E$245,IF($DT17=Scoring!$D$246,Scoring!$E$246,""))))))) -> 10 | DV17: Yes | DW17: =IF($DV17=Scoring!$D$247,Scoring!$E$247,IF($DV17=Scoring!$D$248,Scoring!$E$248,"")) -> 20 | DX17: No | DY17: =IF($DX17=Scoring!$D$249,Scoring!$E$249,IF($DX17=Scoring!$D$250,Scoring!$E$250,"")) -> 0 | DZ17: No | EA17: =IF($DZ17=Scoring!$D$251,Scoring!$E$251,IF($DZ17=Scoring!$D$252,Scoring!$E$252,"")) -> 0 | EB17: No | EC17: =IF($EB17=Scoring!$D$253,Scoring!$E$253,IF($EB17=Scoring!$D$254,Scoring!$E$254,"")) -> 0 | ED17: =SUM(EC17,EA17,DY17,DW17,DU17,DS17) -> 30 | EE17: Yes | EF17: =IF($EE17=Scoring!$D$257,Scoring!$E$257,IF($EE17=Scoring!$D$258,Scoring!$E$258,"")) -> 20 | EG17: Yes | EH17: =IF($EG17=Scoring!$D$259,Scoring!$E$259,IF($EG17=Scoring!$D$260,Scoring!$E$260,"")) -> 15 | EI17: Yes | EJ17: =IF($EI17=Scoring!$D$261,Scoring!$E$261,IF($EI17=Scoring!$D$262,Scoring!$E$262,"")) -> 15 | EK17: =SUM(EJ17,EH17,EF17) -> 50 | EL17: =EK17+ED17+DQ17 -> 110 | EM17: =SUM(EL17,DH17) -> 720 | EN17: <25% | EO17: =IF($EN17=Scoring!$D$22,Scoring!$K$22,IF($EN17=Scoring!$D$23,Scoring!$K$23,IF($EN17=Scoring!$D$24,Scoring!$K$24,IF($EN17=Scoring!$D$25,Scoring!$K$25,IF($EN17=Scoring!$D$26,Scoring!$K$26,IF($EN17=Scoring!$D$27,Scoring!$K$27,"")))))) -> 0 | EP17: Not applicable | EQ17: =IF($EP17=Scoring!$D$43,Scoring!$K$43,IF($EP17=Scoring!$D$44,Scoring!$K$44,IF($EP17=Scoring!$D$45,Scoring!$K$45,""))) -> 0 | ER17: Civil society/not for profit/universities | ES17: =IF($ER17=Scoring!$D$52,Scoring!$K$52,IF($ER17=Scoring!$D$53,Scoring!$K$53,IF($ER17=Scoring!$D$54,Scoring!$K$54,IF($ER17=Scoring!$D$55,Scoring!$K$55,IF($ER17=Scoring!$D$56,Scoring!$K$56,""))))) -> 10 | ET17: Yes | EU17: =IF($ET17=Scoring!$D$80,Scoring!$K$80,IF($ET17=Scoring!$D$81,Scoring!$K$81,"")) -> 10 | EV17: Not applicable | EW17: =IF($EV17=Scoring!$D$103,Scoring!$K$103,IF($EV17=Scoring!$D$104,Scoring!$K$104,IF($EV17=Scoring!$D$105,Scoring!$K$105,""))) -> 0 | EX17: Yes | EY17: =IF($EX17=Scoring!$D$157,Scoring!$K$157,IF($EX17=Scoring!$D$158,Scoring!$K$158,IF($EX17=Scoring!$D$159,Scoring!$K$159,""))) -> 15 | EZ17: Yes, somewhat | FA17: =IF($EZ17=Scoring!$J$160,Scoring!$K$160,IF($EZ17=Scoring!$J$161,Scoring!$K$161,IF($EZ17=Scoring!$J$162,Scoring!$K$162,IF($EZ17=Scoring!$J$163,Scoring!$K$163,"")))) -> 5 | FB17: Yes | FC17: =IF($FB17=Scoring!$D$166,Scoring!$K$166,IF($FB17=Scoring!$D$167,Scoring!$K$167,"")) -> 10 | FD17: No | FE17: =IF($FD17=Scoring!$D$227,Scoring!$K$227,IF($FD17=Scoring!$D$228,Scoring!$K$228,"")) -> 0 | FF17: No | FG17: =IF($FF17=Scoring!$D$229,Scoring!$K$229,IF($FF17=Scoring!$D$230,Scoring!$K$230,"")) -> 0 | FH17: No | FI17: =IF($FH17=Scoring!$D$231,Scoring!$K$231,IF($FH17=Scoring!$D$232,Scoring!$K$232,"")) -> 0 | FJ17: No | FK17: =IF($FJ17=Scoring!$D$233,Scoring!$K$233,IF($FJ17=Scoring!$D$234,Scoring!$K$234,"")) -> 0 | FL17: =SUM(EO17,EQ17,ES17,EU17,EW17,EY17,FA17,FC17,FE17,FI17,FK17) -> 50 | FS17: No answer | FU17: No answer
A18: Ireland | B18: Department of Public Expenditure and Reform | C18: Fiona Morley Clarke | D18: Assistant Principal | E18: Fiona.Morley-Clarke@per.gov.ie | F18: Yes | G18: =IF($F18=Scoring!$D$5,Scoring!$E$5,IF($F18=Scoring!$D$6,Scoring!$E$6,"")) -> 20 | H18: Yes | I18: =IF($H18=Scoring!$D$7,Scoring!$E$7,IF($H18=Scoring!$D$8,Scoring!$E$8,"")) -> 20 | J18: More ambitious | K18: =IF($J18=Scoring!$J$9,Scoring!$K$9,IF($J18=Scoring!$J$10,Scoring!$K$10,IF($J18=Scoring!$J$11,Scoring!$K$11,""))) -> 10 | L18: Yes | M18: =IF($L18=Scoring!$D$12,Scoring!$G$12,IF($L18=Scoring!$D$13,Scoring!$G$13,"")) -> 10 | N18: =SUM(M18,K18,I18) -> 40 | O18: Yes | P18: =IF($O18=Scoring!$D$14,Scoring!$E$14,IF($O18=Scoring!$D$15,Scoring!$E$15,"")) -> 30 | Q18: Yes | R18: =IF($Q18=Scoring!$D$16,Scoring!$E$16,IF($Q18=Scoring!$D$17,Scoring!$E$17,IF($Q18=Scoring!$D$18,Scoring!$E$18,""))) -> 20 | S18: =SUM(R18,P18) -> 50 | T18: Yes | U18: =IF($T18=Scoring!$J$19,Scoring!$K$19,IF($T18=Scoring!$J$20,Scoring!$K$20,IF($T18=Scoring!$J$21,Scoring!$K$21,""))) -> 20 | V18: All of the above | W18: =IF($V18=Scoring!$J$28,Scoring!$K$28,IF($V18=Scoring!$J$29,Scoring!$K$29,IF($V18=Scoring!$J$30,Scoring!$K$30,IF($V18=Scoring!$J$31,Scoring!$K$31,IF($V18=Scoring!$J$32,Scoring!$K$32,IF($V18=Scoring!$J$33,Scoring!$K$33,IF($V18=Scoring!$J$34,Scoring!$K$34,""))))))) -> 50 | X18: Yes | Y18: =IF($X18=Scoring!$D$35,Scoring!$E$35,IF($X18=Scoring!$D$36,Scoring!$E$36,IF($X18=Scoring!$D$37,Scoring!$E$37,""))) -> 20 | Z18: Yes | AA18: =IF($Z18=Scoring!$D$38,Scoring!$G$38,IF($Z18=Scoring!$D$39,Scoring!$G$39,"")) -> 10 | AB18: =SUM(AA18,Y18) -> 30 | AC18: Yes | AD18: =IF($AC18=Scoring!$D$40,Scoring!$E$40,IF($AC18=Scoring!$D$41,Scoring!$E$41,IF($AC18=Scoring!$D$42,Scoring!$E$42,""))) -> 10 | AE18: Yes | AF18: =IF($AE18=Scoring!$D$46,Scoring!$E$46,IF($AE18=Scoring!$D$47,Scoring!$E$47,"")) -> 20 | AG18: Yes, more than 3 | AH18: =IF($AG18=Scoring!$H$48,Scoring!$I$48,IF($AG18=Scoring!$H$49,Scoring!$I$49,IF($AG18=Scoring!$H$50,Scoring!$I$50,IF($AG18=Scoring!$H$51,Scoring!$I$51,"")))) -> 50 | AI18: Yes | AJ18: =IF($AI18=Scoring!$D$57,Scoring!$E$57,IF($AI18=Scoring!$D$58,Scoring!$E$58,"")) -> 30 | AK18: =SUM(AJ18,AH18,AF18,AD18,AB18,W18,U18,S18,N18,G18,EO18,EQ18,ES18) -> 400 | AL18: Yes | AM18: =IF($AL18=Scoring!$D$63,Scoring!$E$63,IF($AL18=Scoring!$D$64,Scoring!$E$64,"")) -> 20 | AN18: Yes | AO18: =IF($AN18=Scoring!$D$65,Scoring!$E$65,IF($AN18=Scoring!$D$66,Scoring!$E$66,IF($AN18=Scoring!$D$67,Scoring!$E$67,""))) -> 10 | AP18: Many | AQ18: =IF($AP18=Scoring!$D$68,Scoring!$E$68,IF($AP18=Scoring!$D$69,Scoring!$E$69,IF($AP18=Scoring!$D$70,Scoring!$E$70,IF($AP18=Scoring!$D$71,Scoring!$E$71,"")))) -> 40 | AR18: Yes | AS18: =IF($AR18=Scoring!$D$72,Scoring!$E$72,IF($AR18=Scoring!$D$73,Scoring!$E$73,IF($AR18=Scoring!$D$74,Scoring!$E$74,""))) -> 30 | AT18: All | AU18: =IF($AT18=Scoring!$D$75,Scoring!$E$75,IF($AT18=Scoring!$D$76,Scoring!$E$76,IF($AT18=Scoring!$D$77,Scoring!$E$77,IF($AT18=Scoring!$D$78,Scoring!$E$78,"")))) -> 30 | AV18: =SUM(AS18,AU18) -> 60 | AW18: n/a | AX18: =IF($AW18=Scoring!$D$82,Scoring!$K$82,"") -> n/a | AY18: =SUM(AX18,AV18,AQ18,AO18,AM18,EU18) -> 140 | AZ18: 1 | BA18: =IF($AZ18=Scoring!$J$85,Scoring!$K$85,IF($AZ18=Scoring!$J$86,Scoring!$K$86,IF($AZ18=Scoring!$J$87,Scoring!$K$87,IF($AZ18=Scoring!$J$88,Scoring!$K$88,IF($AZ18=Scoring!$J$89,Scoring!$K$89,IF($AZ18=Scoring!$J$89,Scoring!$K$89,IF($AZ18=Scoring!$J$89,Scoring!$K$89,""))))))) -> 30 | BB18: 90-99% | BC18: =IF($BB18=Scoring!$J$92,Scoring!$K$92,IF($BB18=Scoring!$J$93,Scoring!$K$93,IF($BB18=Scoring!$J$94,Scoring!$K$94,IF($BB18=Scoring!$J$95,Scoring!$K$95,IF($BB18=Scoring!$J$96,Scoring!$K$96,IF($BB18=Scoring!$J$97,Scoring!$K$97,IF($BB18=Scoring!$J$99,Scoring!$K$99,""))))))) -> 20 | BD18: Yes | BE18: =IF($BD18=Scoring!$D$100,Scoring!$E$100,IF($BD18=Scoring!$D$101,Scoring!$E$101,IF($BD18=Scoring!$D$102,Scoring!$E$102,""))) -> 15 | BF18: =SUM(BE18,BC18,BA18,EW18) -> 75 | BG18: =AK18+AY18+BF18 -> 615 | BH18: >0.05% of inhabitants | BI18: =IF($BH18=Scoring!$D$108,Scoring!$E$108,IF($BH18=Scoring!$D$109,Scoring!$E$109,IF($BH18=Scoring!$D$110,Scoring!$E$110,IF($BH18=Scoring!$D$111,Scoring!$E$111,IF($BH18=Scoring!$D$112,Scoring!$E$112,IF($BH18=Scoring!$D$113,Scoring!$E$113,IF($BH18=Scoring!$D$114,Scoring!$E$114,IF($BH18=Scoring!$D$115,Scoring!$E$115,IF($BH18=Scoring!$D$116,Scoring!$E$116,IF($BH18=Scoring!$D$117,Scoring!$E$117,"")))))))))) -> 80 | BJ18: Yes | BK18: =IF($BJ18=Scoring!$D$118,Scoring!$E$118,IF($BJ18=Scoring!$D$119,Scoring!$E$119,"")) -> 40 | BL18: A bit of everything | BM18: =IF($BL18=Scoring!$D$120,Scoring!$E$120,IF($BL18=Scoring!$D$121,Scoring!$E$121,IF($BL18=Scoring!$D$122,Scoring!$E$122,IF($BL18=Scoring!$D$123,Scoring!$E$123,IF($BL18=Scoring!$D$124,Scoring!$E$124,""))))) -> 25 | BN18: Foreign 45 - 59% | BO18: =IF($BN18=Scoring!$D$125,Scoring!$E$125,IF($BN18=Scoring!$D$126,Scoring!$E$126,IF($BN18=Scoring!$D$127,Scoring!$E$127,IF($BN18=Scoring!$D$128,Scoring!$E$128,IF($BN18=Scoring!$D$129,Scoring!$E$129,IF($BN18=Scoring!$D$130,Scoring!$E$130,IF($BN18=Scoring!$D$131,Scoring!$E$131,""))))))) -> 20 | BP18: I don't know | BQ18: =IF($BP18=Scoring!$J$133,Scoring!$K$133,IF($BP18=Scoring!$J$134,Scoring!$K$134,IF($BP18=Scoring!$J$135,Scoring!$K$135,IF($BP18=Scoring!$J$136,Scoring!$K$136,IF($BP18=Scoring!$J$137,Scoring!$K$137,IF($BP18=Scoring!$J$138,Scoring!$K$138,IF($BP18=Scoring!$J$139,Scoring!$K$139,IF($BP18=Scoring!$J$140,Scoring!$K$140,"")))))))) -> 0 | BR18: =SUM(BQ18,BO18,BM18) -> 45 | BS18: Transport and Infrastructure | BT18: Health | BU18: Social Mobility and Welfare | BV18: Crime and Justice | BW18: Education | BX18: ? | CC18: Yes | CD18: =IF($CC18=Scoring!$D$151,Scoring!$G$151,IF($CC18=Scoring!$D$152,Scoring!$G$152,"")) -> 20 | CE18: Yes | CF18: =IF($CE18=Scoring!$D$153,Scoring!$K$153,IF($CE18=Scoring!$D$154,Scoring!$K$154,"")) -> 20 | CG18: Yes | CH18: =IF($CG18=Scoring!$D$155,Scoring!$G$155,IF($CG18=Scoring!$D$156,Scoring!$G$156,"")) -> 10 | CI18: Yes | CJ18: =IF($CI18=Scoring!$D$164,Scoring!$G$164,IF($CI18=Scoring!$D$165,Scoring!$G$165,"")) -> 20 | CK18: =SUM(CJ18,CH18,CF18,CD18,BR18,BK18,BI18,EY18,FA18,FC18) -> 270 | CL18: Yes | CM18: =IF($CL18=Scoring!$D$171,Scoring!$E$171,IF($CL18=Scoring!$D$172,Scoring!$E$172,"")) -> 30 | CN18: High | CO18: =IF($CN18=Scoring!$D$173,Scoring!$E$173,IF($CN18=Scoring!$D$174,Scoring!$E$174,IF($CN18=Scoring!$D$175,Scoring!$E$175,IF($CN18=Scoring!$D$176,Scoring!$E$176,"")))) -> 40 | CP18: High | CQ18: =IF($CP18=Scoring!$D$177,Scoring!$E$177,IF($CP18=Scoring!$D$178,Scoring!$E$178,IF($CP18=Scoring!$D$179,Scoring!$E$179,IF($CP18=Scoring!$D$180,Scoring!$E$180,"")))) -> 50 | CR18: =SUM(CM18,CO18,CQ18) -> 120 | CS18: High | CT18: =IF($CS18=Scoring!$D$183,Scoring!$E$183,IF($CS18=Scoring!$D$184,Scoring!$E$184,IF($CS18=Scoring!$D$185,Scoring!$E$185,IF($CS18=Scoring!$D$186,Scoring!$E$186,"")))) -> 30 | CU18: High | CV18: =IF($CU18=Scoring!$D$183,Scoring!$E$183,IF($CU18=Scoring!$D$184,Scoring!$E$184,IF($CU18=Scoring!$D$185,Scoring!$E$185,IF($CU18=Scoring!$D$186,Scoring!$E$186,"")))) -> 30 | CW18: =SUM(CT18,CV18) -> 60 | CX18: Yes | CY18: =IF($CX18=Scoring!$D$193,Scoring!$E$193,IF($CX18=Scoring!$D$194,Scoring!$E$194,IF($CX18=Scoring!$D$195,Scoring!$E$195,""))) -> 40 | CZ18: Yes | DA18: =IF($CZ18=Scoring!$D$196,Scoring!$E$196,IF($CZ18=Scoring!$D$197,Scoring!$E$197,IF($CZ18=Scoring!$D$198,Scoring!$E$198,""))) -> 30 | DB18: Yes | DC18: =IF($DB18=Scoring!$D$199,Scoring!$E$199,IF($DB18=Scoring!$D$200,Scoring!$E$200,IF($DB18=Scoring!$D$201,Scoring!$E$201,""))) -> 20 | DD18: Marginal (Zero) Cost Model | DE18: =IF($DD18=Scoring!$D$202,Scoring!$E$202,IF($DD18=Scoring!$D$203,Scoring!$E$203,IF($DD18=Scoring!$D$204,Scoring!$E$204,IF($DD18=Scoring!$D$205,Scoring!$E$205,"")))) -> 30 | DF18: =SUM(CY18,DA18,DC18,DE18) -> 120 | DG18: =CR18+CW18+DF18 -> 300 | DH18: =DG18+CK18+BG18 -> 1185 | DI18: Yes | DJ18: =IF($DI18=Scoring!$D$219,Scoring!$E$219,IF($DI18=Scoring!$D$220,Scoring!$E$220,"")) -> 20 | DK18: Yes | DL18: =IF($DK18=Scoring!$D$221,Scoring!$E$221,IF($DK18=Scoring!$D$222,Scoring!$E$222,"")) -> 20 | DM18: Yes | DN18: =IF($DM18=Scoring!$D$223,Scoring!$E$223,IF($DM18=Scoring!$D$224,Scoring!$E$224,"")) -> 10 | DO18: Yes | DP18: =IF($DO18=Scoring!$D$225,Scoring!$E$225,IF($DO18=Scoring!$D$226,Scoring!$E$226,"")) -> 10 | DQ18: =SUM($DP18,$DN18,$DL18,$DJ18,$FE18,$FG18,$FI18,$FK18) -> 90 | DR18: No | DS18: =IF($DR18=Scoring!$D$237,Scoring!$E$237,IF($DR18=Scoring!$D$238,Scoring!$E$238,"")) -> 0 | DT18: ≥ 90% | DU18: =IF($DT18=Scoring!$D$240,Scoring!$E$240,IF($DT18=Scoring!$D$241,Scoring!$E$241,IF($DT18=Scoring!$D$242,Scoring!$E$242,IF($DT18=Scoring!$D$243,Scoring!$E$243,IF($DT18=Scoring!$D$244,Scoring!$E$244,IF($DT18=Scoring!$D$245,Scoring!$E$245,IF($DT18=Scoring!$D$246,Scoring!$E$246,""))))))) -> 60 | DV18: Yes | DW18: =IF($DV18=Scoring!$D$247,Scoring!$E$247,IF($DV18=Scoring!$D$248,Scoring!$E$248,"")) -> 20 | DX18: Yes | DY18: =IF($DX18=Scoring!$D$249,Scoring!$E$249,IF($DX18=Scoring!$D$250,Scoring!$E$250,"")) -> 20 | DZ18: Yes | EA18: =IF($DZ18=Scoring!$D$251,Scoring!$E$251,IF($DZ18=Scoring!$D$252,Scoring!$E$252,"")) -> 10 | EB18: Yes | EC18: =IF($EB18=Scoring!$D$253,Scoring!$E$253,IF($EB18=Scoring!$D$254,Scoring!$E$254,"")) -> 10 | ED18: =SUM(EC18,EA18,DY18,DW18,DU18,DS18) -> 120 | EE18: Yes | EF18: =IF($EE18=Scoring!$D$257,Scoring!$E$257,IF($EE18=Scoring!$D$258,Scoring!$E$258,"")) -> 20 | EG18: Yes | EH18: =IF($EG18=Scoring!$D$259,Scoring!$E$259,IF($EG18=Scoring!$D$260,Scoring!$E$260,"")) -> 15 | EI18: Yes | EJ18: =IF($EI18=Scoring!$D$261,Scoring!$E$261,IF($EI18=Scoring!$D$262,Scoring!$E$262,"")) -> 15 | EK18: =SUM(EJ18,EH18,EF18) -> 50 | EL18: =EK18+ED18+DQ18 -> 260 | EM18: =SUM(EL18,DH18) -> 1445 | EN18: 90-99% | EO18: =IF($EN18=Scoring!$D$22,Scoring!$K$22,IF($EN18=Scoring!$D$23,Scoring!$K$23,IF($EN18=Scoring!$D$24,Scoring!$K$24,IF($EN18=Scoring!$D$25,Scoring!$K$25,IF($EN18=Scoring!$D$26,Scoring!$K$26,IF($EN18=Scoring!$D$27,Scoring!$K$27,"")))))) -> 50 | EP18: Yes | EQ18: =IF($EP18=Scoring!$D$43,Scoring!$K$43,IF($EP18=Scoring!$D$44,Scoring!$K$44,IF($EP18=Scoring!$D$45,Scoring!$K$45,""))) -> 10 | ER18: National public administrations | ES18: =IF($ER18=Scoring!$D$52,Scoring!$K$52,IF($ER18=Scoring!$D$53,Scoring!$K$53,IF($ER18=Scoring!$D$54,Scoring!$K$54,IF($ER18=Scoring!$D$55,Scoring!$K$55,IF($ER18=Scoring!$D$56,Scoring!$K$56,""))))) -> 20 | ET18: Yes | EU18: =IF($ET18=Scoring!$D$80,Scoring!$K$80,IF($ET18=Scoring!$D$81,Scoring!$K$81,"")) -> 10 | EV18: Yes | EW18: =IF($EV18=Scoring!$D$103,Scoring!$K$103,IF($EV18=Scoring!$D$104,Scoring!$K$104,IF($EV18=Scoring!$D$105,Scoring!$K$105,""))) -> 10 | EX18: Yes | EY18: =IF($EX18=Scoring!$D$157,Scoring!$K$157,IF($EX18=Scoring!$D$158,Scoring!$K$158,IF($EX18=Scoring!$D$159,Scoring!$K$159,""))) -> 15 | EZ18: Yes, very much | FA18: =IF($EZ18=Scoring!$J$160,Scoring!$K$160,IF($EZ18=Scoring!$J$161,Scoring!$K$161,IF($EZ18=Scoring!$J$162,Scoring!$K$162,IF($EZ18=Scoring!$J$163,Scoring!$K$163,"")))) -> 10 | FB18: Yes | FC18: =IF($FB18=Scoring!$D$166,Scoring!$K$166,IF($FB18=Scoring!$D$167,Scoring!$K$167,"")) -> 10 | FD18: Yes | FE18: =IF($FD18=Scoring!$D$227,Scoring!$K$227,IF($FD18=Scoring!$D$228,Scoring!$K$228,"")) -> 10 | FF18: Yes | FG18: =IF($FF18=Scoring!$D$229,Scoring!$K$229,IF($FF18=Scoring!$D$230,Scoring!$K$230,"")) -> 10 | FH18: Yes | FI18: =IF($FH18=Scoring!$D$231,Scoring!$K$231,IF($FH18=Scoring!$D$232,Scoring!$K$232,"")) -> 5 | FJ18: Yes | FK18: =IF($FJ18=Scoring!$D$233,Scoring!$K$233,IF($FJ18=Scoring!$D$234,Scoring!$K$234,"")) -> 5 | FL18: =SUM(EO18,EQ18,ES18,EU18,EW18,EY18,FA18,FC18,FE18,FI18,FK18) -> 155 | FM18: Yes, very well | FO18: Yes, as it is | FQ18: Yes, as it is | FR18: 10 | FS18: Answer | FU18: Answer
A19: Italy | B19: Agenzia per l’Italia Digitale | C19: Gabriele Ciasullo | D19: Responsible for the Service “Databases and Open Data” of the Area “Architectures, standards and infrastructures”. | E19: ciasullo@agid.gov.it | F19: Yes | G19: =IF($F19=Scoring!$D$5,Scoring!$E$5,IF($F19=Scoring!$D$6,Scoring!$E$6,"")) -> 20 | H19: Yes | I19: =IF($H19=Scoring!$D$7,Scoring!$E$7,IF($H19=Scoring!$D$8,Scoring!$E$8,"")) -> 20 | J19: More ambitious | K19: =IF($J19=Scoring!$J$9,Scoring!$K$9,IF($J19=Scoring!$J$10,Scoring!$K$10,IF($J19=Scoring!$J$11,Scoring!$K$11,""))) -> 10 | L19: Yes | M19: =IF($L19=Scoring!$D$12,Scoring!$G$12,IF($L19=Scoring!$D$13,Scoring!$G$13,"")) -> 10 | N19: =SUM(M19,K19,I19) -> 40 | O19: Yes | P19: =IF($O19=Scoring!$D$14,Scoring!$E$14,IF($O19=Scoring!$D$15,Scoring!$E$15,"")) -> 30 | Q19: Yes | R19: =IF($Q19=Scoring!$D$16,Scoring!$E$16,IF($Q19=Scoring!$D$17,Scoring!$E$17,IF($Q19=Scoring!$D$18,Scoring!$E$18,""))) -> 20 | S19: =SUM(R19,P19) -> 50 | T19: Yes | U19: =IF($T19=Scoring!$J$19,Scoring!$K$19,IF($T19=Scoring!$J$20,Scoring!$K$20,IF($T19=Scoring!$J$21,Scoring!$K$21,""))) -> 20 | V19: Weekly | W19: =IF($V19=Scoring!$J$28,Scoring!$K$28,IF($V19=Scoring!$J$29,Scoring!$K$29,IF($V19=Scoring!$J$30,Scoring!$K$30,IF($V19=Scoring!$J$31,Scoring!$K$31,IF($V19=Scoring!$J$32,Scoring!$K$32,IF($V19=Scoring!$J$33,Scoring!$K$33,IF($V19=Scoring!$J$34,Scoring!$K$34,""))))))) -> 30 | X19: Yes | Y19: =IF($X19=Scoring!$D$35,Scoring!$E$35,IF($X19=Scoring!$D$36,Scoring!$E$36,IF($X19=Scoring!$D$37,Scoring!$E$37,""))) -> 20 | Z19: Yes | AA19: =IF($Z19=Scoring!$D$38,Scoring!$G$38,IF($Z19=Scoring!$D$39,Scoring!$G$39,"")) -> 10 | AB19: =SUM(AA19,Y19) -> 30 | AC19: Yes | AD19: =IF($AC19=Scoring!$D$40,Scoring!$E$40,IF($AC19=Scoring!$D$41,Scoring!$E$41,IF($AC19=Scoring!$D$42,Scoring!$E$42,""))) -> 10 | AE19: Yes | AF19: =IF($AE19=Scoring!$D$46,Scoring!$E$46,IF($AE19=Scoring!$D$47,Scoring!$E$47,"")) -> 20 | AG19: Yes, more than 8 | AH19: =IF($AG19=Scoring!$D$48,Scoring!$E$48,IF($AG19=Scoring!$D$49,Scoring!$E$49,IF($AG19=Scoring!$D$50,Scoring!$E$50,IF($AG19=Scoring!$D$51,Scoring!$E$51,"")))) -> 50 | AI19: Yes | AJ19: =IF($AI19=Scoring!$D$57,Scoring!$E$57,IF($AI19=Scoring!$D$58,Scoring!$E$58,"")) -> 30 | AK19: =SUM(AJ19,AH19,AF19,AD19,AB19,W19,U19,S19,N19,G19,EO19,EQ19,ES19) -> 365 | AL19: Yes | AM19: =IF($AL19=Scoring!$D$63,Scoring!$E$63,IF($AL19=Scoring!$D$64,Scoring!$E$64,"")) -> 20 | AN19: Yes | AO19: =IF($AN19=Scoring!$D$65,Scoring!$E$65,IF($AN19=Scoring!$D$66,Scoring!$E$66,IF($AN19=Scoring!$D$67,Scoring!$E$67,""))) -> 10 | AP19: Many | AQ19: =IF($AP19=Scoring!$D$68,Scoring!$E$68,IF($AP19=Scoring!$D$69,Scoring!$E$69,IF($AP19=Scoring!$D$70,Scoring!$E$70,IF($AP19=Scoring!$D$71,Scoring!$E$71,"")))) -> 40 | AR19: Yes | AS19: =IF($AR19=Scoring!$D$72,Scoring!$E$72,IF($AR19=Scoring!$D$73,Scoring!$E$73,IF($AR19=Scoring!$D$74,Scoring!$E$74,""))) -> 30 | AT19: Many | AU19: =IF($AT19=Scoring!$D$75,Scoring!$E$75,IF($AT19=Scoring!$D$76,Scoring!$E$76,IF($AT19=Scoring!$D$77,Scoring!$E$77,IF($AT19=Scoring!$D$78,Scoring!$E$78,"")))) -> 20 | AV19: =SUM(AS19,AU19) -> 50 | AW19: n/a | AX19: =IF($AW19=Scoring!$D$82,Scoring!$K$82,"") -> n/a | AY19: =SUM(AX19,AV19,AQ19,AO19,AM19,EU19) -> 120 | AZ19: 1 | BA19: =IF($AZ19=Scoring!$J$85,Scoring!$K$85,IF($AZ19=Scoring!$J$86,Scoring!$K$86,IF($AZ19=Scoring!$J$87,Scoring!$K$87,IF($AZ19=Scoring!$J$88,Scoring!$K$88,IF($AZ19=Scoring!$J$89,Scoring!$K$89,IF($AZ19=Scoring!$J$89,Scoring!$K$89,IF($AZ19=Scoring!$J$89,Scoring!$K$89,""))))))) -> 30 | BB19: 1 | BC19: =IF($BB19=Scoring!$J$92,Scoring!$K$92,IF($BB19=Scoring!$J$93,Scoring!$K$93,IF($BB19=Scoring!$J$94,Scoring!$K$94,IF($BB19=Scoring!$J$95,Scoring!$K$95,IF($BB19=Scoring!$J$96,Scoring!$K$96,IF($BB19=Scoring!$J$97,Scoring!$K$97,IF($BB19=Scoring!$J$99,Scoring!$K$99,""))))))) -> 25 | BD19: Yes | BE19: =IF($BD19=Scoring!$D$100,Scoring!$E$100,IF($BD19=Scoring!$D$101,Scoring!$E$101,IF($BD19=Scoring!$D$102,Scoring!$E$102,""))) -> 15 | BF19: =SUM(BE19,BC19,BA19,EW19) -> 80 | BG19: =AK19+AY19+BF19 -> 565 | BH19: >0.015% of inhabitants | BI19: =IF($BH19=Scoring!$D$108,Scoring!$E$108,IF($BH19=Scoring!$D$109,Scoring!$E$109,IF($BH19=Scoring!$D$110,Scoring!$E$110,IF($BH19=Scoring!$D$111,Scoring!$E$111,IF($BH19=Scoring!$D$112,Scoring!$E$112,IF($BH19=Scoring!$D$113,Scoring!$E$113,IF($BH19=Scoring!$D$114,Scoring!$E$114,IF($BH19=Scoring!$D$115,Scoring!$E$115,IF($BH19=Scoring!$D$116,Scoring!$E$116,IF($BH19=Scoring!$D$117,Scoring!$E$117,"")))))))))) -> 5 | BJ19: Yes | BK19: =IF($BJ19=Scoring!$D$118,Scoring!$E$118,IF($BJ19=Scoring!$D$119,Scoring!$E$119,"")) -> 40 | BL19: Mostly public sector | BM19: =IF($BL19=Scoring!$D$120,Scoring!$E$120,IF($BL19=Scoring!$D$121,Scoring!$E$121,IF($BL19=Scoring!$D$122,Scoring!$E$122,IF($BL19=Scoring!$D$123,Scoring!$E$123,IF($BL19=Scoring!$D$124,Scoring!$E$124,""))))) -> 10 | BN19: Foreign 15 - 29% | BO19: =IF($BN19=Scoring!$D$125,Scoring!$E$125,IF($BN19=Scoring!$D$126,Scoring!$E$126,IF($BN19=Scoring!$D$127,Scoring!$E$127,IF($BN19=Scoring!$D$128,Scoring!$E$128,IF($BN19=Scoring!$D$129,Scoring!$E$129,IF($BN19=Scoring!$D$130,Scoring!$E$130,IF($BN19=Scoring!$D$131,Scoring!$E$131,""))))))) -> 20 | BP19: API 11 - 25% | BQ19: =IF($BP19=Scoring!$J$133,Scoring!$K$133,IF($BP19=Scoring!$J$134,Scoring!$K$134,IF($BP19=Scoring!$J$135,Scoring!$K$135,IF($BP19=Scoring!$J$136,Scoring!$K$136,IF($BP19=Scoring!$J$137,Scoring!$K$137,IF($BP19=Scoring!$J$138,Scoring!$K$138,IF($BP19=Scoring!$J$139,Scoring!$K$139,IF($BP19=Scoring!$J$140,Scoring!$K$140,"")))))))) -> 15 | BR19: =SUM(BQ19,BO19,BM19) -> 45 | BS19: Environment | BT19: Population and society | BU19: Education, culture and sport | BV19: Government and public sector | BW19: Economy and finance | BX19: Regions and cities | BY19: Justice, legal system and public safety | BZ19: Science and technology | CA19: Energy | CB19: International issues | CC19: Yes | CD19: =IF($CC19=Scoring!$D$151,Scoring!$G$151,IF($CC19=Scoring!$D$152,Scoring!$G$152,"")) -> 20 | CE19: Yes | CF19: =IF($CE19=Scoring!$D$153,Scoring!$K$153,IF($CE19=Scoring!$D$154,Scoring!$K$154,"")) -> 20 | CG19: Yes | CH19: =IF($CG19=Scoring!$D$155,Scoring!$G$155,IF($CG19=Scoring!$D$156,Scoring!$G$156,"")) -> 10 | CI19: Yes | CJ19: =IF($CI19=Scoring!$D$164,Scoring!$G$164,IF($CI19=Scoring!$D$165,Scoring!$G$165,"")) -> 20 | CK19: =SUM(CJ19,CH19,CF19,CD19,BR19,BK19,BI19,EY19,FA19,FC19) -> 190 | CL19: Yes | CM19: =IF($CL19=Scoring!$D$171,Scoring!$E$171,IF($CL19=Scoring!$D$172,Scoring!$E$172,"")) -> 30 | CN19: Medium | CO19: =IF($CN19=Scoring!$D$173,Scoring!$E$173,IF($CN19=Scoring!$D$174,Scoring!$E$174,IF($CN19=Scoring!$D$175,Scoring!$E$175,IF($CN19=Scoring!$D$176,Scoring!$E$176,"")))) -> 20 | CP19: High | CQ19: =IF($CP19=Scoring!$D$177,Scoring!$E$177,IF($CP19=Scoring!$D$178,Scoring!$E$178,IF($CP19=Scoring!$D$179,Scoring!$E$179,IF($CP19=Scoring!$D$180,Scoring!$E$180,"")))) -> 50 | CR19: =SUM(CM19,CO19,CQ19) -> 100 | CS19: High | CT19: =IF($CS19=Scoring!$D$183,Scoring!$E$183,IF($CS19=Scoring!$D$184,Scoring!$E$184,IF($CS19=Scoring!$D$185,Scoring!$E$185,IF($CS19=Scoring!$D$186,Scoring!$E$186,"")))) -> 30 | CU19: High | CV19: =IF($CU19=Scoring!$D$183,Scoring!$E$183,IF($CU19=Scoring!$D$184,Scoring!$E$184,IF($CU19=Scoring!$D$185,Scoring!$E$185,IF($CU19=Scoring!$D$186,Scoring!$E$186,"")))) -> 30 | CW19: =SUM(CT19,CV19) -> 60 | CX19: Yes | CY19: =IF($CX19=Scoring!$D$193,Scoring!$E$193,IF($CX19=Scoring!$D$194,Scoring!$E$194,IF($CX19=Scoring!$D$195,Scoring!$E$195,""))) -> 40 | CZ19: I don't know | DA19: =IF($CZ19=Scoring!$D$196,Scoring!$E$196,IF($CZ19=Scoring!$D$197,Scoring!$E$197,IF($CZ19=Scoring!$D$198,Scoring!$E$198,""))) -> 0 | DB19: No | DC19: =IF($DB19=Scoring!$D$199,Scoring!$E$199,IF($DB19=Scoring!$D$200,Scoring!$E$200,IF($DB19=Scoring!$D$201,Scoring!$E$201,""))) -> 0 | DD19: Marginal (Zero) Cost Model | DE19: =IF($DD19=Scoring!$D$202,Scoring!$E$202,IF($DD19=Scoring!$D$203,Scoring!$E$203,IF($DD19=Scoring!$D$204,Scoring!$E$204,IF($DD19=Scoring!$D$205,Scoring!$E$205,"")))) -> 30 | DF19: =SUM(CY19,DA19,DC19,DE19) -> 70 | DG19: =CR19+CW19+DF19 -> 230 | DH19: =DG19+CK19+BG19 -> 985 | DI19: Yes | DJ19: =IF($DI19=Scoring!$D$219,Scoring!$E$219,IF($DI19=Scoring!$D$220,Scoring!$E$220,"")) -> 20 | DK19: No | DL19: =IF($DK19=Scoring!$D$221,Scoring!$E$221,IF($DK19=Scoring!$D$222,Scoring!$E$222,"")) -> 0 | DM19: Yes | DN19: =IF($DM19=Scoring!$D$223,Scoring!$E$223,IF($DM19=Scoring!$D$224,Scoring!$E$224,"")) -> 10 | DO19: Yes | DP19: =IF($DO19=Scoring!$D$225,Scoring!$E$225,IF($DO19=Scoring!$D$226,Scoring!$E$226,"")) -> 10 | DQ19: =SUM($DP19,$DN19,$DL19,$DJ19,$FE19,$FG19,$FI19,$FK19) -> 50 | DR19: Yes | DS19: =IF($DR19=Scoring!$D$237,Scoring!$E$237,IF($DR19=Scoring!$D$238,Scoring!$E$238,"")) -> 20 | DT19: ≥ 90% | DU19: =IF($DT19=Scoring!$D$240,Scoring!$E$240,IF($DT19=Scoring!$D$241,Scoring!$E$241,IF($DT19=Scoring!$D$242,Scoring!$E$242,IF($DT19=Scoring!$D$243,Scoring!$E$243,IF($DT19=Scoring!$D$244,Scoring!$E$244,IF($DT19=Scoring!$D$245,Scoring!$E$245,IF($DT19=Scoring!$D$246,Scoring!$E$246,""))))))) -> 60 | DV19: Yes | DW19: =IF($DV19=Scoring!$D$247,Scoring!$E$247,IF($DV19=Scoring!$D$248,Scoring!$E$248,"")) -> 20 | DX19: Yes | DY19: =IF($DX19=Scoring!$D$249,Scoring!$E$249,IF($DX19=Scoring!$D$250,Scoring!$E$250,"")) -> 20 | DZ19: Yes | EA19: =IF($DZ19=Scoring!$D$251,Scoring!$E$251,IF($DZ19=Scoring!$D$252,Scoring!$E$252,"")) -> 10 | EB19: No | EC19: =IF($EB19=Scoring!$D$253,Scoring!$E$253,IF($EB19=Scoring!$D$254,Scoring!$E$254,"")) -> 0 | ED19: =SUM(EC19,EA19,DY19,DW19,DU19,DS19) -> 130 | EE19: Yes | EF19: =IF($EE19=Scoring!$D$257,Scoring!$E$257,IF($EE19=Scoring!$D$258,Scoring!$E$258,"")) -> 20 | EG19: Yes | EH19: =IF($EG19=Scoring!$D$259,Scoring!$E$259,IF($EG19=Scoring!$D$260,Scoring!$E$260,"")) -> 15 | EI19: Yes | EJ19: =IF($EI19=Scoring!$D$261,Scoring!$E$261,IF($EI19=Scoring!$D$262,Scoring!$E$262,"")) -> 15 | EK19: =SUM(EJ19,EH19,EF19) -> 50 | EL19: =EK19+ED19+DQ19 -> 230 | EM19: =SUM(EL19,DH19) -> 1215 | EN19: 90-99% | EO19: =IF($EN19=Scoring!$D$22,Scoring!$K$22,IF($EN19=Scoring!$D$23,Scoring!$K$23,IF($EN19=Scoring!$D$24,Scoring!$K$24,IF($EN19=Scoring!$D$25,Scoring!$K$25,IF($EN19=Scoring!$D$26,Scoring!$K$26,IF($EN19=Scoring!$D$27,Scoring!$K$27,"")))))) -> 50 | EP19: No | EQ19: =IF($EP19=Scoring!$D$43,Scoring!$K$43,IF($EP19=Scoring!$D$44,Scoring!$K$44,IF($EP19=Scoring!$D$45,Scoring!$K$45,""))) -> 0 | ER19: Local administrations | ES19: =IF($ER19=Scoring!$D$52,Scoring!$K$52,IF($ER19=Scoring!$D$53,Scoring!$K$53,IF($ER19=Scoring!$D$54,Scoring!$K$54,IF($ER19=Scoring!$D$55,Scoring!$K$55,IF($ER19=Scoring!$D$56,Scoring!$K$56,""))))) -> 15 | ET19: No | EU19: =IF($ET19=Scoring!$D$80,Scoring!$K$80,IF($ET19=Scoring!$D$81,Scoring!$K$81,"")) -> 0 | EV19: Yes | EW19: =IF($EV19=Scoring!$D$103,Scoring!$K$103,IF($EV19=Scoring!$D$104,Scoring!$K$104,IF($EV19=Scoring!$D$105,Scoring!$K$105,""))) -> 10 | EX19: Yes | EY19: =IF($EX19=Scoring!$D$157,Scoring!$K$157,IF($EX19=Scoring!$D$158,Scoring!$K$158,IF($EX19=Scoring!$D$159,Scoring!$K$159,""))) -> 15 | EZ19: Yes, but it's not our current focus | FA19: =IF($EZ19=Scoring!$J$160,Scoring!$K$160,IF($EZ19=Scoring!$J$161,Scoring!$K$161,IF($EZ19=Scoring!$J$162,Scoring!$K$162,IF($EZ19=Scoring!$J$163,Scoring!$K$163,"")))) -> 5 | FB19: Yes | FC19: =IF($FB19=Scoring!$D$166,Scoring!$K$166,IF($FB19=Scoring!$D$167,Scoring!$K$167,"")) -> 10 | FD19: No | FE19: =IF($FD19=Scoring!$D$227,Scoring!$K$227,IF($FD19=Scoring!$D$228,Scoring!$K$228,"")) -> 0 | FF19: No | FG19: =IF($FF19=Scoring!$D$229,Scoring!$K$229,IF($FF19=Scoring!$D$230,Scoring!$K$230,"")) -> 0 | FH19: Yes | FI19: =IF($FH19=Scoring!$D$231,Scoring!$K$231,IF($FH19=Scoring!$D$232,Scoring!$K$232,"")) -> 5 | FJ19: Yes | FK19: =IF($FJ19=Scoring!$D$233,Scoring!$K$233,IF($FJ19=Scoring!$D$234,Scoring!$K$234,"")) -> 5 | FL19: =SUM(EO19,EQ19,ES19,EU19,EW19,EY19,FA19,FC19,FE19,FI19,FK19) -> 115 | FM19: Yes, very well | FO19: Yes, after adaptation | FQ19: Yes, after adaptation | FR19: 5 | FS19: Answer | FU19: Answer
A20: Latvia | B20: Ministry of Environmental Protection and Regional Development of the Republic of Latvia | C20: Toms Ceļmillers | D20: Systems Analyst | E20: Toms.Celmillers@varam.gov.lv | F20: Yes | G20: =IF($F20=Scoring!$D$5,Scoring!$E$5,IF($F20=Scoring!$D$6,Scoring!$E$6,"")) -> 20 | H20: Yes | I20: =IF($H20=Scoring!$D$7,Scoring!$E$7,IF($H20=Scoring!$D$8,Scoring!$E$8,"")) -> 20 | J20: Same | K20: =IF($J20=Scoring!$J$9,Scoring!$K$9,IF($J20=Scoring!$J$10,Scoring!$K$10,IF($J20=Scoring!$J$11,Scoring!$K$11,""))) -> 5 | L20: No | M20: =IF($L20=Scoring!$D$12,Scoring!$G$12,IF($L20=Scoring!$D$13,Scoring!$G$13,"")) -> 0 | N20: =SUM(M20,K20,I20) -> 25 | O20: Yes | P20: =IF($O20=Scoring!$D$14,Scoring!$E$14,IF($O20=Scoring!$D$15,Scoring!$E$15,"")) -> 30 | Q20: Yes | R20: =IF($Q20=Scoring!$D$16,Scoring!$E$16,IF($Q20=Scoring!$D$17,Scoring!$E$17,IF($Q20=Scoring!$D$18,Scoring!$E$18,""))) -> 20 | S20: =SUM(R20,P20) -> 50 | T20: Yes | U20: =IF($T20=Scoring!$J$19,Scoring!$K$19,IF($T20=Scoring!$J$20,Scoring!$K$20,IF($T20=Scoring!$J$21,Scoring!$K$21,""))) -> 20 | V20: All of the above | W20: =IF($V20=Scoring!$J$28,Scoring!$K$28,IF($V20=Scoring!$J$29,Scoring!$K$29,IF($V20=Scoring!$J$30,Scoring!$K$30,IF($V20=Scoring!$J$31,Scoring!$K$31,IF($V20=Scoring!$J$32,Scoring!$K$32,IF($V20=Scoring!$J$33,Scoring!$K$33,IF($V20=Scoring!$J$34,Scoring!$K$34,""))))))) -> 50 | X20: Yes | Y20: =IF($X20=Scoring!$D$35,Scoring!$E$35,IF($X20=Scoring!$D$36,Scoring!$E$36,IF($X20=Scoring!$D$37,Scoring!$E$37,""))) -> 20 | Z20: Yes | AA20: =IF($Z20=Scoring!$D$38,Scoring!$G$38,IF($Z20=Scoring!$D$39,Scoring!$G$39,"")) -> 10 | AB20: =SUM(AA20,Y20) -> 30 | AC20: Yes | AD20: =IF($AC20=Scoring!$D$40,Scoring!$E$40,IF($AC20=Scoring!$D$41,Scoring!$E$41,IF($AC20=Scoring!$D$42,Scoring!$E$42,""))) -> 10 | AE20: Yes | AF20: =IF($AE20=Scoring!$D$46,Scoring!$E$46,IF($AE20=Scoring!$D$47,Scoring!$E$47,"")) -> 20 | AG20: Yes, between 2 - 3 | AH20: =IF($AG20=Scoring!$H$48,Scoring!$I$48,IF($AG20=Scoring!$H$49,Scoring!$I$49,IF($AG20=Scoring!$H$50,Scoring!$I$50,IF($AG20=Scoring!$H$51,Scoring!$I$51,"")))) -> 30 | AI20: Yes | AJ20: =IF($AI20=Scoring!$D$57,Scoring!$E$57,IF($AI20=Scoring!$D$58,Scoring!$E$58,"")) -> 30 | AK20: =SUM(AJ20,AH20,AF20,AD20,AB20,W20,U20,S20,N20,G20,EO20,EQ20,ES20) -> 305 | AL20: Yes | AM20: =IF($AL20=Scoring!$D$63,Scoring!$E$63,IF($AL20=Scoring!$D$64,Scoring!$E$64,"")) -> 20 | AN20: Not applicable | AO20: =IF($AN20=Scoring!$D$65,Scoring!$E$65,IF($AN20=Scoring!$D$66,Scoring!$E$66,IF($AN20=Scoring!$D$67,Scoring!$E$67,""))) -> 10 | AP20: Not applicable | AQ20: =IF($AP20=Scoring!$D$68,Scoring!$E$68,IF($AP20=Scoring!$D$69,Scoring!$E$69,IF($AP20=Scoring!$D$70,Scoring!$E$70,IF($AP20=Scoring!$D$71,Scoring!$E$71,"")))) -> 40 | AR20: Not applicable | AS20: =IF($AR20=Scoring!$D$72,Scoring!$E$72,IF($AR20=Scoring!$D$73,Scoring!$E$73,IF($AR20=Scoring!$D$74,Scoring!$E$74,""))) -> 30 | AT20: Not applicable | AU20: =IF($AT20=Scoring!$D$75,Scoring!$E$75,IF($AT20=Scoring!$D$76,Scoring!$E$76,IF($AT20=Scoring!$D$77,Scoring!$E$77,IF($AT20=Scoring!$D$78,Scoring!$E$78,IF($AT20=Scoring!$D$79,Scoring!$E$79,""))))) -> 30 | AV20: =SUM(AS20,AU20) -> 60 | AW20: n/a | AX20: =IF($AW20=Scoring!$D$82,Scoring!$K$82,"") -> n/a | AY20: =SUM(AX20,AV20,AQ20,AO20,AM20,EU20) -> 140 | AZ20: 1 | BA20: =IF($AZ20=Scoring!$J$85,Scoring!$K$85,IF($AZ20=Scoring!$J$86,Scoring!$K$86,IF($AZ20=Scoring!$J$87,Scoring!$K$87,IF($AZ20=Scoring!$J$88,Scoring!$K$88,IF($AZ20=Scoring!$J$89,Scoring!$K$89,IF($AZ20=Scoring!$J$89,Scoring!$K$89,IF($AZ20=Scoring!$J$89,Scoring!$K$89,""))))))) -> 30 | BB20: 1 | BC20: =IF($BB20=Scoring!$J$92,Scoring!$K$92,IF($BB20=Scoring!$J$93,Scoring!$K$93,IF($BB20=Scoring!$J$94,Scoring!$K$94,IF($BB20=Scoring!$J$95,Scoring!$K$95,IF($BB20=Scoring!$J$96,Scoring!$K$96,IF($BB20=Scoring!$J$97,Scoring!$K$97,IF($BB20=Scoring!$J$99,Scoring!$K$99,""))))))) -> 25 | BD20: Yes | BE20: =IF($BD20=Scoring!$D$100,Scoring!$E$100,IF($BD20=Scoring!$D$101,Scoring!$E$101,IF($BD20=Scoring!$D$102,Scoring!$E$102,""))) -> 15 | BF20: =SUM(BE20,BC20,BA20,EW20) -> 80 | BG20: =AK20+AY20+BF20 -> 525 | BH20: I don't know | BI20: =IF($BH20=Scoring!$D$108,Scoring!$E$108,IF($BH20=Scoring!$D$109,Scoring!$E$109,IF($BH20=Scoring!$D$110,Scoring!$E$110,IF($BH20=Scoring!$D$111,Scoring!$E$111,IF($BH20=Scoring!$D$112,Scoring!$E$112,IF($BH20=Scoring!$D$113,Scoring!$E$113,IF($BH20=Scoring!$D$114,Scoring!$E$114,IF($BH20=Scoring!$D$115,Scoring!$E$115,IF($BH20=Scoring!$D$116,Scoring!$E$116,IF($BH20=Scoring!$D$117,Scoring!$E$117,"")))))))))) -> 0 | BJ20: Yes | BK20: =IF($BJ20=Scoring!$D$118,Scoring!$E$118,IF($BJ20=Scoring!$D$119,Scoring!$E$119,"")) -> 40 | BL20: I don't know | BM20: =IF($BL20=Scoring!$D$120,Scoring!$E$120,IF($BL20=Scoring!$D$121,Scoring!$E$121,IF($BL20=Scoring!$D$122,Scoring!$E$122,IF($BL20=Scoring!$D$123,Scoring!$E$123,IF($BL20=Scoring!$D$124,Scoring!$E$124,""))))) -> 0 | BN20: I don't know | BO20: =IF($BN20=Scoring!$D$125,Scoring!$E$125,IF($BN20=Scoring!$D$126,Scoring!$E$126,IF($BN20=Scoring!$D$127,Scoring!$E$127,IF($BN20=Scoring!$D$128,Scoring!$E$128,IF($BN20=Scoring!$D$129,Scoring!$E$129,IF($BN20=Scoring!$D$130,Scoring!$E$130,IF($BN20=Scoring!$D$131,Scoring!$E$131,""))))))) -> 0 | BP20: I don't know | BQ20: =IF($BP20=Scoring!$J$133,Scoring!$K$133,IF($BP20=Scoring!$J$134,Scoring!$K$134,IF($BP20=Scoring!$J$135,Scoring!$K$135,IF($BP20=Scoring!$J$136,Scoring!$K$136,IF($BP20=Scoring!$J$137,Scoring!$K$137,IF($BP20=Scoring!$J$138,Scoring!$K$138,IF($BP20=Scoring!$J$139,Scoring!$K$139,IF($BP20=Scoring!$J$140,Scoring!$K$140,"")))))))) -> 0 | BR20: =SUM(BQ20,BO20,BM20) -> 0 | BS20: ? | CC20: Yes | CD20: =IF($CC20=Scoring!$D$151,Scoring!$G$151,IF($CC20=Scoring!$D$152,Scoring!$G$152,"")) -> 20 | CE20: Yes | CF20: =IF($CE20=Scoring!$D$153,Scoring!$K$153,IF($CE20=Scoring!$D$154,Scoring!$K$154,"")) -> 20 | CG20: No | CH20: =IF($CG20=Scoring!$D$155,Scoring!$G$155,IF($CG20=Scoring!$D$156,Scoring!$G$156,"")) -> 0 | CI20: Yes | CJ20: =IF($CI20=Scoring!$D$164,Scoring!$G$164,IF($CI20=Scoring!$D$165,Scoring!$G$165,"")) -> 20 | CK20: =SUM(CJ20,CH20,CF20,CD20,BR20,BK20,BI20,EY20,FA20,FC20) -> 135 | CL20: Yes | CM20: =IF($CL20=Scoring!$D$171,Scoring!$E$171,IF($CL20=Scoring!$D$172,Scoring!$E$172,"")) -> 30 | CN20: I don't know | CO20: =IF($CN20=Scoring!$D$173,Scoring!$E$173,IF($CN20=Scoring!$D$174,Scoring!$E$174,IF($CN20=Scoring!$D$175,Scoring!$E$175,IF($CN20=Scoring!$D$176,Scoring!$E$176,"")))) -> 0 | CP20: High | CQ20: =IF($CP20=Scoring!$D$177,Scoring!$E$177,IF($CP20=Scoring!$D$178,Scoring!$E$178,IF($CP20=Scoring!$D$179,Scoring!$E$179,IF($CP20=Scoring!$D$180,Scoring!$E$180,"")))) -> 50 | CR20: =SUM(CM20,CO20,CQ20) -> 80 | CS20: I don't know | CT20: =IF($CS20=Scoring!$D$183,Scoring!$E$183,IF($CS20=Scoring!$D$184,Scoring!$E$184,IF($CS20=Scoring!$D$185,Scoring!$E$185,IF($CS20=Scoring!$D$186,Scoring!$E$186,"")))) -> 0 | CU20: I don't know | CV20: =IF($CU20=Scoring!$D$183,Scoring!$E$183,IF($CU20=Scoring!$D$184,Scoring!$E$184,IF($CU20=Scoring!$D$185,Scoring!$E$185,IF($CU20=Scoring!$D$186,Scoring!$E$186,"")))) -> 0 | CW20: =SUM(CT20,CV20) -> 0 | CX20: No | CY20: =IF($CX20=Scoring!$D$193,Scoring!$E$193,IF($CX20=Scoring!$D$194,Scoring!$E$194,IF($CX20=Scoring!$D$195,Scoring!$E$195,""))) -> 0 | CZ20: Yes | DA20: =IF($CZ20=Scoring!$D$196,Scoring!$E$196,IF($CZ20=Scoring!$D$197,Scoring!$E$197,IF($CZ20=Scoring!$D$198,Scoring!$E$198,""))) -> 30 | DB20: Yes | DC20: =IF($DB20=Scoring!$D$199,Scoring!$E$199,IF($DB20=Scoring!$D$200,Scoring!$E$200,IF($DB20=Scoring!$D$201,Scoring!$E$201,""))) -> 20 | DD20: Marginal (Zero) Cost Model | DE20: =IF($DD20=Scoring!$D$202,Scoring!$E$202,IF($DD20=Scoring!$D$203,Scoring!$E$203,IF($DD20=Scoring!$D$204,Scoring!$E$204,IF($DD20=Scoring!$D$205,Scoring!$E$205,"")))) -> 30 | DF20: =SUM(CY20,DA20,DC20,DE20) -> 80 | DG20: =CR20+CW20+DF20 -> 160 | DH20: =DG20+CK20+BG20 -> 820 | DI20: Yes | DJ20: =IF($DI20=Scoring!$D$219,Scoring!$E$219,IF($DI20=Scoring!$D$220,Scoring!$E$220,"")) -> 20 | DK20: No | DL20: =IF($DK20=Scoring!$D$221,Scoring!$E$221,IF($DK20=Scoring!$D$222,Scoring!$E$222,"")) -> 0 | DM20: Yes | DN20: =IF($DM20=Scoring!$D$223,Scoring!$E$223,IF($DM20=Scoring!$D$224,Scoring!$E$224,"")) -> 10 | DO20: Yes | DP20: =IF($DO20=Scoring!$D$225,Scoring!$E$225,IF($DO20=Scoring!$D$226,Scoring!$E$226,"")) -> 10 | DQ20: =SUM($DP20,$DN20,$DL20,$DJ20,$FE20,$FG20,$FI20,$FK20) -> 60 | DR20: No | DS20: =IF($DR20=Scoring!$D$237,Scoring!$E$237,IF($DR20=Scoring!$D$238,Scoring!$E$238,"")) -> 0 | DT20: ≥ 90% | DU20: =IF($DT20=Scoring!$D$240,Scoring!$E$240,IF($DT20=Scoring!$D$241,Scoring!$E$241,IF($DT20=Scoring!$D$242,Scoring!$E$242,IF($DT20=Scoring!$D$243,Scoring!$E$243,IF($DT20=Scoring!$D$244,Scoring!$E$244,IF($DT20=Scoring!$D$245,Scoring!$E$245,IF($DT20=Scoring!$D$246,Scoring!$E$246,""))))))) -> 60 | DV20: Yes | DW20: =IF($DV20=Scoring!$D$247,Scoring!$E$247,IF($DV20=Scoring!$D$248,Scoring!$E$248,"")) -> 20 | DX20: Yes | DY20: =IF($DX20=Scoring!$D$249,Scoring!$E$249,IF($DX20=Scoring!$D$250,Scoring!$E$250,"")) -> 20 | DZ20: Yes | EA20: =IF($DZ20=Scoring!$D$251,Scoring!$E$251,IF($DZ20=Scoring!$D$252,Scoring!$E$252,"")) -> 10 | EB20: No | EC20: =IF($EB20=Scoring!$D$253,Scoring!$E$253,IF($EB20=Scoring!$D$254,Scoring!$E$254,"")) -> 0 | ED20: =SUM(EC20,EA20,DY20,DW20,DU20,DS20) -> 110 | EE20: Yes | EF20: =IF($EE20=Scoring!$D$257,Scoring!$E$257,IF($EE20=Scoring!$D$258,Scoring!$E$258,"")) -> 20 | EG20: Yes | EH20: =IF($EG20=Scoring!$D$259,Scoring!$E$259,IF($EG20=Scoring!$D$260,Scoring!$E$260,"")) -> 15 | EI20: No | EJ20: =IF($EI20=Scoring!$D$261,Scoring!$E$261,IF($EI20=Scoring!$D$262,Scoring!$E$262,"")) -> 0 | EK20: =SUM(EJ20,EH20,EF20) -> 35 | EL20: =EK20+ED20+DQ20 -> 205 | EM20: =SUM(EL20,DH20) -> 1025 | EN20: <25% | EO20: =IF($EN20=Scoring!$D$22,Scoring!$K$22,IF($EN20=Scoring!$D$23,Scoring!$K$23,IF($EN20=Scoring!$D$24,Scoring!$K$24,IF($EN20=Scoring!$D$25,Scoring!$K$25,IF($EN20=Scoring!$D$26,Scoring!$K$26,IF($EN20=Scoring!$D$27,Scoring!$K$27,"")))))) -> 0 | EP20: Yes | EQ20: =IF($EP20=Scoring!$D$43,Scoring!$K$43,IF($EP20=Scoring!$D$44,Scoring!$K$44,IF($EP20=Scoring!$D$45,Scoring!$K$45,""))) -> 10 | ER20: Civil society/not for profit/universities | ES20: =IF($ER20=Scoring!$D$52,Scoring!$K$52,IF($ER20=Scoring!$D$53,Scoring!$K$53,IF($ER20=Scoring!$D$54,Scoring!$K$54,IF($ER20=Scoring!$D$55,Scoring!$K$55,IF($ER20=Scoring!$D$56,Scoring!$K$56,""))))) -> 10 | ET20: Yes | EU20: =IF($ET20=Scoring!$D$80,Scoring!$K$80,IF($ET20=Scoring!$D$81,Scoring!$K$81,"")) -> 10 | EV20: Yes | EW20: =IF($EV20=Scoring!$D$103,Scoring!$K$103,IF($EV20=Scoring!$D$104,Scoring!$K$104,IF($EV20=Scoring!$D$105,Scoring!$K$105,""))) -> 10 | EX20: Yes | EY20: =IF($EX20=Scoring!$D$157,Scoring!$K$157,IF($EX20=Scoring!$D$158,Scoring!$K$158,IF($EX20=Scoring!$D$159,Scoring!$K$159,""))) -> 15 | EZ20: Yes, very much | FA20: =IF($EZ20=Scoring!$J$160,Scoring!$K$160,IF($EZ20=Scoring!$J$161,Scoring!$K$161,IF($EZ20=Scoring!$J$162,Scoring!$K$162,IF($EZ20=Scoring!$J$163,Scoring!$K$163,"")))) -> 10 | FB20: Yes | FC20: =IF($FB20=Scoring!$D$166,Scoring!$K$166,IF($FB20=Scoring!$D$167,Scoring!$K$167,"")) -> 10 | FD20: No | FE20: =IF($FD20=Scoring!$D$227,Scoring!$K$227,IF($FD20=Scoring!$D$228,Scoring!$K$228,"")) -> 0 | FF20: Yes | FG20: =IF($FF20=Scoring!$D$229,Scoring!$K$229,IF($FF20=Scoring!$D$230,Scoring!$K$230,"")) -> 10 | FH20: Yes | FI20: =IF($FH20=Scoring!$D$231,Scoring!$K$231,IF($FH20=Scoring!$D$232,Scoring!$K$232,"")) -> 5 | FJ20: Yes | FK20: =IF($FJ20=Scoring!$D$233,Scoring!$K$233,IF($FJ20=Scoring!$D$234,Scoring!$K$234,"")) -> 5 | FL20: =SUM(EO20,EQ20,ES20,EU20,EW20,EY20,FA20,FC20,FE20,FI20,FK20) -> 85 | FS20: No answer | FU20: No answer
